Workbook
Name index: Índex!$B$57:$B$77
Name index: #REF!
Name indicadors: Índex!$B$8:$B$77
Name indicadors: #REF!
Name Indivadors2: Índex!$B$8:$B$106
Name Indivadors2: #REF!
Name PE01_Ind01: Índex!$B$8
Name PE01_Ind01: #REF!
Name PS01b_Ind01: #REF!

Sheet Índex
B2: Facultat de Filosofia i Lletres | D2: Catàleg d'Indicadors del SGIQ de la Facultat de Filosofia i Lletres (UAB)
B6: Codi SGIQ | C6: Nom | D6: Responsable del procés | E6: Responsable de la gestió | F6: Fita | G6: Processos vinculats | H6: Indicador Estratègic | I6: Classificació per objecte d'anàlisi | J6: Observacions
B7: PE01_Ind01 (PE 2021-24) | C7: ='PE01_Ind01 PE2021-24'!H4 -> Grau d’assoliment dels objectius de Qualitat docent de la Facultat de Filosofia i Lletres | D7: ='PE01_Ind01 PE2021-24'!D7 -> Degà o Degana | E7: ='PE01_Ind01 PE2021-24'!H7 -> Gestor/a de Qualitat | F7: ='PE01_Ind01 PE2021-24'!D5 -> Assolir o millorar el 80% o més dels indicadors estratègics del quadre de comandament | G7: ='PE01_Ind01 PE2021-24'!D8 -> PE01. Definició de la política. objectius de Qualitat i retiment de comptes | H7: ESTRATÈGIC | I7: Indicador d'Avaluació de Procediments | J7: ='PE01_Ind01 PE2021-24'!B13 -> Pla Estratègic de la Facultat de Filosofia i Lletres 2021-2024
B8: PE01_Ind01 (PE 2024-30) | C8: ='PE01_Ind01 PE2021-24'!H4 -> Grau d’assoliment dels objectius de Qualitat docent de la Facultat de Filosofia i Lletres | D8: ='PE01_Ind01 PE2021-24'!D7 -> Degà o Degana | E8: ='PE01_Ind01 PE2021-24'!H7 -> Gestor/a de Qualitat | F8: ='PE01_Ind01 PE2021-24'!D5 -> Assolir o millorar el 80% o més dels indicadors estratègics del quadre de comandament | G8: ='PE01_Ind01 PE2021-24'!D8 -> PE01. Definició de la política. objectius de Qualitat i retiment de comptes | H8: ESTRATÈGIC | I8: Indicador d'Avaluació de Procediments | J8: ='PE01_Ind01 PE2024-30'!B13 -> Pla Estratègic de la Facultat de Filosofia i Lletres 2024-2030
B9: PE02_Ind01 | C9: =PE02_Ind01!H4 -> Nombre i estat de les millores del Pla de Millores segons origen | D9: =PE02_Ind01!D7 -> Vicedegà/ana de Qualitat i Pla Estratègic i coordinador del SGIQ | E9: =PE02_Ind01!H7 -> Gestor/a de Qualitat | F9: =PE02_Ind01!D5 -> Resoldre el 90% o més de les propostes de millora en un màxim de 3 anys | G9: =PE02_Ind01!D8 -> PE02. Definició. Desplegament i Seguiment del Sistema de Garantia Interna de Qualitat (SGIQ) | H9: ESTRATÈGIC | I9: Indicador d'Avaluació de Procediments
B10: PE03_Ind03 | C10: =PE03_Ind03!H4 -> Nombre de propostes de noves titulacions verificades respecte de les proposades | D10: =PE03_Ind08!D7 -> Degà o Degana | E10: =PE03_Ind03!H7 -> Gestor/a de Qualitat | F10: =PE03_Ind03!D5 -> Assolir el 100% de noves titulacions verificades respecte de les proposades. en 1a o ss. Avaluacions | G10: =PE03_Ind03!D8 -> PE03. Disseny. Creació i Extinció de titulacions. Mapa de titulacions | H10: ESTRATÈGIC | I10: Indicador d'Avaluació de Procediments
B11: PE03_Ind08 | C11: =PE03_Ind08!H4 -> Nombre de titulacions interfacultatives (amb l'any d'implementació) i/o interuniversitàries | D11: =PE03_Ind08!D7 -> Degà o Degana | E11: =PE03_Ind08!H7 -> Gestor/a de Qualitat | F11: =PE03_Ind08!D5 -> Mantenir l'oferta de titulacions interfacultatives i interuniversitàries | G11: =PE03_Ind08!D8 -> PE03. Disseny. Creació i Extinció de titulacions. Mapa de titulacions | I11: Indicador de Seguiment de Resultats
B12: PE04_Ind01 | C12: =PE04_Ind01!H4 -> Hores HIDA impartides als graus per professorat amb titulació de doctor | D12: =PE04_Ind01!D7 -> Degà o Degana | E12: =PE04_Ind01!H7 -> Gestor/a de Qualitat | F12: =PE04_Ind01!D5 -> Mantenir o superar el nivell 80% i sempre per sobre del 50% establert al RD 640/2021 | G12: =PE04_Ind01!D8 -> PE04. Política i Gestió del PDI | I12: Indicador de Seguiment de Resultats
B13: PE04_Ind02 | C13: =PE04_Ind02!H4 -> Hores HIDA impartides als graus per categoria laboral de professorat | D13: =PE04_Ind02!D7 -> Degà o Degana | E13: =PE04_Ind02!H7 -> Gestor/a de Qualitat | F13: =PE04_Ind02!D5 -> Assolir ≥ 60% PDI permanent+lector i progressar fins al 65% | G13: =PE04_Ind02!D8 -> PE04. Política i Gestió del PDI | I13: Indicador de Seguiment de Resultats
B14: PE04_Ind03 | C14: =PE04_Ind03!H4 -> Participació del professorat en cursos de formació per a personal docent de la UAB | D14: =PE04_Ind03!D7 -> Degà o Degana | E14: =PE04_Ind03!H7 -> Gestor/a de Qualitat | F14: =PE04_Ind03!D5 -> Assolir una ratio participacions/professorat superior a 3 | G14: =PE04_Ind03!D8 -> PE04. Política i Gestió del PDI | I14: Indicador d'Avaluació de Procediments
B15: PE04_Ind08 | C15: =PE04_Ind08!H4 -> Percentatge de professorat avaluat favorablement en relació al total d’avaluats | D15: =PE04_Ind08!D7 -> Degà o Degana | E15: =PE04_Ind08!H7 -> Secretaria de Deganat | F15: =PE04_Ind08!D5 -> Incrementar fins al 100% d'avaluats favorablement. mantenint una proporció superior al 90% | G15: =PE04_Ind08!D8 -> PE04. Política i Gestió del PDI | H15: ESTRATÈGIC | I15: Indicador d'Avaluació de Procediments
B16: PE04_Ind09 | C16: =PE04_Ind09!G4 -> Percentatge de professorat amb qualificació A a tots els indicadors avaluats i amb qualificació A en quatre dels cinc ítems | D16: =PE04_Ind09!D7 -> Degà o Degana | E16: =PE04_Ind09!G7 -> Gestor/a de Qualitat | F16: =PE04_Ind09!D5 -> Mantenir valors iguals o superiors UAB | G16: =PE04_Ind09!D8 -> PE04. Política i Gestió del PDI | I16: Indicador d'Avaluació de Procediments
B17: PE04_Ind10 | C17: =PE04_Ind10!H4 -> Nombre i percentatge de professorat dels departaments adscrits a la Facultat amb tram viu de docència | D17: =PE04_Ind10!D7 -> Degà o Degana | E17: =PE04_Ind10!H7 -> Secretaria de Deganat | F17: =PE04_Ind10!D5 -> Mantenir la proporció sobre del 80% del professor permanent + lectors | G17: =PE04_Ind10!D8 -> PE04. Política i Gestió del PDI | I17: Indicador d'Avaluació de Procediments
B18: PE04_Ind12 | C18: =PE04_Ind12!H4 -> Hores HIDA de professorat permanent a primer curs de grau | D18: =PE04_Ind12!D7 -> Degà o Degana | E18: =PE04_Ind12!H7 -> Gestor/a de Qualitat | F18: =PE04_Ind12!D5 -> Objectiu ideal: 70%. Objectiu operatiu a curt i mig termini: Aconseguir que totes les titulacions assoleixin almenys el 50% de PDI permanent a curt termini. i progressar cap al 60% com a fita d’excel·lència. | G18: =PE04_Ind12!D8 -> PE04. Política i Gestió del PDI | I18: Indicador de Seguiment de Resultats
B19: PE04_Ind13 | C19: =PE04_Ind13!H4 -> Distribució relativa i dinàmica temporal del professorat per gènere segons categoria | D19: =PE04_Ind13!D7 -> Degà o Degana | E19: =PE04_Ind13!H7 -> Gestor/a de Qualitat | F19: =PE04_Ind13!D5 -> Mantenir el percentatge de dones en el PDI permanent+lector dins la franja 40–50%. com a mínim | G19: =PE04_Ind13!D8 -> PE04. Política i Gestió del PDI | I19: Indicador d'Avaluació de Procediments
B20: PE05_Ind02 | C20: Percentatge de mesures correctores executades derivades de les avaluacions de riscos laborals | D20: =PE05_Ind02!D7 -> Administrador o administradora de Centre | E20: =PE05_Ind02!H7 -> Administrador o administradora de Centre | F20: =PE05_Ind02!D5 -> Mantenir el nivell 80% | G20: =PE05_Ind02!D8 -> PE05. Política i gestió del PTGAS | H20: ESTRATÈGIC | I20: Indicador d'Avaluació de Procediments
B21: PE05_Ind03 | C21: =PE05_Ind03!H4 -> Nombre d'hores de formació rebudes pel PTGAS de la Facultat | D21: =PE05_Ind03!D7 -> Administador o Administradora de Centre | E21: =PE05_Ind03!H7 -> Administador o Administradora de Centre | F21: =PE05_Ind03!D5 -> Mantenir per sobre de 5000 hores i 500 participacions | G21: =PE05_Ind03!D8 -> PE05. Política i gestió del PTGAS | I21: Indicador d'Avaluació de Procediments
B22: PC01_Ind01 | C22: =PC01_Ind01!H4 -> Via d'Accés de l'Alumnat de grau | D22: =PC01_Ind01!D7 -> Vicedegà/ana de Qualitat i Pla Estratègic i coordinador del SGIQ | E22: =PC01_Ind01!H7 -> Gestor/a de Qualitat | F22: =PC01_Ind01!D5 -> Mantenir l'alumnat que prové de les PAU per sobre del 70 % | G22: =PC01_Ind01!D8 -> PC01. Definició de perfils d'ingrés. graduació i accés als estudis | I22: Indicador d'Avaluació de Procediments
B23: PC01_Ind02a | C23: =PC01_Ind02a!H4 -> Nombre de màsters que superen els 20 estudiants de nou accés | D23: =PC01_Ind02a!D7 -> Vicedegà/ana de Qualitat i Pla Estratègic i coordinador del SGIQ | E23: =PC01_Ind02a!H7 -> Gestor/a de Qualitat | F23: =PC01_Ind02a!D5 -> Incrementar fins al 80 % els màster eficients > 20 alumnes. Superar 20 persones en la mitjana d'entrada per màster | G23: =PC01_Ind02a!D8 -> PC01. Definició de perfils d'ingrés. graduació i accés als estudis | I23: Indicador d'Avaluació de Procediments
B24: PC01_Ind02e | C24: =PC01_Ind02e!H4 -> Percentatge d’admesos als màsters sobre sol·licituds rebudes | D24: =PC01_Ind02e!D7 -> Vicedegà/ana de Qualitat i Pla Estratègic i coordinador del SGIQ | E24: =PC01_Ind02e!H7 -> Gestor/a de Qualitat | F24: =PC01_Ind02e!D5 -> Mantenir valor mínim 65% | G24: =PC01_Ind02e!D8 -> PC01. Definició de perfils d'ingrés. graduació i accés als estudis | I24: Indicador d'Avaluació de Procediments
B25: PC01_Ind03b | C25: =PC01_Ind03b!H4 -> Percentatge d’estudiants matriculats en primera preferència | D25: =PC01_Ind03b!D7 -> Vicedegà/ana de Qualitat i Pla Estratègic i coordinador del SGIQ | E25: =PC01_Ind03b!H7 -> Gestor/a de Qualitat | F25: =PC01_Ind03b!D5 -> Mantenir per sobre del 85 % la matrícula en primera opció de les titulacions de grau | G25: =PC01_Ind03b!D8 -> PC01. Definició de perfils d'ingrés. graduació i accés als estudis | I25: Indicador d'Avaluació de Procediments
B26: PC01_Ind05 | C26: =PC01_Ind05!H4 -> Satisfacció sobre si la formació rebuda m’ha permès millorar les competències personals (Enquesta de satisfacció dels graduats i graduades) | D26: =PC01_Ind05!D7 -> Vicedegà/ana de Qualitat i Pla Estratègic i coordinador del SGIQ | E26: =PC01_Ind05!H7 -> Gestor/a de Qualitat | F26: =PC01_Ind05!D5 -> Valor referència: >3.75. Evolució positiva >3.55. Seguiment: >3.4. Negatiu: <3.4 | G26: =PC01_Ind05!D8 -> PC01. Definició de perfils d'ingrés. graduació i accés als estudis | I26: Indicador d'Avaluació de Procediments | J26: A partir 23/24 agafem dades satisfacció titulació
B27: PC01_Ind06 | C27: =PC01_Ind06!H4 -> Satisfacció sobre si la formació rebuda m’ha permès millorar les capacitats per a l’activitat professional (Enquesta de satisfacció dels graduats i graduades) | D27: =PC01_Ind06!D7 -> Vicedegà/ana de Qualitat i Pla Estratègic i coordinador del SGIQ | E27: =PC01_Ind06!H7 -> Gestor/a de Qualitat | F27: =PC01_Ind06!D5 -> Valor referència: >3.75. Seguiment: 3.4-3.75. Valor negatiu: <3.4 | G27: =PC01_Ind06!D8 -> PC01. Definició de perfils d'ingrés. graduació i accés als estudis | I27: Indicador d'Avaluació de Procediments
B28: PC01_Ind07 | C28: =PC01_Ind07!G4 -> Distribució per gènere dels estudiants totals i de nou ingrés de graus i màsters (pes dones) | D28: =PC01_Ind07!C7 -> Vicedegà/ana de Qualitat i Pla Estratègic i coordinador del SGIQ | E28: =PC01_Ind07!G7 -> Gestor/a de Qualitat | F28: =PC01_Ind07!C5 -> Reduir les titulacions amb desequilibri de gènere (>75%) per sota del 30% del total | G28: =PC01_Ind07!C8 -> PC01. Definició de perfils d'ingrés. graduació i accés als estudis | I28: Indicador d'Avaluació de Procediments
B29: PC01_Ind08 | C29: =PC01_Ind08!H4 -> Taxa de graduació per gènere dels graus | D29: =PC01_Ind08!D7 -> Vicedegà/ana de Qualitat i Pla Estratègic i coordinador del SGIQ | E29: =PC01_Ind08!H7 -> Gestor/a de Qualitat | F29: =PC01_Ind08!D5 -> Reduir la diferència de la taxa de graduació entre dones i homes per sota de 5 punts percentuals | G29: =PC01_Ind08!D8 -> PC01. Definició de perfils d'ingrés. graduació i accés als estudis | I29: Indicador de Seguiment de Resultats
B30: PC01_Ind09 | C30: =PC01_Ind09!H4 -> Perfil d'accés a grau: Nota de tall i nota mitjana | D30: =PC01_Ind09!D7 -> Vicedegà/ana de Qualitat i Pla Estratègic i coordinador del SGIQ | E30: =PC01_Ind09!H7 -> Gestor/a de Qualitat | F30: =PC01_Ind09!D5 -> Superar 8 de nota mitjana dels estudiants que accedeixen i no baixar de 7.25 (mitjana SUC) | G30: =PC01_Ind09!D8 -> PC01. Definició de perfils d'ingrés. graduació i accés als estudis | I30: Indicador de Seguiment de Resultats
B31: PC02a_Ind01 | C31: =PC02a_Ind01!H4 -> Percentatge d’ocupació de l’aulari per franges horàries | D31: =PC02a_Ind01!D7 -> Vicedegà/ana d’Estudis de Grau i d’Innovació Docent | E31: =PC02a_Ind01!H7 -> Gestió Acadèmica (Programació Docent) | F31: =PC02a_Ind01!D5 -> Assolir de manera estable: Ocup.mitj: 70-80%. cap franja >85% | G31: =PC02a_Ind01!D8 -> PC02a Programació docent de les assignatures | I31: Indicador d'Avaluació de Procediments
B32: PC02a_Ind03 | C32: =PC02a_Ind03!H4 -> Ràtio programada de les titulacions de grau vs, Ràtio teòrica | D32: =PC02a_Ind03!D7 -> Vicedegà/ana d’Estudis de Grau i d’Innovació Docent | E32: =PC02a_Ind03!H7 -> Gestió acadèmica (programació docent) | F32: =PC02a_Ind03!D5 -> Mantenir la ràtio programada mitjana de la FFiL en un interval sostenible entre 14-15 | G32: =PC02a_Ind03!D8 -> PC02a Programació docent de les assignatures | I32: Indicador d'Avaluació de Procediments
B33: PC02a_Ind04 | C33: =PC02a_Ind04!H4 -> Nombre d’assignatures que imparteixen docència en anglès, per titulacions | D33: =PC02a_Ind04!D7 -> Vicedegà/ana d’Estudis de Grau i d’Innovació Docent | E33: =PC02a_Ind04!H7 -> Gestor programació docent | F33: =PC02a_Ind04!D5 -> Mantenir una xifra igual o superior a 5 | G33: =PC02a_Ind04!D8 -> PC02a Programació docent de les assignatures | I33: Indicador d'Avaluació de Procediments
B34: PC02b_Ind01 | C34: =PC02b_Ind01!H4 -> Nombre i percentatge (respecte al total d’assignatures programades dels estudis) de guies docents fetes públiques | D34: =PC02b_Ind01!D7 -> Vicedegà/ana d’Estudis de Postgrau i responsable de Política Lingüística | E34: =PC02b_Ind01!H7 -> Gestor/a de Qualitat | F34: =PC02b_Ind01!D5 -> Publicació 100 % guies docents. mantenint sempre l'indicador per sobre 90% | G34: =PC02b_Ind01!D8 -> PC02b. Gestió de les guies docents | I34: Indicador d'Avaluació de Procediments
B35: PC02b_Ind02 | C35: =PC02b_Ind02!H4 -> Nombre d’estudis que inclouen la perspectiva de gènere en els resultats d’aprenentatge | D35: =PC02b_Ind02!D7 -> Vicedegà/ana d’Estudis de Postgrau i responsable de Política Lingüística | E35: =PC02b_Ind02!H7 -> Gestor/a de Qualitat | F35: =PC02b_Ind02!D5 -> Assolir 100% de titulacions amb perspectiva de gènere en els RAs | G35: =PC02b_Ind02!D8 -> PC02b. Gestió de les guies docents | I35: Indicador d'Avaluació de Procediments
B36: PC03a_Ind01 | C36: =PC03a_Ind01!H4 -> Nombre i percentatge de titulacions que ofereixen una assignatura de PE, caràcter (OB o OT) de l’assignatura i nombre de crèdits | D36: =PC03a_Ind01!D7 -> Vicedegà/ana d’Ocupabilitat. Mobilitat Internacional i Cultura | E36: =PC03a_Ind01!H7 -> Gestor/a de Qualitat | F36: =PC03a_Ind01!D5 -> 100% en el cas de graus. Màsters: Incorporar assign. PE sempre que sigui factible | G36: =PC03a_Ind01!D8 -> Procés PC03a. Gestió de les pràctiques | H36: ESTRATÈGIC | I36: Indicador d'Avaluació de Procediments
B37: PC03a_Ind02 | C37: =PC03a_Ind02!H4 -> Nombre d’alumnes de Grau matriculats en pràctiques del total d’estudiants que arriben al final dels estudis | D37: =PC03a_Ind02!D7 -> Vicedegà/ana d’Ocupabilitat. Mobilitat Internacional i Cultura | E37: =PC03a_Ind02!H7 -> Gestor/a de Qualitat | F37: =PC03a_Ind02!D5 -> Incrementar fins el 40 % de l'alumnat candidat a les PE i no baixar del 35% en l'agregat | G37: =PC03a_Ind02!D8 -> Procés PC03a. Gestió de les pràctiques | H37: ESTRATÈGIC | I37: Indicador de Seguiment de Resultats
B38: PC03a_Ind04 | C38: =PC03a_Ind04!G4 -> Nombre i percentatge d’alumnes matriculats en pràctiques OT de màster | D38: =PC03a_Ind04!C7 -> Vicedegà/ana d’Ocupabilitat. Mobilitat Internacional i Cultura | E38: =PC03a_Ind04!G7 -> Gestor/a de Qualitat | F38: =PC03a_Ind04!C5 -> Consolidar un 65% de matriculació a les PEXT optatives i no baixar del 50% | G38: =PC03a_Ind04!C8 -> Procés PC03a. Gestió de les pràctiques | H38: ESTRATÈGIC | I38: Indicador de Seguiment de Resultats
B39: PC03a_Ind05 | C39: =PC03a_Ind05!J4 -> Grau de satisfacció de les persones titulades sobre “si les pràctiques externes m’han permès aplicar els coneixements adquirits durant la titulació” | D39: =PC03a_Ind05!D7 -> Vicedegà/ana d’Ocupabilitat. Mobilitat Internacional i Cultura | E39: =PC03a_Ind05!J7 -> Gestor/a de Qualitat | F39: =PC03a_Ind05!D5 -> Valor referència: >3.75. Evolució positiva >3.55. Seguiment: >3.4. Negatiu: <3.4 | G39: =PC03a_Ind05!D8 -> Procés PC03a. Gestió de les pràctiques | I39: Indicador d'Avaluació de Procediments
B40: PC03b_Ind01 | C40: =PC03b_Ind01!J4 -> Grau de satisfacció de les persones titulades que han realitzat el TFE | D40: =PC03b_Ind01!D7 -> Vicedegà/ana d’Estudis de Grau i d’Innovació Docent | E40: =PC03b_Ind01!J7 -> Gestor/a de Qualitat | F40: =PC03b_Ind01!D5 -> Valor correcte: >3.75. Seguiment: 3.4-3.75. Valor negatiu: <3.4 | G40: =PC03b_Ind01!D8 -> PC03b. Gestió dels treballs de finals d'estudis (TFE) | I40: Indicador d'Avaluació de Procediments
B41: PC03b_Ind02 | C41: =PC03b_Ind02!H4 -> Nombre de titulacions que disposen de rúbriques de TFE | D41: =PC03b_Ind02!D7 -> Vicedegà/ana d’Estudis de Grau i d’Innovació Docent | E41: =PC03b_Ind02!H7 -> Gestor/a de Qualitat | F41: =PC03b_Ind02!D5 -> Objectiu 100% | G41: =PC03b_Ind02!D8 -> PC03b. Gestió dels treballs de finals d'estudis (TFE) | I41: Indicador d'Avaluació de Procediments
B42: PC03b_Ind03 | C42: =PC03b_Ind03!H4 -> Nombre de titulacions que publiquen els TFE al DDD | D42: =PC03b_Ind03!D7 -> Vicedegà/ana d’Estudis de Grau i d’Innovació Docent | E42: =PC03b_Ind03!H7 -> Gestor/a de Qualitat | F42: =PC03b_Ind03!D5 -> Assolir el 100% de titulacions que publiquen TFE al DDD | G42: =PC03b_Ind03!D8 -> PC03b. Gestió dels treballs de finals d'estudis (TFE) | I42: Indicador d'Avaluació de Procediments
B43: PC03b_Ind04 | C43: =PC03b_Ind04!H4 -> Taxes de rendiment i d'èxit dels TFE | D43: =PC03b_Ind04!D7 -> Vicedegà/ana d’Estudis de Grau i d’Innovació Docent | E43: =PC03b_Ind04!H7 -> Gestor/a de Qualitat | F43: =PC03b_Ind04!D5 -> Mantenir una taxa de rendiment ≥85% i una taxa d’èxit ≥90% en els TFE dels graus .I una taxa de rendiment ≥90% i una taxa d’èxit ≥95% en els TFE dels màsters | G43: =PC03b_Ind04!D8 -> PC03b. Gestió dels treballs de finals d'estudis (TFE) | I43: Indicador de Seguiment de Resultats
B44: PC03b_Ind05 | C44: =PC03b_Ind05!H4 -> Nombre de TFE amb sistema ApS | D44: =PC03b_Ind05!D7 -> Vicedegà/ana d’Estudis de Grau i d’Innovació Docent | E44: =PC03b_Ind05!H7 -> Gestor/a de Qualitat | F44: =PC03b_Ind05!D5 -> Incrementar la xifra de TFE amb sistema ApS. mantenint la xifra en 5 o més anualment | G44: =PC03b_Ind05!D8 -> PC03b Gestió dels treballs de finals d'estudis (TFE) | H44: ESTRATÈGIC | I44: Indicador de Seguiment de Resultats
B45: PC04_Ind01 | C45: =PC04_Ind01!H4 -> Nombre de persones inscrites i assistents a les Jornades de Portes Obertes i relació amb la matriculació de primer curs, desglossat per Grau | D45: =PC04_Ind01!D7 -> Vicedegà d’Alumnat. Promoció i Difusió | E45: =PC04_Ind01!H7 -> Gestor/a de Qualitat | F45: =PC04_Ind01!D5 -> Mantenir una relació de matriculació/assistència a les JPO ≥ 70%. com a indicador d’efectivitat de les accions de promoció i orientació | G45: =PC04_Ind01!D8 -> PC04, Orientació a l'alumnat | I45: Indicador de Seguiment de Resultats
B46: PC04_Ind02 | C46: =PC04_Ind02!H4 -> Nombre de professorat de la FFiL participant al Saló de l’Ensenyament i a les Fires Virtuals de Màsters | D46: =PC04_Ind02!D7 -> Vicedegà/ana d’Alumnat. Promoció i Difusió | E46: =PC04_Ind02!H7 -> Gestor/a de Qualitat | F46: =PC04_Ind02!D5 -> Mantenir alta participació del professorat en les activitats | G46: =PC04_Ind02!D8 -> PC04, Orientació a l'alumnat | I46: Indicador d'Avaluació de Procediments
B47: PC04_Ind03 | C47: =PC04_Ind03!H4 -> Nombre de participants en el Dia de les Famílies per a la visita a la FFiL | D47: =PC04_Ind03!D7 -> Vicedegà/ana d’Alumnat. Promoció i Difusió | E47: =PC04_Ind03!H7 -> Gestor/a de Qualitat | F47: =PC04_Ind03!D5 -> Millorar impacte | G47: =PC04_Ind03!D8 -> PC04, Orientació a l'alumnat | I47: Indicador d'Avaluació de Procediments
B48: PC04_Ind04 | C48: =PC04_Ind04!H4 -> Nombre de professorat participant en el programa Argó | D48: =PC04_Ind04!D7 -> Vicedegà/ana d’Alumnat. Promoció i Difusió | E48: =PC04_Ind04!H7 -> Gestor/a de Qualitat | F48: =PC04_Ind04!D5 -> Situar-se a prop de la xifra del curs 2018-2019 (>40) | G48: =PC04_Ind04!D8 -> PC04. Orientació a l'alumnat | I48: Indicador d'Avaluació de Procediments
B49: PC04_Ind05 | C49: =PC04_Ind05!F4 -> Nombre de centres de secundària i de persones participants en les activitats formatives per a centres de secundària | D49: =PC04_Ind05!D7 -> Vicedegà/ana d’Alumnat. Promoció i Difusió | E49: =PC04_Ind05!F8 -> Gestor/a de Qualitat | F49: =PC04_Ind05!D5 -> Situar-se al voltant de la xifra de 2022-2023 (10 centres o 100 estudiants) | G49: =PC04_Ind05!D8 -> PC04. Orientació a l'alumnat | H49: ESTRATÈGIC | I49: Indicador d'Avaluació de Procediments
B50: PC04_Ind08 | C50: =PC04_Ind08!H4 -> Visites de professors de la UAB a centres de secundària i ens locals o comarcals | D50: =PC04_Ind08!D7 -> Vicedegà/ana d’Alumnat. Promoció i Difusió | E50: =PC04_Ind08!H7 -> Gestor/a de Qualitat | F50: =PC04_Ind08!D5 -> Mantenir o incrementar la participació de professorat | G50: =PC04_Ind08!D8 -> PC04. Orientació a l'alumnat | H50: ESTRATÈGIC | I50: Indicador d'Avaluació de Procediments
B51: PC04_Ind09 | C51: =PC04_Ind09!H4 -> Nombre d’assistents a les xerrades que formen part de la Fira de Mínors de la Facultat | D51: =PC04_Ind09!D7 -> Vicedegà/ana d’Alumnat. Promoció i Difusió | E51: =PC04_Ind09!H7 -> Gestor/a de Qualitat | F51: =PC04_Ind09!D5 -> Mantenir o incrementar l'assistència | G51: =PC04_Ind09!D8 -> PC04. Orientació a l'alumnat | I51: Indicador d'Avaluació de Procediments
B52: PC04_Ind10 | C52: =PC04_Ind10!H4 -> Alumnat amb necessitats específiques de suport educatiu (NESE) | D52: =PC04_Ind10!D7 -> Vicedegà/ana d'Inclusió i Economia | E52: =PC04_Ind10!H7 -> Gestor/a de Qualitat | F52: =PC04_Ind10!D5 -> Assegurar una cobertura progressiva, estable i coherent de l’alumnat amb NESE, amb tendència a la consolidació del sistema d’identificació i atenció. | G52: =PC04_Ind10!D8 -> PC04. Orientació a l'alumnat | I52: Indicador de Seguiment de Resultats
B53: PC05_Ind01 | C53: =PC05_Ind01!H4 -> Percentatge de rectificacions de qualificacions a les actes | D53: =PC05_Ind01!D7 -> Vicedegà/ana d’Estudis de Postgrau i responsable de Política Lingüística | E53: =PC05_Ind01!H7 -> Gestor acadèmic | F53: =PC05_Ind01!D5 -> Mantenir el percentatge de rectificacions de qualificacions per sota del 6% i evitar superar en cap cas el 8% del total de grups | G53: =PC05_Ind01!D8 -> PC05, Avaluació a l'alumnat | I53: Indicador d'Avaluació de Procediments
B54: PC05_Ind02 | C54: =PC05_Ind02!H4 -> Nombre de sol·licituds de revisions extraordinàries i % de resolucions de canvi de qualificació | D54: =PC05_Ind02!D7 -> Vicedegà/ana d’Estudis de Postgrau i responsable de Política Lingüística | E54: =PC05_Ind02!H7 -> Gestió Acadèmica | F54: =PC05_Ind02!D5 -> Mantenir nombre de sol·licituds per sota de 10 i mantenir el percentatge de resolucions favorables a revisió extraordinària per sota del 10% anual | G54: =PC05_Ind02!D8 -> PC05. Avaluació a l'alumnat | I54: Indicador d'Avaluació de Procediments
B55: PC05_Ind03a | C55: =PC05_Ind03a!H4 -> Taxes de rendiment, eficiència i èxit de les titulacions de Grau | D55: =PC05_Ind03a!C7 -> Vicedegà/ana d’Estudis de Postgrau i responsable de Política Lingüística | E55: =PC05_Ind03a!H7 -> Gestor/a de Qualitat | F55: =PC05_Ind03a!C5 -> Mantenir la taxa de rendiment per sobre del 80%. la taxa d’eficiència per sobre del 92% i la taxa d’èxit per sobre del 86% | G55: =PC05_Ind03a!C8 -> PC05. Avaluació a l'alumnat | I55: Indicador de Seguiment de Resultats
B56: PC05_Ind03b | C56: =PC05_Ind03b!H4 -> Taxes de rendiment, eficiència i èxit de les titulacions de Màster | D56: =PC05_Ind03b!D7 -> Vicedegà/ana d’Estudis de Postgrau i responsable de Política Lingüística | E56: =PC05_Ind03b!H7 -> Gestor acadèmic | F56: =PC05_Ind03b!D5 -> Mantenir una taxa de rendiment dels màsters ≥ 90%. una taxa d’eficiència ≥ 95% i una taxa d’èxit ≥ 98% | G56: =PC05_Ind03b!D8 -> PC05. Avaluació a l'alumnat | I56: Indicador de Seguiment de Resultats
B57: PC05_Ind04 | C57: =PC05_Ind04!G4 -> Taxa de presentats, taxa d’èxit i taxa de rendiment dels estudiants matriculats a les assignatures de 1r curs dels graus | D57: =PC05_Ind04!C7 -> Vicedegà/ana d’Estudis de Postgrau i responsable de Política Lingüística | E57: =PC05_Ind04!G7 -> Gestor Acadèmic | F57: =PC05_Ind04!C5 -> Objectius mínims quantitatius. Mitjana Graus: Presentats. 85%; Èxit. 88%; Rendiment. 75%. | G57: =PC05_Ind04!C8 -> PC05. Avaluació de l’alumnat | I57: Indicador de Seguiment de Resultats
B58: PC05_Ind07 | C58: =PC05_Ind07!H4 -> Nombre d’estudiants que sol·liciten l’apte per compensació, desglossat per titulacions | D58: =PC05_Ind07!D7 -> Vicedegà/ana d’Estudis de Postgrau i responsable de Política Lingüística | E58: =PC05_Ind07!H7 -> Gestor Acadèmic | F58: =PC05_Ind07!D5 -> Mantenir el percentatge de sol·licituds d’apte per compensació per sota del 2.5% del total d’estudiants matriculats. i reduir les desviacions puntuals d’una mateixa titulació | G58: =PC05_Ind07!D8 -> PC05. Avaluació de l’alumnat | I58: Indicador d'Avaluació de Procediments
B59: PC05_Ind08 | C59: =PC05_Ind08!K4 -> Resultats de l’enquesta de satisfacció d’assignatures respecte a l'avaluació | D59: =PC05_Ind08!E7 -> Vicedegà/ana d’Estudis de Postgrau i responsable de Política Lingüística | E59: =PC05_Ind08!K7 -> Gestor/a de Qualitat | F59: =PC05_Ind08!E5 -> Mantenir valors iguals o superiors a 3.25 | G59: =PC05_Ind08!E8 -> PC05. Avaluació de l’alumnat | I59: Indicador d'Avaluació de Procediments
B60: PC06_Ind01 | C60: =PC06_Ind01!H4 -> Nombre i percentatge d’estudiants de grau de la FFiL que participen en un programa de mobilitat OUT. desglossat per titulació i programa. | D60: =PC06_Ind01!D7 -> Vicedegà/ana responsable de mobilitat | E60: =PC06_Ind01!H7 -> Responsable de mobilitat de la Gestió Acadèmica | F60: =PC06_Ind01!D5 -> Assolir i mantenir una taxa de mobilitat OUT ≥ 20% de manera sostinguda. amb objectiu d'avançar cap al 22–23% | G60: =PC06_Ind01!D8 -> PC06. Gestió de la mobilitat de l'alumnat. PTGAS i PDI | H60: ESTRATÈGIC | I60: Indicador de Seguiment de Resultats
B61: PC06_Ind04 | C61: =PC06_Ind04!H4 -> Nombre d’estudiants IN d’altres universitats que venen a la FFiL a través d’un programa de mobilitat. desglossat per programa | D61: =PC06_Ind04!D7 -> Vicedegà/ana responsable de mobilitat | E61: =PC06_Ind04!H7 -> Responsable de mobilitat de la Gestió Acadèmica | F61: =PC06_Ind04!D5 -> Mantenir un volum global anual d’estudiants IN ≥ 200. amb un increment progressiu fins als 230 | G61: =PC06_Ind04!D8 -> PC06. Gestió de la mobilitat de l'alumnat. PTGAS i PDI | I61: Indicador de Seguiment de Resultats
B62: PC06_Ind05 | C62: =PC06_Ind05!H4 -> Nombre de crèdits matriculats i superats pels estudiants IN durant l’estada a la UAB | D62: =PC06_Ind05!D7 -> Vicedegà/ana responsable de mobilitat | E62: =PC06_Ind05!H7 -> Responsable de mobilitat de la Gestió Acadèmica | F62: =PC06_Ind05!D5 -> Mantenir un percentatge de crèdits superats per estudiants IN ≥ 80%. amb objectiu de consolidar valors pròxims al 82–83% | G62: =PC06_Ind05!D8 -> PC06. Gestió de la mobilitat de l'alumnat. PTGAS i PDI | H62: ESTRATÈGIC | I62: Indicador de Seguiment de Resultats
B63: PC06_Ind06 | C63: =PC06_Ind06!H4 -> Nombre de convenis de col·laboració interuniversitària de mobilitat del Centre signats per països | D63: =PC06_Ind06!D7 -> Vicedegà/ana responsable de mobilitat | E63: =PC06_Ind06!H7 -> Responsable de mobilitat de la Gestió Acadèmica | F63: =PC06_Ind06!D5 -> Incrementar progressivament el nombre de convenis actius i països involucrats | G63: =PC06_Ind06!D8 -> PC06. Gestió de la mobilitat de l'alumnat. PTGAS i PDI | H63: ESTRATÈGIC | I63: Indicador d'Avaluació de Procediments
B64: PC06_Ind08 | C64: =PC06_Ind08!H4 -> Nombre de professorat i PTGAS de la FFiL que ha realitzat una estada de mobilitat OUT | D64: =PC06_Ind08!D7 -> Vicedegà/ana responsable de mobilitat | E64: =PC06_Ind08!H7 -> Responsable de mobilitat de la Gestió Acadèmica | F64: =PC06_Ind08!D5 -> Mantenir una ràtio anual de mobilitat OUT del PDI ≥ 6% i avançar progressivament cap al 8%. Manteniment de la mobilitat OUT de PTGAS | G64: =PC06_Ind08!D8 -> PC06. Gestió de la mobilitat de l'alumnat. PTGAS i PDI | H64: ESTRATÈGIC | I64: Indicador de Seguiment de Resultats
B65: PC07_Ind04 | C65: =PC07_Ind04!G4 -> Alumnat de grau de nou ingrés respecte del nombre de places ofertes | D65: =PC07_Ind04!C7 -> Vicedegà/ana de Qualitat i Pla Estratègic i Coordinador del SGIQ | E65: =PC07_Ind04!G7 -> Gestor/a de Qualitat | F65: =PC07_Ind04!C5 -> Mantenir una ocupació global de places ≥ 85% i avançar cap al 90% de manera sostinguda | G65: =PC07_Ind04!C8 -> PC07, Seguiment, avaluació i millora de les titulacions | I65: Indicador d'Avaluació de Procediments
B66: PC07_Ind05 | C66: =PC07_Ind05!J4 -> Alumnat matriculat als mínors de la FFiL | D66: =PC07_Ind05!D7 -> Vicedegà/ana de Qualitat i Pla Estratègic i Coordinador del SGIQ | E66: =PC07_Ind05!J7 -> Gestor/a de Qualitat | F66: =PC07_Ind05!D5 -> Mantenir la intensitat interna ≥ 7% i augmentar el volum total a un mínim de 60 estudiants anuals | G66: =PC07_Ind05!D8 -> Procés PC07. Seguiment. avaluació i millora de les titulacions | I66: Indicador d'Avaluació de Procediments
B67: PC07_Ind06 | C67: =PC07_Ind06!I4 -> Alumnat de Màster de nou ingrés respecte del nombre de places ofertes | D67: =PC07_Ind06!D7 -> Vicedegà/ana de Qualitat i Pla Estratègic i coordinador del SGIQ | E67: =PC07_Ind06!I7 -> Gestor/a de Qualitat | F67: =PC07_Ind06!D5 -> Mantenir una eficiència global de les places ofertes igual o superior al 75% i avançar progressivament cap al 80% de manera sostinguda | G67: =PC07_Ind06!D8 -> Procés PC07. Seguiment. avaluació i millora de les titulacions | I67: Indicador d'Avaluació de Procediments
B68: PC07_Ind07 | C68: =PC07_Ind07!H4 -> Taxa de graduació de les titulacions de grau | D68: =PC07_Ind07!D7 -> Vicedegà/ana de Qualitat i Pla Estratègic i Coordinador del SGIQ | E68: =PC07_Ind07!H7 -> Gestor/a de Qualitat | F68: =PC07_Ind07!D5 -> Mantenir una taxa de graduació N+1 igual o superior al 55% | G68: =PC07_Ind07!D8 -> PC07. Seguiment. avaluació i millora de les titulacions | I68: Indicador de Seguiment de Resultats
B69: PC07_Ind08 | C69: =PC07_Ind08!H4 -> Taxa de graduació de les titulacions de màster | D69: =PC07_Ind08!D7 -> Vicedegà/ana de Qualitat i Pla Estratègic i Coordinador del SGIQ | E69: =PC07_Ind08!H7 -> Gestor/a de Qualitat | F69: =PC07_Ind08!D5 -> Arribar a 85% i mantenir per sobre del 80% el valor agregat de graduació dels graus de la Facultat | G69: =PC07_Ind08!D8 -> PC07. Seguiment. avaluació i millora de les titulacions | I69: Indicador de Seguiment de Resultats
B70: PC07_Ind09 | C70: =PC07_Ind09!H4 -> Taxes d’abandonament verifica per titulacions de grau (criteri a 1 any) | D70: =PC07_Ind09!D7 -> Vicedegà/ana de Qualitat i Pla Estratègic i Coordinador del SGIQ | E70: =PC07_Ind09!H7 -> Gestor/a de Qualitat | F70: =PC07_Ind09!D5 -> Reduir progressivament la mitjana de la taxa d'abandonament dels títols per ajustar-la a l'àmbit de les Humanitats i CCSS del SUC (o mitjana UAB = 35% 2019-22) | G70: =PC07_Ind09!D8 -> PC07. Seguiment. avaluació i millora de les titulacions | I70: Indicador de Seguiment de Resultats
B71: PC07_Ind10 | C71: =PC07_Ind10!H4 -> Taxes d'abandonament de primer curs per titulacions de grau, | D71: =PC07_Ind10!D7 -> Vicedegà/ana de Qualitat i Pla Estratègic i Coordinador del SGIQ | E71: =PC07_Ind10!H7 -> Gestor/a de Qualitat | F71: =PC07_Ind10!D5 -> Reduir progressivament la mitjana de la taxa d'abandonament dels títols per ajustar-la a l'àmbit de les Humanitats i CCSS del SUC (o mitjana UAB aprx 20% 2019-22) | G71: =PC07_Ind10!D8 -> PC07. Seguiment. avaluació i millora de les titulacions | H71: ESTRATÈGIC | I71: Indicador de Seguiment de Resultats
B72: PC07_Ind11 | C72: =PC07_Ind11!H4 -> Nombre de reunions de Comissions de Docència de les titulacions de grau i màster | D72: =PC07_Ind11!D7 -> Vicedegà/ana de Qualitat i Pla Estratègic i coordinador del SGIQ | E72: =PC07_Ind11!H7 -> Secretaria del Deganat | F72: =PC07_Ind11!D5 -> Assolir un mínim de 2 reunions anuals de totes les titulacions | G72: =PC07_Ind11!D8 -> PC07. Seguiment. avaluació i millora de les titulacions | H72: ESTRATÈGIC | I72: Indicador d'Avaluació de Procediments
B73: PC07_Ind12 | C73: =PC07_Ind12!H4 -> Proporció de reunions de Comissions de Docència amb participació d'alumnat | D73: =PC07_Ind12!D7 -> Vicedegà/ana de Qualitat i Pla Estratègic i coordinador del SGIQ | E73: =PC07_Ind12!H7 -> Secretaria del Deganat | F73: =PC07_Ind12!D5 -> Arribar al 100% de Comissions de Docència de les titulacions amb participació d'alumnat. Assoliment en 95% | G73: =PC07_Ind12!D8 -> PC07. Seguiment. avaluació i millora de les titulacions | H73: ESTRATÈGIC | I73: Indicador d'Avaluació de Procediments
B74: PC07_Ind13 | C74: =PC07_Ind13!G4 -> Evidències de participació de professionals i persones ocupadores en el seguiment de les titulacions de grau | D74: =PC07_Ind13!D7 -> Vicedegà/ana de Qualitat i Pla Estratègic i coordinador del SGIQ | E74: =PC07_Ind13!G7 -> Gestor/a de Qualitat | F74: =PC07_Ind13!D5 -> Implantar reunions amb regularitat de seguiment | G74: =PC07_Ind13!D8 -> PC07. Seguiment. avaluació i millora de les titulacions | H74: ESTRATÈGIC | I74: Indicador d'Avaluació de Procediments
B75: PC07_Ind14 | C75: =PC07_Ind14!G4 -> Estat de les millores de les titulacions per any d'inici | D75: =PC07_Ind14!C7 -> Vicedegà/ana de Qualitat i Pla Estratègic i coordinador del SGIQ | E75: =PC07_Ind14!G7 -> Gestor/a de Qualitat | F75: =PC07_Ind14!C5 -> 100% millores finalitzades en 3 anys des de l'inici | G75: =PC07_Ind14!C8 -> PC07. Seguiment. avaluació i millora de les titulacions | I75: Indicador d'Avaluació de Procediments
B76: PC08_Ind03 | C76: =PC08_Ind03!H4 -> Nombre de propostes de modificacions presentades i aprovades per AQU, desglossades per curs acadèmic per grau, màster universitari | D76: =PC08_Ind03!D7 -> Vicedegà/ana de Qualitat i Pla Estratègic i coordinador del SGIQ | E76: =PC08_Ind03!H8 -> Gestor/a de Qualitat Docent | F76: =PC08_Ind03!D5 -> Aconseguir l'aprovació d'AQU en el 100 % de les modificacions proposades | G76: =PC08_Ind03!D8 -> PC08 Modificació de titulacions | H76: ESTRATÈGIC | I76: Indicador d'Avaluació de Procediments
B77: PS01a_Ind02 | C77: =PC08_Ind03!H4 -> Nombre de propostes de modificacions presentades i aprovades per AQU, desglossades per curs acadèmic per grau, màster universitari | D77: =PS01a_Ind02!D7 -> Secretari de Facultat. Vicedegà/ana d'Inclusió i Economia | E77: =PS01a_Ind02!H7 -> Administrador de Centre | F77: =PS01a_Ind02!D5 -> Mantenir o incrementar el pressupost destinat a manteniment i millora dels espais i equipament | G77: =PS01a_Ind02!D8 -> PS01a. Gestió de recursos materials | H77: ESTRATÈGIC | I77: Indicador de Seguiment de Resultats
B78: PS01a_Ind03 | C78: =PS01a_Ind03!H4 -> Satisfacció de les persones titulades de grau amb l'adequació de les instal·lacions i els recursos per a l'aprenentatge | D78: =PS01a_Ind03!D7 -> Secretari de Facultat. Vicedegà/ana d'Inclusió i Economia | E78: =PS01a_Ind03!H7 -> Gestor/a de Qualitat | F78: =PS01a_Ind03!D5 -> Valor referència: >3.75. Evolució positiva >3.55. Seguiment: >3.4. Negatiu: <3.4 | G78: =PS01a_Ind03!D8 -> PS01a. Gestió de recursos materials | I78: Indicador d'Avaluació de Procediments
B79: PS01b_Ind02 | C79: =PS01b_Ind02!H4 -> Resposta a la pregunta Les plataformes d'aprenentatge digital han facilitat el meu aprenentatge | D79: =PS01b_Ind02!D7 -> Secretari de Facultat. Vicedegà/ana d'Inclusió i Economia | E79: =PS01b_Ind02!H7 -> Gestor/a de Qualitat | F79: =PS01b_Ind02!D5 -> Valor referència: >3.75. Evolució positiva >3.55. Seguiment: >3.4. Negatiu: <3.4 | G79: =PS01b_Ind02!D8 -> PS01b. Gestió dels serveis | I79: Indicador d'Avaluació de Procediments
B80: PS01b_Ind04 | C80: =PS01b_Ind04!H4 -> Nombre d'estudiants de la FFiL participants en accions formatives de la Biblioteca d'Humanitats | D80: =PS01b_Ind04!D7 -> Secretari de Facultat. Vicedegà/ana d'Inclusió i Economia | E80: =PS01b_Ind04!H7 -> Gestor/a de Qualitat | F80: =PS01b_Ind04!D5 -> Mantenir intensitat del 25% dels matriculats amb objectiu 30% | G80: =PS01b_Ind04!D8 -> PS01b. Gestió de serveis | I80: Indicador de Seguiment de Resultats
B81: PS01b_Ind06 | C81: =PS01b_Ind06!H4 -> Nombre d’ajuts aprovats per a l’organització d’activitats culturals. seminaris o congressos amb incorporació d’alumnat o PTGAS | D81: =PS01b_Ind06!D7 -> Secretari de Facultat. Vicedegà/ana d'Inclusió i Economia | E81: =PS01b_Ind06!H7 -> Gestor/a de Qualitat | F81: =PS01b_Ind06!D5 -> Augment progressiu dels ajuts i de les titulacions implicades | G81: =PS01b_Ind06!D8 -> PS01b. Gestió de serveis | H81: ESTRATÈGIC | I81: Indicador de Seguiment de Resultats
B82: PS02_Ind01a | C82: =PS02_Ind01a!H4 -> Nombre de resolucions d’admissió de nous estudiants per tipologia d’accés | D82: =PS02_Ind01a!D7 -> Vicedegà/ana d'Estudis de Postgrau i Responsable de Política Lingüística | E82: =PS02_Ind01a!H7 -> Gestor acadèmic de la Facultat | F82: =PS02_Ind01a!D5 -> Mantenir i incrementar resolucions i la proporció de matriculacions derivades | G82: =PS02_Ind01a!D8 -> PS02. Organització i gestió acadèmica | I82: Indicador d'Avaluació de Procediments
B83: PS02_Ind01b | C83: =PS02_Ind01b!H4 -> Nombre d'estudiants d'Universitat a l'Abast matriculats a la Facultat de Filosofia i Lletres i % d'aquests respecte el total d'alumnes d'Universitat a l'Abast | D83: =PS02_Ind01b!D7 -> Vicedegà/ana d'Estudis de Postgrau i Responsable de Política Lingüística | E83: =PS02_Ind01b!H7 -> Gestor/a de Qualitat | F83: =PS02_Ind01b!D5 -> Mantenir i incrementar progressivament el nombre d'estudiants d'Universitat a l'Abast | G83: =PS02_Ind01b!D8 -> PS02. Organització i gestió acadèmica | I83: Indicador de Seguiment de Resultats
B84: PS02_Ind02 | C84: =PS02_Ind02!H4 -> Nombre de reintegraments de preus públics | D84: =PS02_Ind02!D7 -> Vicedegà/ana d'Estudis de Postgrau i Responsable de Política Lingüística | E84: =PS02_Ind02!H7 -> Gestor acadèmic de la Facultat | F84: =PS02_Ind02!D5 -> Disminuir els reintegraments per problemes acadèmics o de gestió | G84: =PS02_Ind02!D8 -> PS02. Organització i gestió acadèmica | I84: Indicador d'Avaluació de Procediments
B85: PS02_Ind03 | C85: =PS02_Ind03!H4 -> Percentatge de modificacions de matrícula en relació al total de matriculats | D85: =PS02_Ind03!D7 -> Vicedegà/ana d'Estudis de Postgrau i Responsable de Política Lingüística | E85: =PS02_Ind03!H7 -> Gestor acadèmic de la Facultat | F85: =PS02_Ind03!D5 -> Reducció de les modificacions per causes evitables | G85: =PS02_Ind03!D8 -> PS02. Organització i gestió acadèmica | I85: Indicador d'Avaluació de Procediments
B86: PS02_Ind04 | C86: =PS02_Ind04!H4 -> Nombre de cites prèvies organitzades per temes i temporalitat | D86: =PS02_Ind04!D7 -> Vicedegà/ana d'Estudis de Postgrau i Responsable de Política Lingüística | E86: =PS02_Ind04!H7 -> Gestor acadèmic de la Facultat | F86: =PS02_Ind04!D5 -> Reduir cites evitables: millora gestió online i millora altres procediments de gestió i suport a la docència | G86: =PS02_Ind04!D8 -> PS02. Organització i gestió acadèmica | I86: Indicador d'Avaluació de Procediments
B87: PS02_Ind05 | C87: =PS02_Ind05!H4 -> Nombre d’alumnes que no han superat el règim de permanència | D87: =PS02_Ind05!D7 -> Vicedegà/ana d'Estudis de Postgrau i Responsable de Política Lingüística | E87: =PS02_Ind05!H7 -> Gestor acadèmic de la Facultat | F87: =PS02_Ind05!D5 -> Menys de 80 (mínim 2022/23) i no superar el valor del curs 2019/20 | G87: =PS02_Ind05!D8 -> PS02. Organització i gestió acadèmica | I87: Indicador de Seguiment de Resultats
B88: PS02_Ind07 | C88: =PS02_Ind07!H4 -> Satisfacció de les persones titulades recents de Grau amb els serveis de suport a l'estudiantat | D88: =PS02_Ind07!D7 -> Vicedegà/ana d'Estudis de Postgrau i Responsable de Política Lingüística | E88: =PS02_Ind07!H7 -> Gestor acadèmic de la Facultat | F88: =PS02_Ind07!D5 -> Valor objectiu >3.5 | G88: =PS02_Ind07!D8 -> PS02. Organització i gestió acadèmica | I88: Indicador d'Avaluació de Procediments
B89: PS03_Ind01 | C89: =PS03_Ind01!H4 -> Taxa d'eficàcia: percentatge de suggeriments i queixes resposts dins del termini establert (15 dies hàbils) | D89: =PS03_Ind01!D7 -> Vicedegà/ana o Vicedegà/ana responsable d'alumnat | E89: =PS03_Ind01!H7 -> Administrador de Centre | F89: =PS03_Ind01!D5 -> Mantenir més de 95% de respostes en termini | G89: =PS03_Ind01!D8 -> PS03. Gestió de suggeriments. queixes i felicitacions | H89: ESTRATÈGIC | I89: Indicador d'Avaluació de Procediments
B90: PS03_Ind02 | C90: =PS03_Ind02!H4 -> Nombre de suggeriments. queixes i felicitacions. per tipus d’usuari i temes a través de l’aplicatiu OPINA (en relació amb el nombre rebut a la UAB | D90: =PS03_Ind02!D7 -> Vicedegà/ana o Vicedegà/ana responsable d'alumnat | E90: =PS03_Ind02!H7 -> Administrador de Centre | F90: =PS03_Ind02!D5 -> Increment progressiu del nombre de comunicacions gestionades a través d’OPINA | G90: =PS03_Ind02!D8 -> PS03. Gestió de suggeriments. queixes i felicitacions | I90: Indicador de Seguiment de Resultats
B91: PS04_Ind01 | C91: =PS04_Ind01!H4 -> Percentatge de participació a les enquestes d'avaluació de l'actuació docent | D91: =PS04_Ind01!D7 -> Vicedegà/ana de Qualitat i Pla Estratègic i coordinador del SGIQ | E91: =PS04_Ind01!H7 -> Gestor/a de Qualitat | F91: =PS04_Ind01!D5 -> Incrementar fins al 35% la participació en les enquestes d’activitat docent. Total Facultat i titulacions | G91: =PS04_Ind01!D8 -> PS04. Satisfacció dels grups d'interès | I91: Indicador d'Avaluació de Procediments
B92: PS04_Ind02 | C92: =PS04_Ind02!H4 -> Valoració de satisfacció global | D92: =PS04_Ind02!D7 -> Vicedegà/ana de Qualitat i Pla Estratègic i coordinador del SGIQ | E92: =PS04_Ind02!H7 -> Gestor/a de Qualitat | F92: =PS04_Ind02!D5 -> Valor referència: >3.75. Seguiment: 3.4-3.75. Valor negatiu: <3.4 | G92: =PS04_Ind02!D8 -> PS04. Satisfacció dels grups d'interès | I92: Indicador de Seguiment de Resultats
B93: PS04_Ind03 | C93: =PS04_Ind03!H4 -> Percentatge d’intenció de repetició de titulació i d’universitat en l’enquesta de satisfacció dels titulats de grau i de màster | D93: =PS04_Ind03!D7 -> Vicedegà/ana de Qualitat i Pla Estratègic i coordinador del SGIQ | E93: =PS04_Ind03!H7 -> Gestor/a de Qualitat | F93: =PS04_Ind03!D5 -> Repetirien titulació >72% i repetirien Universitat >80% | G93: =PS04_Ind03!D8 -> PS04. Satisfacció dels grups d'interès | I93: Indicador de Seguiment de Resultats
B94: PS04_Ind04 | C94: =PS04_Ind04!H4 -> Percentatge de participació en l'enquesta de satisfacció del professorat | D94: =PS04_Ind04!D7 -> Vicedegà/ana de Qualitat i Pla Estratègic i coordinador del SGIQ | E94: =PS04_Ind04!H7 -> Gestor/a de Qualitat | F94: =PS04_Ind04!D5 -> Increment de la participació | G94: =PS04_Ind04!D8 -> PS04. Satisfacció dels grups d'interès | I94: Indicador d'Avaluació de Procediments
B95: PS04_Ind05 | C95: =PS04_Ind05!H4 -> Nivell de satisfacció general amb la titulació del professorat. | D95: =PS04_Ind05!D7 -> Vicedegà/ana de Qualitat i Pla Estratègic i coordinador del SGIQ | E95: =PS04_Ind05!H7 -> Gestor/a de Qualitat | F95: =PS04_Ind05!D5 -> Superar en grau i màster el 80% de satisfacció general per part del professorat | G95: =PS04_Ind05!D8 -> PS04. Satisfacció dels grups d'interès | I95: Indicador de Seguiment de Resultats
B96: PS05_Ind01 | C96: =PS05_Ind01!I4 -> Assistents a sessions formatives d’orientació grupal demanades per la FFiL | D96: =PS05_Ind01!D7 -> Vicedegà/ana d’Ocupabilitat. Mobilitat Internacional i Cultura | E96: =PS05_Ind01!I7 -> Gestor/a de Qualitat | F96: =PS05_Ind01!D5 -> Mantenir més de 300 participacions | G96: =PS05_Ind01!D8 -> PS05. Inserció laboral de les persones titulades | I96: Indicador d'Avaluació de Procediments
B97: PS05_Ind02 | C97: =PS05_Ind02!H4 -> Satisfacció dels titulats/des de la FFiL amb les activitats d’orientació professional del Servei d’Ocupabilitat | D97: =PS05_Ind02!D7 -> Vicedegà/ana d’Ocupabilitat. Mobilitat Internacional i Cultura | E97: =PS05_Ind02!H7 -> Gestor/a de Qualitat | F97: =PS05_Ind02!D5 -> Puntuació superior a 8.5 | G97: =PS05_Ind02!D8 -> PS05. Inserció laboral de les persones titulades | I97: Indicador d'Avaluació de Procediments
B98: PS05_Ind03 | C98: =PS05_Ind03!H4 -> Nombre d'estudiants de la FFiL que han realitzat pràctiques extracurriculars | D98: =PS05_Ind03!D7 -> Vicedegà/ana d’Ocupabilitat. Mobilitat Internacional i Cultura | E98: =PS05_Ind03!H7 -> Gestor/a de Qualitat | F98: =PS05_Ind03!D5 -> Incrementar progressivament el nombre | G98: =PS05_Ind03!D8 -> PS05. Inserció laboral del les persones titulades | I98: Indicador de Seguiment de Resultats
B99: PS05_Ind04 | C99: =PS05_Ind04!H4 -> Nombre de participants de la FFiL en el programa de mobilitat Erasmus pràctiques | D99: =PS05_Ind04!D7 -> Vicedegà/ana d’Ocupabilitat. Mobilitat Internacional i Cultura | E99: =PS05_Ind04!H7 -> Gestor/a de Qualitat | F99: =PS05_Ind04!D5 -> Incrementar progressivament el nombre | G99: =PS05_Ind04!D8 -> PS05. Inserció laboral de les persones titulades | I99: Indicador de Seguiment de Resultats
B100: PS05_Ind06 | C100: =PS05_Ind06!H4 -> Nombre de participants de la FFiL en les activitats del programa UAB Emprèn | D100: =PS05_Ind06!D7 -> Vicedegà/ana d’Ocupabilitat. Mobilitat Internacional i Cultura | E100: =PS05_Ind06!H7 -> Gestor/a de Qualitat | F100: =PS05_Ind06!D5 -> Incrementar progressivament volum de participacions | G100: =PS05_Ind06!D8 -> PS05. Inserció laboral de les persones titulades | I100: Indicador d'Avaluació de Procediments
B101: PS05_Ind08 | C101: =PS05_Ind08!H4 -> Índex d’ocupació dels titulats i titulades de grau dels àmbits de la FFiL (enquesta AQU d'inserció laboral) | D101: =PS05_Ind08!D7 -> Vicedegà/ana d’Ocupabilitat. Mobilitat Internacional i Cultura | E101: =PS05_Ind08!H7 -> Gestor/a de Qualitat | F101: =PS05_Ind08!D5 -> Incrementar progressivament l'index d'ocupació | G101: =PS05_Ind08!D8 -> PS05. Inserció laboral de les persones titulades | I101: Indicador de Seguiment de Resultats
B102: PS05_Ind09 | C102: =PS05_Ind09!H4 -> Adequació del treball dels graduats i graduades dels àmbits de la FFiL (enquesta AQU d'inserció laboral) | D102: =PS05_Ind09!D7 -> Vicedegà/ana d’Ocupabilitat. Mobilitat Internacional i Cultura | E102: =PS05_Ind09!H7 -> Gestor/a de Qualitat | F102: =PS05_Ind09!D5 -> Mantenir nivells superiors a 65% i tendir a 70% | G102: =PS05_Ind09!D8 -> PS05. Inserció laboral de les persones titulades | H102: ESTRATÈGIC | I102: Indicador de Seguiment de Resultats
B103: PS05_Ind10 | C103: =PS05_Ind10!H4 -> Percentatge de graduats/des dels àmbits de la FFiL que continuen estudis de màster (enquesta AQU d'inserció laboral) | D103: =PS05_Ind10!D7 -> Vicedegà/ana d’Ocupabilitat. Mobilitat Internacional i Cultura | E103: =PS05_Ind10!H7 -> Gestor/a de Qualitat | F103: =PS05_Ind10!D5 -> Mantenir 65% i arribar a 70% | G103: =PS05_Ind10!D8 -> PS05. Inserció laboral de les persones titulades | I103: Indicador de Seguiment de Resultats
B104: PS06_Ind01 | C104: =PS06_Ind01!H4 -> Nombre de visites a la pàgina web del Centre (Page Views) | D104: =PS06_Ind01!D7 -> Vicedegà/ana de Comunicació. Territori i Reptes | E104: =PS06_Ind01!H7 -> Gestor/a de Qualitat | F104: =PS06_Ind01!D5 -> Incrementar visites (implantació nova web) | G104: =PS06_Ind01!D8 -> PS06. Informació pública i transparència | H104: ESTRATÈGIC | I104: Indicador de Seguiment de Resultats
...

Sheet PE01_Ind01 PE2021-24
B2: Facultat de Filosofia i Lletres | E2: Fitxa de seguiment de l'indicador
B4: 1. Codi del l'indicador | D4: PE01_Ind01 | F4: 2. Nom de l'indicador | H4: Grau d’assoliment dels objectius de Qualitat docent de la Facultat de Filosofia i Lletres
B5: 3. Fita | D5: Assolir o millorar el 80% o més dels indicadors estratègics del quadre de comandament | F5: 4. Classificació | H5: Indicador estratègic Indicador d'avaluació de procediments
B6: 5. Càlcul de l'indicador | D6: Pla Estratègic 2021-2024 | F6: 6. Freqüència de la medició | H6: Anual
B7: 7. Responsable del procés | D7: Degà o Degana | F7: 8. Responsable de la gestió | H7: Gestor/a de Qualitat
B8: 9. Processos als que afecta | D8: PE01. Definició de la política. objectius de Qualitat i retiment de comptes | F8: 10. Font obtenció de dades | H8: Gestió de Qualitat
B10: 11. Resultats
B11: SEGUIMENT FITA: Assolir o millora positiva 80% de les fites | H11: Grau de compliment: Assolida (82,8%)
B13: Pla Estratègic de la Facultat de Filosofia i Lletres 2021-2024
B18: QUADRE DE COMANDAMENT
B19: OBJECTIUS ESTRATÈGICS | C19: ACCIONS | D19: INDICADORS ESTRATÈGICS | E19: FITES D'AVALUACIÓ | F19: 2022-2023 | H19: Compliment 2022-23 | I19: 2023-24 | K19: Compliment 2023-24
B21: O1,1 Consolidació de l’oferta de titulacions | C21: A,1,1,1, Reverificar i modificar els graus i els màsters en què es detecti la necessitat d’integrar el avenços acadèmics i facilitar la inserció laboral | D21: Nombre de propostes de noves titulacions verificades respecte de les proposades (PE03-IND03) | E21: Assolir el 100% de noves titulacions verificades respecte de les proposades | F21: 3 de 3 | H21: Assolit | I21: 2 de 4 | K21: En progrés
D22: Nombre de propostes de modificacions de les titulacions existents per origen iniciativa (PC08-IND03) | E22: Assolir el 100% de modificacions que s'originen en el procés de seguiment (PC07 i PC08) | F22: Grau: 5 Màster: 1 | H22: Assolit | I22: Grau: 1 Màster: 1 | K22: Assolit
D23: Percentatge d’estudiants matriculats en primera preferència (PC01-IND03b) | E23: Mantenir per sobre del 85% la matrícula en primera opció de les titulacions de grau | F23: 0.91 | H23: Assolit | I23: 0.89 | K23: Assolit
D24: Nombre de màsters que superen els 20 estudiants de nou accés (PC01-IND02a) | E24: Incrementar fins el 80% el nombre de màsters eficients | F24: 10/15: 67% | H24: No assolit | I24: 9/15: 60% | K24: No assolit
B25: O1,2 Garantir el bon funcionament del sistema de gestió de la qualitat docent | C25: A,1,2,1 Consolidar el seguiment del Quadre de Comandament del SGIQ | D25: Grau d’assoliment dels objectius de Qualitat docent de la Facultat de Filosofia i Lletres (PE01-IND01) | E25: Assolir o millorar el 80% o més dels indicadors estratègics del quadre de comandament | F25: 22/29=75,9% | H25: En progrés | I25: 25/29 = 86,2% | K25: Assolit
C26: A,1,2,4 Millorar l’actualització i el seguiment del Pla de Millores | D26: Nombre i estat de les millores del Pla de Millores segons origen (PE02-IND01) | E26: Assolir l'acompliment de les millores en els calendaris previstos | F26: Inici 2022-23 Desestimada 21% En procés 19% Finalitzada 60% | H26: En progrés | K26: En progrés | L26: ACTUALITZAR AL FINAL
B27: O1,3 Potenciar la qualitat i la innovació docent | C27: A,1,3,2, Intensificar les mesures per reduir la taxa d’abandonament i augmentar la taxa de graduació dels estudis | D27: Taxa de graduació de les titulacions de grau (PC07-IND07) i de màster (PC07-IND8)) | E27: Incrementar progressivament fins el 60% la taxa de graduació dels graus i fins al 95% la dels màsters | F27: Graus: 47% Màster: 82% | H27: En progrés | I27: Graus: 54% Màster: 85% | K27: En progrés
D28: Taxes d’abandonament per titulacions (criteri a 1 any) i mitjana del Centre (PC07-IND09) | E28: Reduir progressivament la mitjana de la taxa d'abandonament dels títols per ajustar-la a l'àmbit de les Humanitats i CCSS del SUC (o mitjana UAB) | F28: Agregat: 39% Mitjana: 41% | H28: En progrés | I28: Agregat: 38% Mitjana: 40% | K28: En progrés
D29: Proporció de professorat permanent i de HIDA a docència de primer curs de grau (PE04-IND12) | E29: Aconseguir que el 70% del professorat de primer curs sigui permanent a totes les titulacions | F29: 0.4058 | H29: No assolit | I29: 0.4722 | K29: No assolit
C30: A,1,3,3, Assegurar l’impacte del resultats de les enquestes en la proposta de millora de les titulacions | D30: Percentatge de participació, desglossat per enquesta i per titulació (PS04-IND01) | E30: Incrementar fins al 30% la participació de l’alumnat en les enquestes sobre l'activitat docent del professorat | F30: 1r sem:30% | H30: Assolit | I30: 1r sem:31% | K30: Assolit
F31: 2n sem: 26% | H31: En progrés | I31: 2n sem: 27% | K31: En progrés
C32: A,1,3,4, Millorar la gestió de les pràctiques externes i la inserció laboral | D32: Nombre de titulacions de grau i màster amb pràctiques externes OB i OT (PC03a-IND01) | E32: Assolir el 100% de noves titulacions verificades amb PEXT (**) | F32: 2 de 3 (66,6%, Màster en Filosofia de les Cures no té pràctiques) | H32: No assolit | I32: 2 de 2 (100%) | K32: Assolit
D33: Nombre i percentatge d’alumnes matriculats en pràctiques del total d’estudiants a 4rt de grau (PC03a- IND02) | E33: Incrementar progressivament fins el 50% de l'alumnat a les PEXT | F33: 279 (36%) | H33: En progrés | I33: 286 (37,3%) | K33: En progrés
D34: Nombre i percentatge d’alumnes matriculats en pràctiques OT de màster (PC03a-IND04) | E34: Incrementar progressivament fins el 75% de matriculats a les PEXT (*) | F34: 61/ 77% | H34: Assolit | I34: 65/ 57% | K34: Assolit
D35: Nombre de convenis totals i actius de col·laboració interuniversitària de mobilitat del Centre signats per països (PC06-IND06) | E35: Incrementar progressivament el nombre de convenis actius i països involucrats (**) | F35: Totals: 413 Utilitzats: 142 | H35: En progrés | I35: Totals; 420 Utilitzats: 130 | K35: En progrés
C36: A,1,3,6, Potenciar la mobilitat | D36: Nombre d’estudiants de grau outgoing (d’ara endavant, OUT) de la FFiL que participen en un programa de mobilitat, desglossat per titulació i programa (PC06-IND01) | E36: Incrementar progressivament fins al 25% l'alumnat que participi en programes de mobilitat-OUT | F36: 122 (15,80%) | H36: En progrés | I36: 110 (14,60%) | K36: En progrés
C37: A,1,3,7, Incentivar la innovació docent | D37: Percentatge de professorat presentat a la convocatòria de trams docents autonòmics en relació amb el professorat informat, per col·lectiu (PE04-IND07) | E37: Incrementar fins al 80% de professorat presentat a trams docents autonòmics en relació al professorat informat | F37: Assolit i suprimit de seguiment
D38: Nombre de professorat participant en cursos de formació per a personal docent de la UAB (PE04-IND03) | E38: Incrementar progressivament el professorat participant i mantenir més del 50% de la plantilla | F38: 424/ 83,79% | H38: Assolit | I38: 279/ 55,69% | K38: Assolit
B39: O1,4 Millorar les infraestructures de docència | C39: A,1,4,1, Millora dels recursos materials docents | D39: Nombre i pressupost de les actuacions en manteniment i millora dels espais i l’equipament docent (PS01a-IND02) | E39: Mantenir o incrementar el pressupost destinat a manteniment i millora dels espais i equipament | F39: 85163.96 | H39: Assolit | I39: 104517.78 | K39: Assolit
B40: O2,1 Orientació i foment de la cohesió dels col·lectius del Centre | C40: A,2,1,1, Millorar el coneixement i l’aprofitament de les accions del Pla d’Acció Tutorial | D40: Nombre de suggeriments, queixes i felicitacions, per tipus d’usuari i temes a través de l’aplicatiu OPINA (en relació amb el nombre rebut a la resta de Centres de la UAB) (PS03-IND02) | E40: Incrementar el nombre de comunicacions gestionades a través d'OPINA | F40: 19 (2,93%) | H40: Assolit | I40: 32 (5,43%) | K40: Assolit
C41: A,2,1,5, Proporcionar formació al professorat i PAS adequada a les seves necessitats docents | D41: Nombre d’hores de formació rebudes per PTGAS de la Facultat (PE05-IND03) | E41: Incrementar les actuacions de formació al PTGAS específiques per les necessitats de gestió de la Facultat | F41: 6079 hores/848 participants | H41: Assolit | I41: 5080 hores/669 participants | K41: Neutre
B42: O2,2 Desplegar i fer el seguiment a la Facultat de les accions del Pla d’Igualtat de la UAB | C42: A,2,2,3, Incorporar la perspectiva de gènere en el Sistema Intern de Garantia de Qualitat, | D42: Distribució per gènere de l’alumnat de nou ingrés de graus i màsters (PC01-IND07) | E42: Reduir els graus amb més d’un 75% de nous ingressos d’un mateix gènere | F42: Graus: 8 Màsters: 7 | H42: En progrés | I42: Graus: 11 Màsters: 4 | K42: En progrés
D43: Taxa de graduació per gènere (PC01-IND08) | E43: Equiparar progressivament per dalt les taxes de graduació per sexes de cada grau | F43: D: 47,7% H: 44% | H43: En progrés | I43: D: 55,9% H: 48,8% | K43: En progrés
D44: Distribució relativa per gènere de les persones que s'incorporen a categories estables de professorat (PE04-IND13) | E44: Assolir com a mínim un 50% de dones, per tal de corregir progressivament el dèficit acumulat | F44: 42% dones | H44: En progrés | I44: 43% dones | K44: En progrés
B45: O2,3 Dinamització cultural i relacions amb la societat | C45: A,2,3,1, Incentivar els projectes de dinamització cultural proposats per estudiants en col·laboració amb docents del Centre | D45: NOU INDICADOR: Nombre d'ajuts aprovats per a l'organització d'activitats culturals, seminaris o congressos amb incorporació d'alumnat o PAS (PS01b-IND06) | E45: Implementar l'indicador i iniciar comparacions entre titulacions, i Facultat amb UAB | F45: Indicador implementat, Primera convocatòria curs 2024-25
B46: O2,4 Potenciar la relació entre docència i recerca | C46: A,2,4,1, Incrementar el coneixement dels resultats dels Treballs de Fi d’Estudis (TFE) i de les Pràctiques Externes (PE) | D46: Nombre de titulacions que publiquen els TFE al DDD (PC03b-IND03) | E46: Assolir el 100% de titulacions que publiquen TFE al DDD | F46: Graus: 12 Màsters: 3 | H46: En progrés | I46: Graus: 12 Màsters: 4 | K46: En progrés
B47: O3,1 Afavorir la participació i cooperació entre els col·lectius de la Facultat | C47: A,3,1,2, Incentivar la participació de tots els col·lectius als òrgans de govern del Centre i a les comissions de docència b) Incrementar la participació de l'alumnat en el seguiment de les titulacions a través de les Comissions de Docència | D47: NOU INDICADOR: Proporció de reunions de Comissions de Docència amb participació d'alumnat (PC07-IND12) | E47: Assolir el 100% de Comissions de Docència de les titulacions amb participació d'alumnat | F47: Graus: 23/28 | H47: No assolit | I47: Graus: 36/36 | K47: Assolit
F48: Màsters: 11/19 | I48: Màsters: 10/14 | K48: En progrés
B49: O3,2 Enfortir els processos de gestió, la transparència i el retiment de comptes | C49: A,3,2,4, Vetllar pel correcte funcionament de les Comissions de Docència de les titulacions | D49: Nombre de reunions de les Comissions de Docència de les titulacions de grau i màster (PC07-IND11) | E49: Assolir una mitjana mínima de 2 reunions anuals | F49: Graus: 9/16 | H49: No assolit | I49: Graus: 11/16 | K49: No assolit
F50: Màsters: 5/15 | I50: Màsters: 4/14
B51: O3,3 Millorar i enfortir la relació amb el govern de la UAB | C51: A,3,3,1, Participar de forma activa en els òrgans de Govern i Comissions de la UAB | D51: Nombre de membres de la Facultat en les diferents Comissions UAB (PE01-IND02) | E51: Assolir el 75% de Comissions UAB amb participació de membres de la Facultat | F51: indicador suprimit
B52: O4,1 Comunicar més i millor a la societat l’activitat docent i de recerca | C52: A,4,1,3, Participar de forma activa en les campanyes de promoció de les titulacions | D52: Nombre de professorat participant en el programa Argó (PC04-IND04) | E52: Incrementar progressivament el nombre de centres de secundària i persones inscrites | F52: 14 | H52: Neutre | I52: 30 | K52: En progrés
B53: O4,2 Enfortir la interacció amb els agents socials per millorar la inserció laboral | C53: A,4,2,3, Potenciar la relació amb els ocupadors/es de les titulacions de la Facultat | D53: Evidències de participació de professionals i persones ocupadores en el cicle VSMA de les titulacions (PC07-IND13) | E53: Implementar l'indicador i iniciar comparacions entre titulacions, i Facultat amb UAB, | F53: Graus: 8/15 | H53: En progrés | I53: Graus: 8/15 | K53: En progrés
B54: O4,3 Obrir noves formes de col·laboració internacional | C54: A,4,3,1, Incrementar la participació de la Facultat en xarxes internacionals | D54: Nombre de professorat participant en iniciatives ECIU (PE04-IND14) | E54: Implementar l'indicador i iniciar comparacions entre titulacions, i Facultat amb UAB, | F54: indicador suprimit

Sheet PE01_Ind01 PE2024-30
B2: Facultat de Filosofia i Lletres | E2: Fitxa de seguiment de l'indicador
B4: 1. Codi del l'indicador | D4: PE01_Ind01 | F4: 2. Nom de l'indicador | H4: Grau d’assoliment dels objectius de Qualitat docent de la Facultat de Filosofia i Lletres
B5: 3. Fita | D5: Assolir o millorar el 80% o més dels indicadors estratègics del quadre de comandament | F5: 4. Classificació | H5: Indicador estratègic Indicador d'avaluació de procediments
B6: 5. Càlcul de l'indicador | D6: Pla Estratègic 2024-2030 | F6: 6. Freqüència de la medició | H6: Anual
B7: 7. Responsable del procés | D7: Degà o Degana | F7: 8. Responsable de la gestió | H7: Gestor/a de Qualitat
B8: 9. Processos als que afecta | D8: PE01. Definició de la política. objectius de Qualitat i retiment de comptes | F8: 10. Font obtenció de dades | H8: Gestió de Qualitat
B10: 11. Resultats
B11: SEGUIMENT FITA: Assolir o millora positiva 80% de les fites | F11: Grau de compliment: Evolució positiva
B13: Pla Estratègic de la Facultat de Filosofia i Lletres 2024-2030
B18: QUADRE DE COMANDAMENT
B19: OBJECTIUS ESTRATÈGICS | C19: ACCIONS | D19: INDICADORS ESTRATÈGICS | E19: FITES D'AVALUACIÓ | F19: 2024-2025 | H19: Compliment
H20: 2024-25
B21: O1.1 Consolidació de l’oferta docent | C21: A.1.1.1 Reverificar o dur a terme modificacions substancials en les titulacions de grau que no hagin passat per aquests processos en el període 2018-2023. | D21: Propostes de titulacions aprovades per la Facultat, per la Comissió d'Afers Acadèmics i verificades per AQU/CU (PE03_Ind03) | E21: =PE03_Ind03!D5 -> Assolir el 100% de noves titulacions verificades respecte de les proposades. en 1a o ss. Avaluacions | F21: 2/2 | H21: Assolit
D22: Nombre de propostes de modificacions presentades i aprovades per AQU, desglossades per curs acadèmic per grau, màster universitari (PC08_Ind03) | E22: =PC08_Ind03!D5 -> Aconseguir l'aprovació d'AQU en el 100 % de les modificacions proposades | F22: 1/1 grau 1/1 màster | H22: Assolit
B27: O1.2 Afavorir la innovació docent. les metodologies d’aprenentatge actives i la millora en les adaptacions per a l’alumnat amb necessitats específiques | C27: A.1.2.1 Analitzar les causes del descens de l’assistència a classe. | D27: Taxes d'abandonament de primer curs per titulacions de grau (PC07_Ind10) | E27: =PC07_Ind10!D5 -> Reduir progressivament la mitjana de la taxa d'abandonament dels títols per ajustar-la a l'àmbit de les Humanitats i CCSS del SUC (o mitjana UAB aprx 20% 2019-22) | F27: =PC07_Ind10!H41 -> 0.234 | H27: Cal seguiment
C28: A.1.2.2 Promoure la implantació d'experiències d'aprenentatge basat en reptes (ABR). | D28: Nombre de TFE amb sistema ApS (PC03b_Ind05) | E28: =PC03b_Ind05!D5 -> Incrementar la xifra de TFE amb sistema ApS. mantenint la xifra en 5 o més anualment | F28: =PC03b_Ind05!E16 -> 5 | H28: En progrés
B29: O1.3 Garantir la qualitat docent | C29: A.1.3.4. Potenciar la millora de la qualitat docent a través de l’acció de les Comissions de Docència. | D29: Nombre de reunions de Comissions de Docència de les titulacions de grau i màster (PC07_Ind11) | E29: =PC07_Ind11!D5 -> Assolir un mínim de 2 reunions anuals de totes les titulacions | F29: =_xlfn.CONCAT("Titulacions amb menys de 2 reunions durant el curs: ",PC07_Ind11!D15) -> Titulacions amb menys de 2 reunions durant el curs: 11 | H29: No assolit
B30: O1.4 Millorar el Sistema de Garantia Interna de Qualitat | C30: A.1.4.1. Preparar el Centre per a renovar l’Acreditació Institucional el 2026. | D30: Grau d’assoliment dels objectius de Qualitat docent de la Facultat de Filosofia i Lletres (PE01-IND01) | E30: ='PE01_Ind01 PE2021-24'!D5 -> Assolir o millorar el 80% o més dels indicadors estratègics del quadre de comandament | F30: Compliment "Assolit" o "En progrés", de fites avaluades. 20/24 = 83% | H30: Assolit
C31: A.1.4.4. Consolidar el funcionament de la Comissió de Qualitat de la Facultat. | D31: Nombre de millores i percentatge de propostes de millora finalitzades, en procés, no iniciades i desestimades en cada seguiment o revisió (PE02_Ind01) | E31: =PE02_Ind01!D5 -> Resoldre el 90% o més de les propostes de millora en un màxim de 3 anys | F31: =_xlfn.CONCAT("Any inici <=2022: ",TEXT([1]PE02_Ind01!F21,"0%")) -> Any inici <=2022: 93% | H31: Assolit
C32: A.1.4.3. Millorar els procediments per a una correcta avaluació docent del professorat. | D32: Percentatge de professorat avaluat favorablement en relació al total d’avaluats, per col·lectiu (PE04_Ind08) | E32: =PE04_Ind08!D5 -> Incrementar fins al 100% d'avaluats favorablement. mantenint una proporció superior al 90% | F32: =PE04_Ind08!G14 -> 0.936 | H32: Assolit
B33: O2.1 Millorar el benestar del PDI i del PTGAS en el seu lloc de treball | C33: A.2.1.1. Dur a terme el seguiment del Pla de Millores establert arran de l’avaluació de Riscos Psicosocials de 2023. | D33: Percentatge de mesures correctores executades derivades de les avaluacions de riscos laborals PE05_Ind02 | E33: =PE05_Ind02!D5 -> Mantenir el nivell 80% | F33: 0.81 | H33: Assolit
B34: O2.2 Millorar el benestar de l’alumnat i afavorir el sentiment de pertinença | C34: A.2.2.1. Consolidar la relació institucional i de col·laboració amb la representació de l’alumnat. | D34: Nombre d'ajuts aprovats per a l'organització d'activitats culturals, seminaris o congressos amb incorporació d'alumnat o PTGAS (PS01b-IND06) | E34: =PS01b_Ind06!D5 -> Augment progressiu dels ajuts i de les titulacions implicades | F34: =PS01b_Ind06!C15 -> 4 ajuts | H34: En progrés
C35: A.2.2.3. Millorar els espais físics de la Facultat amb presència activa de l’alumnat. | D35: Nombre i pressupost de les actuacions en manteniment i millora dels espais i l’equipament docent (PS01a-IND02) | E35: =PS01a_Ind02!D5 -> Mantenir o incrementar el pressupost destinat a manteniment i millora dels espais i equipament | F35: 119473.61 | H35: Assolit
B36: O2.3 Prevenir la violència per raó de sexe i de gènere i prevenir la discriminació | C36: A.2.3.2. Establir mecanismes restauratius i de confiança. amb garanties de no repetició i d’empatia amb les víctimes d’assetjament. abús de poder o de discriminació. | D36: NOU INDICADOR PER PROPERA REVISIÓ I DADES RETROSPECTIVES: ACTUACIONS EN RELACIÓ PROTOCOL ASSETJAMENT | E36: EN IMPLANTACIÓ
B37: O2.4 Garantir un funcionament eficaç dels canals de comunicació | C37: A.2.4.1 Millorar els instruments de comunicació de la Facultat. | D37: Nombre de seguidors i anàlisi de, Facebook, Instagram i YouTube (PS06_Ind07) | E37: =PS06_Ind07!D5 -> Incrementar l'impacte de les xarxes socials de la Facultat | F37: Facebook: 1528; Instagram: 3660; Youtube: 466 (42300 visualitacions, 3900 hores de visualització) | H37: Assolit
C38: A.2.4.3. Facilitar la tramitació de queixes. suggeriments i felicitacions i assegurar el retiment de comptes al respecte. | D38: Taxa d’eficàcia: percentatge de suggeriments i queixes resposts dins del termini establert (15 dies hàbils) (PS03_Ind01) | E38: =PS03_Ind01!D5 -> Mantenir més de 95% de respostes en termini | F38: =PS03_Ind01!K16 -> 0.97 | H38: Assolit
B39: O2.5 Assegurar una oferta cultural de Qualitat en relació a la docència i a la recerca i contribuir a la difusió de les activitats d’investigació | C39: A.2.5.1 Col·laborar més estretament amb entitats i persones externes a la UAB en l’organització d’activitats culturals. | D39: PROPOSTA NOU INDICADOR: Nombre d'activitats culturals organitzades des de la Facultat, | E39: EN IMPLANTACIÓ
B40: O2.6 Millorar l ’organització dels actes institucionals | C40: A.2.6.1 Intensificar el sentit de pertinença dels diversos col·lectius a través dels actes institucionals. | D40: PROPOSTA NOU INDICADOR ESTRATÈGIC: Estudiar i implantar, Incorporar dades al quadre de comandament retrospectivament: Inscripció en actes institucionals de la Facultat, | E40: EN IMPLANTACIÓ
B41: O3.1 Incentivar la participació en el govern de la Facultat | C41: A.3.1.1. Estimular la participació de l’alumnat en els òrgans i mecanismes de presa de decisió. | D41: Proporció de reunions de Comissions de Docència amb participació d'alumnat (PC07_Ind12) | E41: =PC07_Ind12!D5 -> Arribar al 100% de Comissions de Docència de les titulacions amb participació d'alumnat. Assoliment en 95% | F41: =PC07_Ind12!G19 -> 0.63333333 | H41: Cal seguiment
B42: O3.2 Participar i cooperar més activament amb el govern de la UAB | C42: A.3.2.1. Participar de forma activa en els òrgans de govern i comissions de la UAB per fer paleses les necessitats i prioritats de la Facultat | D42: Informe preguntes i intervencions en Comissions i altres òrgans centrals per part de membres de l'equip de deganat i altres | E42: EN ESTUDI. Proposta partida: Participació activa (pregunta/comentari/exposició) de mínim un membre de la Facultat a cada comissió | F42: EN IMPLANTACIÓ
B43: O3.3 Millorar el desplegament de reglaments i normatives pròpies i de la UAB | C43: A.3.3.3. Refer el Reglament de la Facultat un cop aprovat el Reglament marc d’estructures de la UAB. | D43: Redacció i aprovació del nou Reglament de la Facultat | E43: Redacció nous Estatus durant el mandat 2024-2030 | F43: Estudis preliminars, grups de treball sobre Pla Estratègic | H43: En progrés
B44: O3.4 Incentivar la transparència | C44: A.3.4.1. Difondre millor l’activitat de la Junta de Facultat. de la Junta Permanent i de les Comissions Delegades. | D44: PS06_Ind01, Nombre de visites a la pàgina web del Centre (Page Views) | E44: =PS06_Ind01!D5 -> Incrementar visites (implantació nova web) | F44: =PS06_Ind01!J14 -> 157.637 visites | H44: Neutre
B45: O4.1 Promoure accions específiques per a la promoció i per incrementar el reconeixement del valor dels estudis de la Facultat | C45: A.4.1.1 Promoure accions formatives en relació als graus i a les activitats de recerca de la Facultat. | D45: Nombre de centres de secundària i de persones participants en l’activitat “Els Matins a Lletres” (PC04_Ind05) | E45: =PC04_Ind05!D5 -> Situar-se al voltant de la xifra de 2022-2023 (10 centres o 100 estudiants) | F45: Centres 1. Estudiants 32 | H45: No assolit
D46: Visites de professors de la UAB a centres de secundària i ens locals o comarcals (PC04_Ind08) | E46: =PC04_Ind08!D5 -> Mantenir o incrementar la participació de professorat | F46: 194 visites als centres | H46: Cal seguiment
C47: A.4.1.2. Incrementar els contactes amb el món professional perquè coneguin els objectius formatius i d’ocupabilitat de les titulacions interdisciplinars i recentment renovades. | D47: Evidències de participació de professionals i persones ocupadores en el seguiment de les titulacions de grau (PC07_Ind13) | E47: =PC07_Ind13!D5 -> Implantar reunions amb regularitat de seguiment | F47: Totes les titulacions verificades han comptat amb reunió amb ocupadors | H47: En progrés
B48: O4.2 Incentivar activitats entorn a l’ocupabilitat i a l’emprenedoria | C48: A.4.2.1 Potenciar les pràctiques curriculars. | D48: Nombre i percentatge de titulacions que ofereixen una assignatura de PE, caràcter (OB o OT) de l’assignatura i nombre de crèdits (PC03a_Ind01) | E48: =PC03a_Ind01!D5 -> 100% en el cas de graus. Màsters: Incorporar assign. PE sempre que sigui factible | F48: Graus: 100% MU: 64,3% | H48: En progrés
D49: Nombre d’alumnes matriculats en pràctiques del total d’estudiants que arriben al final dels estudis (PC03a_Ind02) | E49: =PC03a_Ind02!D5 -> Incrementar fins el 40 % de l'alumnat candidat a les PE i no baixar del 35% en l'agregat | F49: =PC03a_Ind02!H16 -> 0.36351351 | H49: En progrés
D50: Nombre i percentatge d’alumnes matriculats en pràctiques OT de màster (PC03a_Ind04) | E50: =PC03a_Ind04!C6 -> Alumnes en PE / Total matriculats | F50: =PC03a_Ind04!G16 -> 0.61 | H50: En progrés
C51: A.4.2.2 Promoure el desenvolupament dels interessos laborals i professionals de l’alumnat. | D51: Adequació del treball dels graduats i graduades dels àmbits de la FFiL (enquesta AQU d'inserció laboral) (PS05_Ind09) | E51: =PS05_Ind09!D5 -> Mantenir nivells superiors a 65% i tendir a 70% | F51: =PS05_Ind09!F14 -> 0.6719 | H51: Assolit
B52: O4.3 Incentivar la internacionalització i millorar la gestió dels programes de mobilitat | C52: A.4.3.2 Potenciar els programes de mobilitat | D52: Nombre i percentatge d’estudiants de grau de la FFiL que participen en un programa de mobilitat OUT, desglossat per titulació i programa (PC06_Ind01) | E52: =PC06_Ind01!D5 -> Assolir i mantenir una taxa de mobilitat OUT ≥ 20% de manera sostinguda. amb objectiu d'avançar cap al 22–23% | F52: =PC06_Ind01!G16 -> 0.2637037 | H52: Assolit
D53: Nombre de crèdits matriculats i superats dels estudiants IN durant l’estada a la UAB (PC06_Ind05) | E53: =PC06_Ind05!D5 -> Mantenir un percentatge de crèdits superats per estudiants IN ≥ 80%. amb objectiu de consolidar valors pròxims al 82–83% | F53: =PC06_Ind05!O22 -> 0.8142 | H53: Assolit
D54: Nombre de convenis de col·laboració interuniversitària de mobilitat del Centre signats per països (PC06_Ind06) | E54: =PC06_Ind06!D5 -> Incrementar progressivament el nombre de convenis actius i països involucrats | F54: =PC06_Ind06!F17 -> 0.34382567 | H54: Assolit
D55: Nombre de professorat i PTGAS de la Facultat que ha realitzat una estada de mobilitat OUT (PC06_Ind08) | E55: =PC06_Ind08!D5 -> Mantenir una ràtio anual de mobilitat OUT del PDI ≥ 6% i avançar progressivament cap al 8%. Manteniment de la mobilitat OUT de PTGAS | F55: =PC06_Ind08!K21 -> 0.068181818 | H55: Assolit

Sheet PE02_Ind01
B2: Facultat de Filosofia i Lletres | E2: Fitxa de seguiment de l'indicador
B4: 1. Codi del l'indicador | D4: PE02_Ind01 | F4: 2. Nom de l'indicador | H4: Nombre i estat de les millores del Pla de Millores segons origen
B5: 3. Fita | D5: Resoldre el 90% o més de les propostes de millora en un màxim de 3 anys | F5: 4. Classificació | H5: Indicador estratègic Indicador d'avaluació de procediments
B6: 5. Càlcul de l'indicador | D6: Millores resoltes <3 anys / Total millores. Per any inici | F6: 6. Freqüència de la medició | H6: Anual
B7: 7. Responsable del procés | D7: Vicedegà/ana de Qualitat i Pla Estratègic i coordinador del SGIQ | F7: 8. Responsable de la gestió | H7: Gestor/a de Qualitat
B8: 9. Processos als que afecta | D8: PE02. Definició. Desplegament i Seguiment del Sistema de Garantia Interna de Qualitat (SGIQ) | F8: 10. Font obtenció de dades | H8: Gestió de Qualitat
B10: 11. Resultats
B11: SEGUIMENT FITA: Total de millores resoltes en 3 anys o menys segon anys d'inici | H11: Grau de compliment: Assolida (+90%)
B12: Nota: Millora resolta = Millora finalitzada + Millora desestimada
B14: Origen | D14: 2020 | E14: 2021 | F14: 2022 | G14: 2023 | H14: 2024 | I14: 2025
B15: Centre | D15: 0.76623377 | F15: 0.90540541 | G15: 0.72727273 | H15: 0.94285714 | I15: 0.35185185
B16: ISC - centre | D16: 0.72727273 | F16: 0.33333333 | G16: 0.83333333 | H16: 0.92307692 | I16: 0.6
B17: Revisió del SGIQ | D17: 0.77272727 | F17: 0.92957746 | G17: 0.6 | H17: 0.95454545 | I17: 0.29545455
B18: Titulacions | D18: 0.92647059 | E18: 1 | F18: 0.96 | G18: 0.69767442 | H18: 0.54901961 | I18: 0.21538462
B19: Procediments VSMA | D19: 0.75 | E19: 1 | F19: 1 | H19: 0.2
B20: ISC - titulacions | D20: 0.95 | E20: 1 | F20: 0.95555556 | G20: 0.69767442 | H20: 0.58695652 | I20: 0.21538462
B21: Total | D21: 0.84137931 | E21: 1 | F21: 0.92741935 | G21: 0.7037037 | H21: 0.70930233 | I21: 0.27731092
B23: Total de millores del pla de millores en data desembre 2025 (Històric)
B25: Origen | D25: Desestimada | E25: En procés | F25: Finalitzada | G25: Total
B26: Centre | D26: 77 | E26: 53 | F26: 273 | G26: 403
B27: AQU acreditació | D27: 5 | F27: 22 | G27: 27
B28: ISC - centre | D28: 14 | E28: 9 | F28: 59 | G28: 82
B29: Revisió del SGIQ | D29: 58 | E29: 44 | F29: 192 | G29: 294
B30: Titulacions | D30: 121 | E30: 89 | F30: 581 | G30: 791
B31: Procediments VSMA | D31: 22 | E31: 4 | F31: 130 | G31: 156
B32: ISC - titulacions | D32: 99 | E32: 85 | F32: 451 | G32: 635
B33: Total | D33: 198 | E33: 142 | F33: 854 | G33: 1194
B34: Distribució relativa CENTRE | C34: Distribució | D34: =D26/$G26 -> 0.191067 | E34: =E26/$G26 -> 0.13151365 | F34: =F26/$G26 -> 0.67741935 | G34: =G26/$G26 -> 1
B35: Distribució relativa TITULACiONS | C35: Distribució | D35: =D30/$G30 -> 0.15297092 | E35: =E30/$G30 -> 0.1125158 | F35: =F30/$G30 -> 0.73451327 | G35: =G30/$G30 -> 1
B36: Distribució relativa TOTAL | C36: Distribució | D36: =D33/$G33 -> 0.16582915 | E36: =E33/$G33 -> 0.11892797 | F36: =F33/$G33 -> 0.71524288 | G36: =G33/$G33 -> 1
B40: 12, Observacions
B41: Amb la revisió del SGIQ 2025 es modifica la fita "Incrementar progressivament fins al 100% el total de millores implementades sobre el total" per "Resoldre les propostes de millora en un màxim de 3 anys". L’indicador PE02_Ind1 mesura el percentatge de millores resoltes en un termini màxim de tres anys a partir de la seva data d’inici. D’acord amb la metodologia establerta, només s’hi consideren les millores iniciades fins al 2022 (ja madurades en el cicle triennal). El resultat obtingut és del 90,0 %, fet que implica el compliment íntegre de la fita establerta (≥ 90 %). Aquest resultat confirma que el SGIQ de la Facultat manté un funcionament robust i un ritme de resolució adequat de les propostes de millora, fins i tot en un context d’increment significatiu de noves actuacions provinents del seguiment de titulacions i de la revisió del propi SGIQ. Es constata, per tant, un nivell òptim d’efectivitat del Pla de Millores, coherent amb la condició de centre acreditat institucionalment i amb els estàndards AQU–AUDIT. Tot i el bon resultat, es recomana monitorar l’elevat volum de noves millores obertes els darrers cursos per assegurar la sostenibilitat dels cicles de tancament futurs.
K46: Semaforització
K48: Fita assolida
K49: Evolució positiva
K50: Cal seguiment
K51: Incompliment

Sheet PE03_Ind03
B2: Facultat de Filosofia i Lletres | E2: Fitxa de seguiment de l'indicador
B4: 1. Codi del l'indicador | D4: PE03_IND03 | F4: 2. Nom de l'indicador | H4: Nombre de propostes de noves titulacions verificades respecte de les proposades
B5: 3. Fita | D5: Assolir el 100% de noves titulacions verificades respecte de les proposades. en 1a o ss. Avaluacions | F5: 4. Classificació | H5: Indicador estratègic Indicador d'avaluació de procediments
B6: 5. Càlcul de l'indicador | D6: Proporció titulacions verificades sobre propostes enviades | F6: 6. Freqüència de la medició | H6: Anual
B7: 7. Responsable del procés | D7: Degà o Degana | F7: 8. Responsable de la gestió | H7: Gestor/a de Qualitat
B8: 9. Processos als que afecta | D8: PE03. Disseny. Creació i Extinció de titulacions. Mapa de titulacions | F8: 10. Font obtenció de dades | H8: Gestió de Qualitat de la Facultat
B10: 11. Resultats
B11: SEGUIMENT FITA: Total de titulacions verificades | E11: Grau de compliment: Assolida (100%)
D13: 2019/2020 | E13: 2020/2021 | F13: 2021/2022 | G13: 2022/2023 | H13: 2023/2024 | I13: 2024/2025
B14: Nombre de propostes de noves titulacions verificades en la 1a avaluació respecte de les proposades | D14: 6/6 (100%) | E14: 6/6 (100%) | F14: 2/3 (66,66%) | G14: 3/3 (100%) | H14: 2/4 (50%) | I14: 2/2 (100%)
B15: Nombre de propostes de noves titulacions verificades finalment | D15: 6/6 (100%) | E15: 6/6 (100%) | F15: 3/3 (100%) | G15: 2/2 (100%) | H15: 4/4 (100%)
B18: Curs acadèmic | C18: Titulacions verificades en 1a avaluació | E18: Titulacions verificades en 2a avaluació
B19: 2019-20 | C19: MU en Estudis Territorials i Planejament; MU en Arqueologia Prehistòrica; Grau en Estudis Anglesos; Grau en Llengua i Literatura Espanyoles; Grau en Ciència, Tecnologia i Humanitats; Grau en Història, Política i Economia Contemporànies (nova creació) | E19: —
B20: 2020-21 | C20: Grau d’Anglès i Clàssiques; Grau d’Anglès i Francès; Grau d’Anglès i Català; Grau d’Anglès i Espanyol; Grau de Català i Espanyol; Grau de Filologia i Cultura Franceses | E20: —
B21: 2021-22 | C21: MU en Estudis Teatrals; Grau en Arqueologia | E21: MU en Desafiaments de la Filosofia Contemporània: Una Perspectiva des de l’Ètica de la Cura (es verifica MU en Filosofies de la Cura, curs següent)
B22: 2022-23 | C22: Grau en Antropologia Social i Cultural; Master’s Degree in English Studies: Linguistic, Literary and Sociocultural Perspectives; MU en Filosofies de la Cura | E22: —
B23: 2023-24 | C23: MU en Humanitats i Patrimoni Digital; MU en Estudis Avançats de Llengua i Literatura Catalanes | E23: Grau d’Història; Grau d’Humanitats i Gestió de la Cultura (es verifiquen curs següent)
B24: 2024-25 | C24: Grau en Història; Grau en Humanitats i Gestió de la Cultura | E24: —
A29: 12, Observacions
A30: 2019-20 es verifiquen les següents titulacions: MU en Estudis Territorials i Planejament, MU en Arqueologia Prehistòrica, Grau en Estudis Anglesos, Grau en Llengua i Literatura Espanyoles, Grau en Ciència, Tecnologia i Humanitats i Grau en Història, Política i Economia Contemporànies, aquestes dues últimes de nova creació, 2020-21 es verifiquen les següents titulacions: Grau d'Anglès i Clàssiques, Grau d'Anglès i Francès, Grau d'Anglès i Català, Grau d'Anglès i Espanyol, Grau de Català i Espanyol i Grau de Filologia i Cultura Franceses 2021-22 es verifiquen les següents titulacions: MU en Estudis Teatrals i el Grau en Arqueologia, AQU desestima el MU en Desafiaments de la Filosofia Contemporània: Una Perspectiva des de l'ètica de la Cura 2022-23 es verifiquen les següents titulacions: Grau en Antropologia Social i Cultural, Master's Degree in English Studies: Linguistic, Literary and Sociocultural Perspectives i el MU en Filosofies de la Cura, quedant, per tant, verificat el Màster de Filosofia desestimat el curs anterior, 2023-24 es verifiquen les titulacions de MU en Humanitats i Patrimoni Digital i MU en Estudis Avançats de Llengua i Literatura Catalanes, no es verifiquen els graus d'Història i d'Humanitats en Gestió de la Cultura, 2024-25 es verifiquen el Grau en Història i el Grau en Humanitats i Gestió de la Cultura que no es verificar el curs anterior,

Sheet PE03_Ind08
B2: Facultat de Filosofia i Lletres | E2: Fitxa de seguiment de l'indicador
B4: 1. Codi del l'indicador | D4: PE03_Ind08 | F4: 2. Nom de l'indicador | H4: Nombre de titulacions interfacultatives (amb l'any d'implementació) i/o interuniversitàries
B5: 3. Fita | D5: Mantenir l'oferta de titulacions interfacultatives i interuniversitàries | F5: 4. Classificació | H5: Indicador de seguiment de resultats
B6: 5. Càlcul de l'indicador | F6: 6. Freqüència de la medició | H6: Anual
B7: 7. Responsable del procés | D7: Degà o Degana | F7: 8. Responsable de la gestió | H7: Gestor/a de Qualitat
B8: 9. Processos als que afecta | D8: PE03. Disseny. Creació i Extinció de titulacions. Mapa de titulacions | F8: 10. Font obtenció de dades | H8: Gestió de Qualitat
B10: 11. Resultats
B11: SEGUIMENT FITA: Manteniment oferta interfacultativa i interuniversitària | F11: Grau de compliment: Assolida (100%)
D13: 2017/2018 | E13: 2018/2019 | F13: 2019/2020 | G13: 2020/2021 | H13: 2021/2022 | I13: 2022/2023 | J13: 2023/2024 | K13: 2024/2025 | L13: 2025/2026
B14: Nombre de titulacions interfacultatives coordinades per la Facultat | F14: 1G | G14: 1G | H14: 2G | I14: 2G | J14: 2G | K14: 2G | L14: 2G
B15: Nombre de titulacions interfacultatives no coordinades per la Facultat | G15: 2G | H15: 2G | I15: 2G | J15: 2G | K15: 2G | L15: 2G
B16: Nombre de titulacions interuniversitàries coordinades per la Facultat | D16: 6 | E16: 6 | F16: 7 | G16: 5 (4M/1G) | H16: 6 (4M/2G) | I16: 6 (4M/2G) | J16: 4 (3M/1G) | K16: 4 (3M/1G) | L16: 3 (2M/1G)
B17: Nombre de titulacions interuniversitàries no coordinades per la UAB | D17: 8 M | E17: 10 M | F17: 10 M | G17: 9 M | H17: 9 M | I17: 9 M | J17: 9 M | K17: 10 M | L17: 10 M
B20: 12, Observacions
B21: G: Graus/ M: Màsters, En el curs 2019/2020 s'inicia el Grau en Estudis Socioculturals de Gènere (interfacultatiu coordinat per la facultat) en el curs 2020/2021 s'inicien els estudis del Grau en Gestió de les Ciutats Intel·ligents i Sostenibles i el Grau en Espanyol i Xinès, ambdos coordinats per altres facultats, En el curs 2021/2022 s'inicien els estudis de Ciència, Tecnologia i Humanitats (grau interuniversitari coordinat per la facultat) i Història, Política i Ecnonomia Contemporànies (grau interfacultatiu coordinat per la facultat), En el curs 2023/2024 deixen de ser interunivesitaris els estudis del Grau en Francès i el Màster d'Estudis Teatrals (tots dos coordinats per la facultat), En el curs 2025/26 deixa de ser interuniversitari el màster d'Humanitats i Patrimoni Digital que coordinavem. La Facultat manté una participació sostinguda en titulacions interfacultatives i interuniversitàries, un tret coherent amb el seu mapa docent ampli i transversal. El volum global és similar al d’altres centres UAB amb forta presència interdisciplinària, i s’alinea amb el model del SUC, on Humanitats i Ciències Socials depenen sovint de programes compartits entre institucions. A escala internacional, les facultats d’Humanitats consolidades mantenen un ecosistema de titulacions híbrides i consorciades com a senyal de dinamisme acadèmic. Tot i les oscil·lacions recents (reducció puntual de màsters interuniversitaris), el conjunt mostra una oferta madura i ben articulada, coherent amb les tendències europees d’interdisciplinarietat (EHEA).

Sheet PE04_Ind01
B2: Facultat de Filosofia i Lletres | E2: Fitxa de seguiment de l'indicador
B4: 1. Codi del l'indicador | D4: PE04_Ind01 | F4: 2. Nom de l'indicador | H4: Hores HIDA impartides als graus per professorat amb titulació de doctor
B5: 3. Fita | D5: Mantenir o superar el nivell 80% i sempre per sobre del 50% establert al RD 640/2021 | F5: 4. Classificació | H5: Indicador d'avaluació dels procediments
B6: 5. Càlcul de l'indicador | D6: HIDA doctors / HIDA total | F6: 6. Freqüència de la medició | H6: Anual
B7: 7. Responsable del procés | D7: Degà o Degana | F7: 8. Responsable de la gestió | H7: Gestor/a de Qualitat
B8: 9. Processos als que afecta | D8: PE04. Política i Gestió del PDI | F8: 10. Font obtenció de dades | H8: Datadash
B10: 11. Resultats
B11: SEGUIMENT FITA: Manteniment o superar nivell 80% | F11: Grau de compliment: Evolució positiva (mitjana graus 78%)
B13: Graus | E13: 2021/22 | F13: 2022/23 | G13: 2023/24 | H13: 2024/25 | J13: Semaforització
B14: Grau en Antropologia Social i Cultural | E14: 0.81851838 | F14: 0.80466981 | G14: 0.79204056 | H14: 0.81118589
B15: Grau en Arqueologia | E15: 0.86966913 | F15: 0.89495197 | G15: 0.86480216 | H15: 0.83903697 | J15: Fita assolida
B16: Grau en Ciència, Tecnologia i Humanitats | E16: 1 | F16: 0.9625 | G16: 0.79043 | H16: 0.87013566
B17: Grau en Ciències de l'Antiguitat | E17: 0.77470535 | F17: 0.81421536 | G17: 0.85748984 | H17: 0.83909321 | J17: Evolució positiva
B18: Grau en Estudis Anglesos | E18: 0.82459444 | F18: 0.75342442 | G18: 0.75463689 | H18: 0.74521512
B19: Grau en Estudis d'Anglès i Català | E19: 0.73991787 | F19: 0.72297868 | G19: 0.63940257 | H19: 0.61135293 | J19: Cal seguiment
B20: Grau en Estudis d'Anglès i de Clàssiques | E20: 0.73034296 | F20: 0.67436078 | G20: 0.59125418 | H20: 0.5991883
B21: Grau en Estudis d'Anglès i Espanyol | E21: 0.73355371 | F21: 0.72676559 | G21: 0.69131609 | H21: 0.64690319 | J21: Incompliment
B22: Grau en Estudis d'Anglès i Francès | E22: 0.78893058 | F22: 0.76223458 | G22: 0.67264678 | H22: 0.71878
B23: Grau en Estudis de català i espanyol | E23: 0.7614093 | F23: 0.74622043 | G23: 0.79481205 | H23: 0.85284001
B24: Grau en Estudis Francesos | E24: 0.84345552 | F24: 0.94721855 | G24: 0.99458902 | H24: 0.99430907
B25: Grau en Estudis Socioculturals de Gènere | E25: 0.66250726 | F25: 0.72408728 | G25: 0.72729289 | H25: 0.67421173
B26: Grau en Filologia Catalana: Estudis de Literatura i Lingüística | E26: 0.90817867 | F26: 0.87069128 | G26: 0.94682973 | H26: 0.93372286
B27: Grau en Filosofia | E27: 0.87076641 | F27: 0.89509786 | G27: 0.85142082 | H27: 0.78917443
B28: Grau en Geografia, Medi Ambient i Planificació Territorial | E28: 0.87257445 | F28: 0.83639269 | G28: 0.74223226 | H28: 0.70910645
B29: Grau en Història | E29: 0.86142594 | F29: 0.84276716 | G29: 0.84949 | H29: 0.83423265
B30: Grau en Història de l'Art | E30: 0.75386489 | F30: 0.72852124 | G30: 0.79306072 | H30: 0.8514007
B31: Grau en Història, Política i Economia Contemporànies / Contemporary History, Politics and Economics | E31: 0.85 | F31: 0.76333 | G31: 0.91708535 | H31: 0.68877054
B32: Grau en Humanitats | E32: 0.78294437 | F32: 0.79787097 | G32: 0.72122246 | H32: 0.73918619
B33: Grau en Llengua i Literatura Espanyoles | E33: 0.84873893 | F33: 0.84561535 | G33: 0.85369992 | H33: 0.8731365
... B39: Mitjana dels Graus UAB | E39: 0.71900822 | F39: 0.70740948 | G39: 0.71058665 | H39: 0.71524991
B41: Font: DataDash > Informes de Seguiment > Dossier Seguiment Graus > Professorat: grau doctor/a per categ > Tots els cursos
B42: Data de les dades: 1/3/26
B43: Darrera revisió, Gestió Qualitat FFiL: 13/3/2026
B45: 12, Observacions
B46: Els resultats del PE04_Ind01 mostren que la Facultat manté un nivell molt alt d’hores HIDA impartides per professorat doctor (78–81%), per sobre de la fita del 80%, del mínim legal del 50% i de les mitjanes UAB i SUC. Aquest comportament s’alinea amb els estàndards europeus d’universitats i evidencia una plantilla consolidada i estable. La lleu davallada de 2024/25 no compromet la solidesa global de l’indicador.

Sheet PE04_Ind02
B2: Facultat de Filosofia i Lletres | E2: Fitxa de seguiment de l'indicador
B4: 1. Codi del l'indicador | D4: PE04_Ind02 | F4: 2. Nom de l'indicador | H4: Hores HIDA impartides als graus per categoria laboral de professorat
B5: 3. Fita | D5: Assolir ≥ 60% PDI permanent+lector i progressar fins al 65% | F5: 4. Classificació | H5: Indicador de seguiment dels resultats
B6: 5. Càlcul de l'indicador | D6: Proporció hores HIDA impartides per professorat permanent o lector | F6: 6. Freqüència de la medició | H6: Anual
B7: 7. Responsable del procés | D7: Degà o Degana | F7: 8. Responsable de la gestió | H7: Gestor/a de Qualitat
B8: 9. Processos als que afecta | D8: PE04. Política i Gestió del PDI | F8: 10. Font obtenció de dades | H8: Datadash
B10: 11. Resultats
B11: SEGUIMENT FITA: Mantenir ≥ 60% PDI permanent+lector | F11: Grau de compliment: Evolució positiva (mitjana graus 64%)
B13: Tipologia | C13: CURS
C14: 2022/23 | D14: % s/total | F14: 2023/24 | G14: % s/total | I14: 2024/25 | J14: % s/total
B15: Permanent | C15: 26268.2 | D15: 0.542 | F15: 26334.7 | G15: 0.524 | I15: 24592.2 | J15: 0.477
B16: Lector | C16: 2039.7 | D16: 0.042 | F16: 4729.6 | G16: 0.094 | I16: 8210.4 | J16: 0.159
B17: Permanent +Lector | C17: =SUM(C15:C16) -> 28307.9 | D17: =SUM(D15:E16) -> 0.584 | F17: =SUM(F15:F16) -> 31064.3 | G17: =SUM(G15:H16) -> 0.618 | I17: =SUM(I15:I16) -> 32802.6 | J17: =SUM(J15:K16) -> 0.636
B18: No permanent* | C18: 20118.2 | D18: 0.415 | F18: 19184.4 | G18: 0.382 | I18: 18710.3 | J18: 0.363
B19: Total | C19: 48426.1 | D19: 1 | F19: 50248.8 | G19: 1 | I19: 51513 | J19: 1
B21: Proporció Hores HIDA Professorat Permanent
B22: Graus | D22: 2021/22 | E22: 2022/23 | F22: 2023/24 | G22: 2024/25 | I22: Semaforització
B23: Grau en Antropologia Social i Cultural | D23: 0.35515035 | E23: 0.51873801 | F23: 0.53017098 | G23: 0.54166571
B24: Grau en Arqueologia | D24: 0.64148797 | E24: 0.68826429 | F24: 0.64556129 | G24: 0.68277094 | I24: Fita assolida
B25: Grau en Ciència, Tecnologia i Humanitats | D25: 0.81 | E25: 0.8125 | F25: 0.61685 | G25: 0.60832915
B26: Grau en Ciències de l'Antiguitat | D26: 0.53993753 | E26: 0.63859073 | F26: 0.73502997 | G26: 0.70726455 | I26: Evolució positiva
B27: Grau en Estudis Anglesos | D27: 0.53239671 | E27: 0.56854321 | F27: 0.63226589 | G27: 0.66892261
B28: Grau en Estudis d'Anglès i Català | D28: 0.44326071 | E28: 0.51140612 | F28: 0.57920565 | G28: 0.52147749 | I28: Cal seguiment
B29: Grau en Estudis d'Anglès i de Clàssiques | D29: 0.54840625 | E29: 0.37996636 | F29: 0.47524648 | G29: 0.43701208
B30: Grau en Estudis d'Anglès i Espanyol | D30: 0.48186546 | E30: 0.52712587 | F30: 0.57423747 | G30: 0.56381096 | I30: Incompliment
B31: Grau en Estudis d'Anglès i Francès | D31: 0.69630739 | E31: 0.67217461 | F31: 0.63141046 | G31: 0.69752145
B32: Grau en Estudis de català i espanyol | D32: 0.46407385 | E32: 0.58895457 | F32: 0.69137955 | G32: 0.76436742
B33: Grau en Estudis Francesos | D33: 0.85264825 | E33: 0.89438408 | F33: 0.99458902 | G33: 0.98861814
B34: Grau en Estudis Socioculturals de Gènere | D34: 0.40736647 | E34: 0.31926119 | F34: 0.39628616 | G34: 0.39399113
B35: Grau en Filologia Catalana: Estudis de Literatura i Lingüística | D35: 0.69348322 | E35: 0.74567827 | F35: 0.74905567 | G35: 0.88165792
B36: Grau en Filosofia | D36: 0.57226792 | E36: 0.68137773 | F36: 0.71225536 | G36: 0.66662792
B37: Grau en Geografia, Medi Ambient i Planificació Territorial | D37: 0.74862692 | E37: 0.72466832 | F37: 0.64293495 | G37: 0.57400681
B38: Grau en Història | D38: 0.61909888 | E38: 0.63223319 | F38: 0.64450098 | G38: 0.66727499
B39: Grau en Història de l'Art | D39: 0.49731023 | E39: 0.45481191 | F39: 0.58247179 | G39: 0.71325928
B40: Grau en Història, Política i Economia Contemporànies / Contemporary History, Politics and Economics | D40: 0.4 | E40: 0.25 | F40: 0.51773939 | G40: 0.51373739
B41: Grau en Humanitats | D41: 0.4936012 | E41: 0.53003413 | F41: 0.53036638 | G41: 0.56672968
B42: Grau en Llengua i Literatura Espanyoles | D42: 0.60216924 | E42: 0.67499449 | F42: 0.71621001 | G42: 0.77284833
... B44: Total HIDA Graus Fac | D44: 0.55217855 | E44: 0.58455845 | F44: 0.61821068 | G44: 0.6365773
B45: Mitjana dels Graus Facultat | D45: =AVERAGE(D23:D43) -> 0.56270611 | E45: =AVERAGE(E23:E43) -> 0.58181366 | F45: =AVERAGE(F23:F43) -> 0.62488445 | G45: =AVERAGE(G23:G43) -> 0.64491458
B47: Total HIDA Graus UAB | D47: 0.338 | E47: 0.323 | F47: 0.429 | G47: 0.467
B48: Total HIDA Graus UAB (sense F,Medicina) | D48: 0.48018441 | E48: 0.48688081 | F48: 0.52492497 | G48: 0.57600922
B49: Mitjana dels Graus UAB | D49: 0.48861546 | E49: 0.498 | F49: 0.537 | G49: 0.58087963
B51: Font: DataDash > Informes de Seguiment > Dossier Seguiment Graus > Professorat: hores de les categories AQU > Tots els cursos
B52: Data de les dades: 1/3/26
B53: Darrera revisió, Gestió Qualitat FFiL: 13/3/2026
B55: 12, Observacions
B56: Amb la definició corregida (permanent = permanent + lector), la Facultat assoleix i supera la fita del 60% en els dos darrers cursos i se situa clarament per sobre de les mitjanes UAB, del patró SUC i dels estàndards internacionals en Humanitats. La semaforització és adequada i reflecteix fidelment la tendència positiva d’estabilitat docent de la Facultat.

Sheet PE04_Ind03
B2: Facultat de Filosofia i Lletres | E2: Fitxa de seguiment de l'indicador
B4: 1. Codi del l'indicador | D4: PE04_Ind03 | F4: 2. Nom de l'indicador | H4: Participació del professorat en cursos de formació per a personal docent de la UAB
B5: 3. Fita | D5: Assolir una ratio participacions/professorat superior a 3 | F5: 4. Classificació | H5: Indicador d'avaluació dels procediments
B6: 5. Càlcul de l'indicador | D6: Participacions cursos / Professorat departament | F6: 6. Freqüència de la medició | H6: Anual
B7: 7. Responsable del procés | D7: Degà o Degana | F7: 8. Responsable de la gestió | H7: Gestor/a de Qualitat
B8: 9. Processos als que afecta | D8: PE04. Política i Gestió del PDI | F8: 10. Font obtenció de dades | H8: Unitat de Formació
B10: 11. Resultats
B11: SEGUIMENT FITA: Assolir ratio superior a 3 | F11: Grau de compliment: Evolució positiva (2,8)
C14: 2022/23 | F14: 2023/24 | I14: 2024/25
B15: Departament | C15: Participacions | D15: Total de professorat | E15: Ratio Participacions / professorat | F15: Participacions | G15: Total de professorat | H15: Ratio Participacions / professorat | I15: Participacions | J15: Total de professorat | K15: Ratio Participacions / professorat
B16: Antropologia Social i Cultural | C16: 142 | D16: 33 | E16: =C16/D16 -> 4.3030303 | F16: 116 | G16: 30 | H16: =F16/G16 -> 3.8666667 | I16: 110 | J16: 31 | K16: =I16/J16 -> 3.5483871
B17: Art i Musicologia | C17: 156 | D17: 46 | E17: =C17/D17 -> 3.3913043 | F17: 147 | G17: 45 | H17: =F17/G17 -> 3.2666667 | I17: 102 | J17: 45 | K17: =I17/J17 -> 2.2666667
B18: CC Antiguitat i Edat Mitjana | C18: 178 | D18: 53 | E18: =C18/D18 -> 3.3584906 | F18: 125 | G18: 49 | H18: =F18/G18 -> 2.5510204 | I18: 126 | J18: 49 | K18: =I18/J18 -> 2.5714286
B19: Filologia Anglesa i Germanística | C19: 132 | D19: 45 | E19: =C19/D19 -> 2.9333333 | F19: 119 | G19: 45 | H19: =F19/G19 -> 2.6444444 | I19: 103 | J19: 48 | K19: =I19/J19 -> 2.1458333
B20: Filologia Catalana | C20: 157 | D20: 51 | E20: =C20/D20 -> 3.0784314 | F20: 113 | G20: 53 | H20: =F20/G20 -> 2.1320755 | I20: 111 | J20: 54 | K20: =I20/J20 -> 2.0555556
B21: Filologia Espanyola | C21: 255 | D21: 71 | E21: =C21/D21 -> 3.5915493 | F21: 226 | G21: 70 | H21: =F21/G21 -> 3.2285714 | I21: 209 | J21: 71 | K21: =I21/J21 -> 2.943662
B22: Filologia Francesa i Romànica | C22: 55 | D22: 20 | E22: =C22/D22 -> 2.75 | F22: 51 | G22: 20 | H22: =F22/G22 -> 2.55 | I22: 44 | J22: 21 | K22: =I22/J22 -> 2.0952381
B23: Filosofia | C23: 141 | D23: 45 | E23: =C23/D23 -> 3.1333333 | F23: 106 | G23: 44 | H23: =F23/G23 -> 2.4090909 | I23: 155 | J23: 44 | K23: =I23/J23 -> 3.5227273
B24: Geografia | C24: 265 | D24: 74 | E24: =C24/D24 -> 3.5810811 | F24: 197 | G24: 77 | H24: =F24/G24 -> 2.5584416 | I24: 230 | J24: 76 | K24: =I24/J24 -> 3.0263158
B25: Història Moderna i Contemporània | C25: 204 | D25: 47 | E25: =C25/D25 -> 4.3404255 | F25: 120 | G25: 47 | H25: =F25/G25 -> 2.5531915 | I25: 135 | J25: 46 | K25: =I25/J25 -> 2.9347826
B26: Prehistòria | C26: 130 | D26: 21 | E26: =C26/D26 -> 6.1904762 | F26: 73 | G26: 21 | H26: =F26/G26 -> 3.4761905 | I26: 74 | J26: 21 | K26: =I26/J26 -> 3.5238095
B27: Total | C27: =SUM(C16:C26) -> 1815 | D27: =SUM(D16:D26) -> 506 | E27: =C27/D27 -> 3.5869565 | F27: =SUM(F16:F26) -> 1393 | G27: =SUM(G16:G26) -> 501 | H27: =F27/G27 -> 2.7804391 | I27: =SUM(I16:I26) -> 1399 | J27: 506 | K27: =I27/J27 -> 2.7648221
B28: Nombre de participants i % | D28: 424 | E28: 0.8379 | G28: 279 | H28: 0.5569 | J28: 312 | K28: 0.6166
B29: *
B33: 12, Observacions
B34: La ratio mostra el nombre de participacions per a cada membre del professorat, Una participació elevada no significa que cada professor hagi realitzat aquest nombre de cursos, Serveix per veure si realment la participació en processos formatius s'esta duent a terme, Cal poder accedir a dades de formació, veure per a cada membre del PDI el nombre de cursos realitzats, Pot ser una proposta de millora on participaria la Unitat de Formació, L’indicador PE04_Ind03 evidencia una participació formativa del PDI molt per sobre dels estàndards UAB, del sistema universitari català i de les referències internacionals. Tot i la davallada de 2022/23 a 2023/24, la Facultat manté sempre més del 50% de professorat participant i recupera activitat el 2024/25. La fita és adequada com a llindar mínim, però el semàfor no reflecteix completament la dinàmica interna ni la distribució desigual entre departaments. Es recomana distingir persones participants, accedir a dades per PDI i establir un objectiu d’excel·lència ≥65%. La semaforització de les ràtios participacions/professorat mostra que la Facultat manté una cultura formativa alta, amb diversos departaments en verd (≥3 participacions/docent) i la majoria en franges acceptables (ambre). En comparació UAB, la FFiL presenta nivells de participació sistemàticament superiors, ja que la mitjana institucional i la d’altres centres sol oscil·lar entre 1 i 2 participacions docent/any (dades de la Unitat de Formació UAB). A escala SUC, els informes de l’ACUP indiquen que la formació docent contínua rarament supera el 40–50% del PDI, fet que situa la FFiL clarament per sobre dels valors habituals del sistema català. Internacionalment, els faculty development centers de EUA/Canadà reporten que només un terç del professorat participa anualment en formació docent, per tant les ràtios de la Facultat reflecteixen un comportament altament alineat amb bones pràctiques internacionals. La tendència lleugerament descendent d’alguns departaments suggereix la necessitat de seguiment focalitzat, però el perfil global és clarament positiu i robust. | H34: Semaforització
H36: Fita assolida
H38: Evolució positiva
H40: Cal seguiment
H42: Incompliment

Sheet PE04_Ind08
B2: Facultat de Filosofia i Lletres | F2: Fitxa de seguiment de l'indicador
B4: 1. Codi del l'indicador | D4: PE04_Ind08 | F4: 2. Nom de l'indicador | H4: Percentatge de professorat avaluat favorablement en relació al total d’avaluats
B5: 3. Fita | D5: Incrementar fins al 100% d'avaluats favorablement. mantenint una proporció superior al 90% | F5: 4. Classificació | H5: Indicador Estratègic Indicador d'Avaluació dels Procediments
B6: 5. Càlcul de l'indicador | D6: S'extreu de l'informe de tram docent autonòmic anual | F6: 6. Freqüència de la medició | H6: Anual
B7: 7. Responsable del procés | D7: Degà o Degana | F7: 8. Responsable de la gestió | H7: Secretaria de Deganat
B8: 9. Processos als que afecta | D8: PE04. Política i Gestió del PDI | F8: 10. Font obtenció de dades | H8: Arxiu digital FFiL PE04_Out02 Resolució trams docents professorat
B10: 11. Resultats
B11: SEGUIMENT FITA: Avaluacions favorables igual o superior a 90% | G11: Grau de compliment: Fita assolida (94%)
D13: 2022 | E13: 2023 | F13: 2024 | G13: 2025
C14: Percentatge favorable | D14: 0.96 | E14: 0.918 | F14: 0.951 | G14: 0.936
C15: avaluats favorablement | D15: 48 | E15: 56 | F15: 59 | G15: 44
C17: InformeTramDocentAutonomic2022
C18: InformeTramDocentAutonomic2023
C19: InformeTramDocentAutonomic2024
C20: InformeTramDocentAutonomic2025
B23: 12, Observacions | H23: Semaforització
B24: L’indicador PE04_Ind08 mostra un rendiment docent alt, amb valors entre el 91% i el 96% del professorat avaluat favorablement en el Tram Docent autonòmic. La Facultat supera àmpliament la fita institucional (>90%) i es posiciona per sobre de les mitjanes de la UAB i del conjunt del Sistema Universitari Català. A escala internacional, aquests valors equivalen a un nivell alt de Qualitat docent verificable. La semaforització recomanada (Verd ≥90%) confirma una trajectòria sòlida i sostinguda. Es recomana mantenir la fita actual i reforçar el seguiment qualitatiu de l’impacte docent.
H25: Fita assolida
H26: Evolució positiva
H27: Cal seguiment
H28: Incompliment

Sheet PE04_Ind09
B2: Facultat de Filosofia i Lletres | E2: Fitxa de seguiment de l'indicador
B4: 1. Codi del l'indicador | D4: PE04_Ind09 | F4: 2. Nom de l'indicador | G4: Percentatge de professorat amb qualificació A a tots els indicadors avaluats i amb qualificació A en quatre dels cinc ítems
B5: 3. Fita | D5: Mantenir valors iguals o superiors UAB | F5: 4. Classificació | G5: Indicador d'avaluació de procediments
B6: 5. Càlcul de l'indicador | D6: Professorat en cada categoria / Total professorat | F6: 6. Freqüència de la medició | G6: Anual
B7: 7. Responsable del procés | D7: Degà o Degana | F7: 8. Responsable de la gestió | G7: Gestor/a de Qualitat
B8: 9. Processos als que afecta | D8: PE04. Política i Gestió del PDI | F8: 10. Font obtenció de dades | G8: Arxiu Digital de la FFiL. Informe tram docent autonòmic
B10: 11. Resultats
B11: SEGUIMENT FITA: Valors iguals o superiors UAB | F11: Grau de compliment: Fita assolida
C13: professorat informat (a) | D13: professorat presentat (b) | E13: Percentatge (b/a) | G13: avaluació positiva
G15: Positiva | I15: AAAAA | K15: AAAAB
G16: (sobre b) | I16: (sobre b) | K16: (sobre b)
C17: FFiL | D17: FFiL | E17: FFiL | F17: UAB | G17: FFiL | H17: UAB | I17: FFiL | J17: UAB | K17: FFiL | L17: UAB
B18: 2020 | C18: 66 | D18: 39 | E18: =D18/C18 -> 0.59090909 | F18: =249/437 -> 0.56979405 | G18: 0.97 | H18: 0.9478 | I18: 0.0606 | J18: =19/262 -> 0.072519084 | K18: 0.1515 | L18: =24/262 -> 0.091603053
B19: 2021 | C19: 62 | D19: 39 | E19: =D19/C19 -> 0.62903226 | F19: =(225+28)/(269+173) -> 0.57239819 | G19: 0.8974 | H19: 0.9209 | I19: 0.0571 | J19: =13/249 -> 0.052208835 | K19: 0.0286 | L19: =16/249 -> 0.064257028
B20: 2022 | C20: 78 | D20: 57 | E20: =D20/C20 -> 0.73076923 | F20: =(240+25)/(296+171) -> 0.56745182 | G20: 0.95 | H20: 0.9132 | I20: 0.07 | J20: =12/272 -> 0.044117647 | K20: 0.06 | L20: =32/272 -> 0.11764706
B21: 2023 | C21: 93 | D21: 64 | E21: =D21/C21 -> 0.68817204 | F21: =(290+30)/(376+175) -> 0.58076225 | G21: 0.91 | H21: 0.9063 | I21: 0.06 | J21: =12/346 -> 0.034682081 | K21: 0.09 | L21: =23/346 -> 0.066473988
B22: 2024 | C22: 97 | D22: 67 | E22: =D22/C22 -> 0.69072165 | F22: =(236+73)/(296+216) -> 0.60351562 | G22: 0.94 | H22: 0.877 | I22: 0.13 | J22: =24/321 -> 0.074766355 | K22: 0.16 | L22: =31/321 -> 0.096573209
B23: 2025 | C23: 89 | D23: 49 | E23: =D23/C23 -> 0.5505618 | F23: 0.583 | G23: 0.94 | H23: 0.9112 | I23: 0.12 | J23: =26/364 -> 0.071428571 | K23: 0.16 | L23: =34/364 -> 0.093406593
B26: 12, Observacions
B27: Totes les dades d’aquest indicador se situen per sobre o en la mitjana de la UAB, per tant s’assoleix la fita de l’indicador.
H28: InformeTramDocentAutonomic2022
H29: InformeTramDocentAutonomic2023
H30: InformeTramDocentAutonomic2024
H31: InformeTramDocentAutonomic2025

Sheet PE04_Ind10
B2: Facultat de Filosofia i Lletres | E2: Fitxa de seguiment de l'indicador
B4: 1. Codi del l'indicador | D4: PE04_Ind10 | F4: 2. Nom de l'indicador | H4: Nombre i percentatge de professorat dels departaments adscrits a la Facultat amb tram viu de docència
B5: 3. Fita | D5: Mantenir la proporció sobre del 80% del professor permanent + lectors | F5: 4. Classificació | H5: Indicador d'avaluació dels procediments
B6: 5. Càlcul de l'indicador | D6: Indicador | F6: 6. Freqüència de la medició | H6: Anual
B7: 7. Responsable del procés | D7: Degà o Degana | F7: 8. Responsable de la gestió | H7: Secretaria de Deganat
B8: 9. Processos als que afecta | D8: PE04. Política i Gestió del PDI | F8: 10. Font obtenció de dades | H8: OGD
B10: 11. Resultats
B11: SEGUIMENT FITA: Proporció igual o superior 80%
C13: Taula resum
C14: 2019 | D14: 2020 | E14: 2021 | F14: 2022 | G14: 2023 | H14: 2024 | I14: 2025
B15: Professorat permanent + lector | C15: =D35 -> 257 | D15: =F35 -> 250 | E15: =H35 -> 252 | F15: =J35 -> 264 | G15: =L35 -> 269 | H15: =N35 -> 303 | I15: =P35 -> 314
B16: Professorat amb tram viu | C16: =C35 -> 231 | D16: =E35 -> 230 | E16: =G35 -> 222 | F16: =I35 -> 220 | G16: =K35 -> 237 | H16: =M35 -> 248 | I16: =O35 -> 259
B17: Proporció amb tram viu | C17: =C16/C15 -> 0.89883268 | D17: =D16/D15 -> 0.92 | E17: =E16/E15 -> 0.88095238 | F17: =F16/F15 -> 0.83333333 | G17: =G16/G15 -> 0.88104089 | H17: =H16/H15 -> 0.81848185 | I17: =I16/I15 -> 0.82484076
B21: Departaments | C21: 43647 | E21: 44013 | G21: 44378 | I21: 44743 | K21: 45108 | M21: 45474 | O21: 45839
C22: AMB TRAM | D22: Prof. Perm +Lector | E22: AMB TRAM | F22: Prof. Perm +Lector | G22: AMB TRAM | H22: Prof. Perm +Lector | I22: AMB TRAM | J22: Prof. Perm +Lector | K22: AMB TRAM | L22: Prof. Perm +Lector | M22: Tram viu | N22: Prof. Perm +Lector | O22: tram viu | P22: Prof. Perm +Lector
I23: Data de les dades: 04/12/2022 | K23: Data dades 07/04/24 | M23: Data dades: 26/04/2026 | O23: Data dades: 26/04/2026
B24: ANTROPOLOGIA SOCIAL I CULTURAL | C24: 14 | D24: 18 | E24: 15 | F24: 17 | G24: 15 | H24: 17 | I24: 15 | J24: 16 | K24: 13 | L24: 17 | M24: 15 | N24: 18 | O24: 14 | P24: 17
B25: ART I MUSICOLOGIA | C25: 19 | D25: 19 | E25: 18 | F25: 20 | G25: 16 | H25: 20 | I25: 15 | J25: 20 | K25: 17 | L25: 21 | M25: 18 | N25: 28 | O25: 24 | P25: 31
B26: CC ANTIGUITAT I EDAT MITJANA | C26: 26 | D26: 26 | E26: 26 | F26: 25 | G26: 25 | H26: 27 | I26: 25 | J26: 30 | K26: 26 | L26: 31 | M26: 28 | N26: 33 | O26: 28 | P26: 34
B27: FILOLOGIA ANGLESA I GERMANÍSTICA | C27: 19 | D27: 21 | E27: 18 | F27: 20 | G27: 18 | H27: 20 | I27: 17 | J27: 23 | K27: 22 | L27: 24 | M27: 23 | N27: 28 | O27: 24 | P27: 28
B28: FILOLOGIA CATALANA | C28: 29 | D28: 32 | E28: 31 | F28: 31 | G28: 31 | H28: 31 | I28: 28 | J28: 30 | K28: 28 | L28: 29 | M28: 27 | N28: 32 | O28: 27 | P28: 31
B29: FILOLOGIA ESPANYOLA | C29: 29 | D29: 32 | E29: 26 | F29: 30 | G29: 25 | H29: 29 | I29: 26 | J29: 33 | K29: 26 | L29: 33 | M29: 30 | N29: 40 | O29: 34 | P29: 42
B30: FILOLOGIA FRANCESA I ROMÀNICA | C30: 12 | D30: 14 | E30: 11 | F30: 14 | G30: 11 | H30: 15 | I30: 12 | J30: 15 | K30: 13 | L30: 13 | M30: 12 | N30: 13 | O30: 13 | P30: 13
B31: FILOSOFIA | C31: 17 | D31: 20 | E31: 18 | F31: 20 | G31: 17 | H31: 20 | I31: 17 | J31: 21 | K31: 19 | L31: 22 | M31: 20 | N31: 26 | O31: 20 | P31: 28
B32: GEOGRAFIA | C32: 30 | D32: 34 | E32: 31 | F32: 33 | G32: 28 | H32: 32 | I32: 27 | J32: 32 | K32: 32 | L32: 33 | M32: 33 | N32: 34 | O32: 32 | P32: 37
B33: HISTÒRIA MODERNA I CONTEMPORÀNIA | C33: 25 | D33: 30 | E33: 26 | F33: 29 | G33: 26 | H33: 29 | I33: 27 | J33: 31 | K33: 29 | L33: 32 | M33: 28 | N33: 36 | O33: 29 | P33: 38
B34: PREHISTÒRIA | C34: 11 | D34: 11 | E34: 10 | F34: 11 | G34: 10 | H34: 12 | I34: 11 | J34: 13 | K34: 12 | L34: 14 | M34: 14 | N34: 15 | O34: 14 | P34: 15
B35: Total | C35: =SUM(C24:C34) -> 231 | D35: =SUM(D24:D34) -> 257 | E35: =SUM(E24:E34) -> 230 | F35: =SUM(F24:F34) -> 250 | G35: =SUM(G24:G34) -> 222 | H35: =SUM(H24:H34) -> 252 | I35: =SUM(I24:I34) -> 220 | J35: =SUM(J24:J34) -> 264 | ... P35: =SUM(P24:P34) -> 314
B38: Font de les dades:OGD
B39: data darrera revisió :02/03/2026, Gestió de Qualitat FFiL
B42: 12, Observacions | H42: Semaforització
B43: Es compleix la fita establerta
H44: Fita assolida
H45: Evolució positiva
H46: Cal seguiment
H47: Incompliment

Sheet PE04_Ind12
B2: Facultat de Filosofia i Lletres | E2: Fitxa de seguiment de l'indicador
B4: 1. Codi del l'indicador | D4: PE04_Ind12 | F4: 2. Nom de l'indicador | H4: Hores HIDA de professorat permanent a primer curs de grau
B5: 3. Objectiu | D5: Objectiu ideal: 70%. Objectiu operatiu a curt i mig termini: Aconseguir que totes les titulacions assoleixin almenys el 50% de PDI permanent a curt termini. i progressar cap al 60% com a fita d’excel·lència. | F5: 4. Classificació | H5: Indicador de seguiment de resultats
B6: 5. Càlcul de l'indicador | D6: HIDA prof. permanent / HIDA total prof. | F6: 6. Freqüència de la medició | H6: Anual
B7: 7. Responsable del procés | D7: Degà o Degana | F7: 8. Responsable de la gestió | H7: Gestor/a de Qualitat
B8: 9. Processos als que afecta | D8: PE04. Política i Gestió del PDI | F8: 10. Font obtenció de dades | H8: Datadash
B10: 11. Resultats
B11: SEGUIMENT FITA: 60% o més prof. Permanent | D11: Grau de compliment: Evolució positiva (mitjana graus 47%)
C13: 2021-22 | D13: 2022-23 | E13: 2023-24 | F13: 2024-25 | H13: Semaforització
B14: Nombre titulacions amb >50% HIDA perm+lector 1r curs | C14: =COUNTIF(C17:C37,">0,5") -> 6 | D14: =COUNTIF(D17:D37,">0,5") -> 8 | E14: =COUNTIF(E17:E37,">0,5") -> 7 | F14: =COUNTIF(F17:F37,">0,5") -> 10
H15: Fita assolida
B16: Estudi | C16: 2021-22 | D16: 2022-23 | E16: 2023-24 | F16: 2024-25
B17: Grau en Antropologia Social i Cultural | C17: 0.23099031 | D17: 0.44683706 | E17: 0.30779246 | F17: 0.29353415 | H17: Evolució positiva
B18: Grau en Arqueologia | C18: 0.50387251 | D18: 0.59749794 | E18: 0.61353952 | F18: 0.6001186
B19: Grau en Ciència, Tecnologia i Humanitats | C19: 0.81 | D19: 0.8125 | E19: 0.62534 | F19: 0.51796 | H19: Cal seguiment
B20: Grau en Ciències de l'Antiguitat | C20: 0.44942349 | D20: 0.41118381 | E20: 0.56595222 | F20: 0.57265762
B21: Grau en Estudis Anglesos | C21: 0.32637356 | D21: 0.26564343 | E21: 0.29319101 | F21: 0.36843459 | H21: Incompliment
B22: Grau en Estudis d'Anglès i Català | C22: 0.19447773 | D22: 0.3337635 | E22: 0.54640609 | F22: 0.53310028
B23: Grau en Estudis d'Anglès i de Clàssiques | C23: 0.342262 | D23: 0.17051426 | E23: 0.41635289 | F23: 0.36181223
B24: Grau en Estudis d'Anglès i Espanyol | C24: 0.29082243 | D24: 0.3250475 | E24: 0.4063027 | F24: 0.38867814
B25: Grau en Estudis d'Anglès i Francès | C25: 0.53726096 | D25: 0.63780916 | E25: 0.42385713 | F25: 0.44707244
B26: Grau en Estudis de Català i Espanyol | C26: 0.16611374 | D26: 0.45526251 | E26: 0.70002572 | F26: 0.65848078
B27: Grau en Estudis Francesos | C27: 0.84531524 | D27: 0.90213769 | E27: --- | F27: ---
B28: Grau en Estudis Socioculturals de Gènere | C28: 0.26666 | D28: 0.2 | E28: 0.2406609 | F28: 0.2999976
B29: Grau en Filologia Catalana: Estudis de Literatura i Lingüística | C29: 0.61885768 | D29: 0.58219924 | E29: 0.7835008 | F29: 0.80092083
B30: Grau en Filosofia | C30: 0.32326183 | D30: 0.50047736 | E30: 0.49767199 | F30: 0.61898153
B31: Grau en Geografia, Medi Ambient i Planificació Territorial | C31: 0.70180676 | D31: 0.72068711 | E31: 0.59484931 | F31: 0.58707433
B32: Grau en Història | C32: 0.34282047 | D32: 0.37748803 | E32: 0.28571287 | F32: 0.31851114
B33: Grau en Història de l'Art | C33: 0.10705762 | D33: 0.093448063 | E33: 0.20399463 | F33: 0.27487751
B34: Grau en Història, Política i Economia Contemporànies / Contemporary History, Politics and Economics | C34: 0.4 | D34: 0.2 | E34: 0.38595789 | F34: 0.36666
B35: Grau en Humanitats | C35: 0.35774991 | D35: 0.51295685 | E35: 0.28794464 | F35: 0.32554024
B36: Grau en Llengua i Literatura Espanyoles | C36: 0.42104828 | D36: 0.48568679 | E36: 0.45241002 | F36: 0.6003512
B37: Grau en Musicologia | C37: 0.1817529 | D37: 0.11680071 | E37: 0.31430346 | F37: 0.51775132
B38: Total HIDA Graus Facultat | C38: 0.37659877 | D38: 0.40387689 | E38: 0.41475082 | F38: 0.45563769
B39: Mitjana dels Graus Facultat | C39: =AVERAGE(C17:C37) -> 0.40085369 | D39: =AVERAGE(D17:D37) -> 0.43561624 | E39: =AVERAGE(E17:E37) -> 0.44728831 | F39: =AVERAGE(F17:F37) -> 0.47262573
B41: Total HIDA Graus UAB | C41: 0.379 | D41: 0.374 | E41: 0.401 | F41: 0.46892676
B42: Mitjana dels Graus UAB | C42: 0.4 | D42: 0.41 | E42: 0.422 | F42: 0.48005761
B43: Darrera revisió Gestió de Qualitat FFiL, març 2026
B45: 12, Observacions
B46: L’indicador PE04_Ind12 mostra una tendència de millora continuada en la proporció de PDI permanent a primer curs (del 40% al 47% en quatre anys), amb un comportament paral·lel al conjunt de la UAB i coherent amb el patró del sistema universitari català i amb estàndards internacionals, on primer curs acostuma a recaure en PDI no permanent. Tot i això, la fita del 70% resulta metodològicament inassolible amb l’estructura actual. Es recomana ajustar-la a ≥50% i avançar cap al 60% com a excel·lència. La semaforització proposada situa la Facultat en una trajectòria de millora de Vermell a Ambre, amb bona perspectiva d’evolució.

Sheet PE04_Ind13
B2: Facultat de Filosofia i Lletres | E2: Fitxa de seguiment de l'indicador
B4: 1. Codi del l'indicador | D4: PE04_Ind13 | F4: 2. Nom de l'indicador | H4: Distribució relativa i dinàmica temporal del professorat per gènere segons categoria
B5: 3. Objectiu | D5: Mantenir el percentatge de dones en el PDI permanent+lector dins la franja 40–50%. com a mínim | F5: 4. Classificació | H5: Indicador d'avaluació de procediments
B6: 5. Càlcul de l'indicador | D6: Proporció de dones en la plantilla i part de dones en la variació anual | F6: 6. Freqüència de la medició | H6: Anual
B7: 7. Responsable del procés | D7: Degà o Degana | F7: 8. Responsable de la gestió | H7: Gestor/a de Qualitat
B8: 9. Processos als que afecta | D8: PE04. Política i Gestió del PDI | F8: 10. Font obtenció de dades | H8: Datadash
B10: 11. Resultats
B11: SEGUIMENT FITA: Percentatge >40% de dones en el prof. | F11: Grau de compliment: Fita assolida (42%)
B13: Taula resum | C13: Proporció de dones en la plantilla professorat de la Facultat
C14: 2022 | D14: 2023 | E14: 2024 | F14: 2025 | G14: 2026 | J14: Semaforització
B15: Prof. Permanent + lector | C15: =F37 -> 0.38636364 | D15: =J37 -> 0.39405204 | E15: =N37 -> 0.41914191 | F15: =R37 -> 0.42532468 | G15: =V37 -> 0.41800643
B16: Prof. No permanent | C16: =F74 -> 0.53363229 | D16: =J74 -> 0.4978903 | E16: =N74 -> 0.46090535 | F16: =R74 -> 0.45 | G16: =V74 -> 0.43093923 | J16: Fita assolida
J17: Evolució positiva
C18: Distribució per sexe del saldo positiu recent (2023-2026) de professorat permanent | J18: Cal seguiment
C19: Dona | D19: Home | J19: Incompliment
C20: =O56 -> 0.57142857 | D20: =P56 -> 0.4047619
B23: Plantilles professorat permanent + lector per sexe
B24: Departament | C24: 44562 | G24: 44927 | K24: 45292 | O24: 45658 | S24: 46023
C25: Dona | D25: Home | E25: Total | F25: % dones | G25: Dona | H25: Home | I25: Total | J25: % dones | K25: Dona | L25: Home | M25: Total | N25: % dones | O25: Dona | P25: Home | Q25: Total | R25: % dones | S25: Dona | T25: Home | U25: Total | V25: % dones
B26: Departament d'Antropologia Social i Cultural | C26: 11 | D26: 5 | E26: 16 | F26: 0.6875 | G26: 12 | H26: 5 | I26: 17 | J26: 0.70588235 | K26: 13 | L26: 5 | M26: 18 | N26: 0.72222222 | O26: 12 | P26: 5 | Q26: 17 | R26: 0.70588235 | S26: 12 | T26: 5 | U26: 17 | V26: 0.70588235
B27: Departament d'Art i de Musicologia | C27: 6 | D27: 14 | E27: 20 | F27: 0.3 | G27: 7 | H27: 14 | I27: 21 | J27: 0.33333333 | K27: 10 | L27: 18 | M27: 28 | N27: 0.35714286 | O27: 12 | P27: 17 | Q27: 29 | R27: 0.4137931 | S27: 12 | T27: 18 | U27: 30 | V27: 0.4
B28: Departament de Ciències de l'Antiguitat i de l'Edat Mitjana | C28: 6 | D28: 24 | E28: 30 | F28: 0.2 | G28: 6 | H28: 25 | I28: 31 | J28: 0.19354839 | K28: 6 | L28: 27 | M28: 33 | N28: 0.18181818 | O28: 7 | P28: 27 | Q28: 34 | R28: 0.20588235 | S28: 7 | T28: 26 | U28: 33 | V28: 0.21212121
B29: Departament de Filologia Anglesa i de Germanística | C29: 15 | D29: 8 | E29: 23 | F29: 0.65217391 | G29: 16 | H29: 8 | I29: 24 | J29: 0.66666667 | K29: 21 | L29: 7 | M29: 28 | N29: 0.75 | O29: 21 | P29: 7 | Q29: 28 | R29: 0.75 | S29: 20 | T29: 7 | U29: 27 | V29: 0.74074074
B30: Departament de Filologia Catalana | C30: 12 | D30: 18 | E30: 30 | F30: 0.4 | G30: 12 | H30: 17 | I30: 29 | J30: 0.4137931 | K30: 15 | L30: 17 | M30: 32 | N30: 0.46875 | O30: 13 | P30: 17 | Q30: 30 | R30: 0.43333333 | S30: 13 | T30: 17 | U30: 30 | V30: 0.43333333
B31: Departament de Filologia Espanyola | C31: 17 | D31: 16 | E31: 33 | F31: 0.51515152 | G31: 18 | H31: 15 | I31: 33 | J31: 0.54545455 | K31: 22 | L31: 18 | M31: 40 | N31: 0.55 | O31: 24 | P31: 17 | Q31: 41 | R31: 0.58536585 | S31: 24 | T31: 19 | U31: 43 | V31: 0.55813953
B32: Departament de Filologia Francesa i Romànica | C32: 8 | D32: 7 | E32: 15 | F32: 0.53333333 | G32: 7 | H32: 6 | I32: 13 | J32: 0.53846154 | K32: 7 | L32: 6 | M32: 13 | N32: 0.53846154 | O32: 7 | P32: 6 | Q32: 13 | R32: 0.53846154 | S32: 7 | T32: 6 | U32: 13 | V32: 0.53846154
B33: Departament de Filosofia | C33: 6 | D33: 15 | E33: 21 | F33: 0.28571429 | G33: 5 | H33: 17 | I33: 22 | J33: 0.22727273 | K33: 9 | L33: 17 | M33: 26 | N33: 0.34615385 | O33: 11 | P33: 18 | Q33: 29 | R33: 0.37931034 | S33: 11 | T33: 18 | U33: 29 | V33: 0.37931034
B34: Departament de Geografia | C34: 12 | D34: 20 | E34: 32 | F34: 0.375 | G34: 12 | H34: 21 | I34: 33 | J34: 0.36363636 | K34: 12 | L34: 22 | M34: 34 | N34: 0.35294118 | O34: 13 | P34: 23 | Q34: 36 | R34: 0.36111111 | S34: 13 | T34: 25 | U34: 38 | V34: 0.34210526
B35: Departament de Prehistòria | C35: 4 | D35: 9 | E35: 13 | F35: 0.30769231 | G35: 5 | H35: 9 | I35: 14 | J35: 0.35714286 | K35: 5 | L35: 10 | M35: 15 | N35: 0.33333333 | O35: 5 | P35: 10 | Q35: 15 | R35: 0.33333333 | S35: 5 | T35: 10 | U35: 15 | V35: 0.33333333
B36: Departament d'Història Moderna i Contemporània* | C36: 5 | D36: 26 | E36: 31 | F36: 0.16129032 | G36: 6 | H36: 26 | I36: 32 | J36: 0.1875 | K36: 7 | L36: 28 | M36: 36 | N36: 0.19444444 | O36: 6 | P36: 29 | Q36: 36 | R36: 0.16666667 | S36: 6 | T36: 29 | U36: 36 | V36: 0.16666667
B37: Total FFiL | C37: 102 | D37: 162 | E37: 264 | F37: 0.38636364 | G37: 106 | H37: 163 | I37: 269 | J37: 0.39405204 | K37: 127 | L37: 175 | M37: 303 | N37: 0.41914191 | O37: 131 | P37: 176 | Q37: 308 | R37: 0.42532468 | S37: 130 | T37: 180 | U37: 311 | V37: 0.41800643
B38: Total UAB | C38: 589 | D38: 858 | E38: 1447 | F38: 0.40704907 | G38: 613 | H38: 855 | I38: 1468 | J38: 0.41757493 | K38: 712 | L38: 926 | M38: 1639 | N38: 0.43441123 | O38: 769 | P38: 950 | Q38: 1720 | R38: 0.44709302 | S38: 766 | T38: 957 | U38: 1724 | V38: 0.44431555
B39: * Un cas de sexe no comunicat des de 2024
B41: Canvi anual i darrers 3 anys de la plantilla permanent + lector per sexe
B42: Departament | C42: 2022 a 2023 | F42: 2023 a 2024 | I42: 2024 a 2025 | L42: 2025 a 2026 | O42: Darrers 3 anys (2023 a 2026)
C43: Dona | D43: Home | E43: Total | F43: Dona | G43: Home | H43: Total | I43: Dona | J43: Home | K43: Total | L43: Dona | M43: Home | N43: Total | O43: Dona | P43: Home | Q43: Total
B44: Departament d'Antropologia Social i Cultural | C44: =G26-C26 -> 1 | D44: =H26-D26 -> 0 | E44: =I26-E26 -> 1 | F44: =K26-G26 -> 1 | G44: =L26-H26 -> 0 | H44: =M26-I26 -> 1 | I44: =O26-K26 -> -1 | J44: =P26-L26 -> 0 | K44: =Q26-M26 -> -1 | L44: =S26-O26 -> 0 | M44: =T26-P26 -> 0 | N44: =U26-Q26 -> 0 | O44: =SUM(F44,I44,L44) -> 0 | P44: =SUM(G44,J44,M44) -> 0 | Q44: =SUM(H44,K44,N44) -> 0
B45: Departament d'Art i de Musicologia | C45: =G27-C27 -> 1 | D45: =H27-D27 -> 0 | E45: =I27-E27 -> 1 | F45: =K27-G27 -> 3 | G45: =L27-H27 -> 4 | H45: =M27-I27 -> 7 | I45: =O27-K27 -> 2 | J45: =P27-L27 -> -1 | K45: =Q27-M27 -> 1 | L45: =S27-O27 -> 0 | M45: =T27-P27 -> 1 | N45: =U27-Q27 -> 1 | O45: =SUM(F45,I45,L45) -> 5 | P45: =SUM(G45,J45,M45) -> 4 | Q45: =SUM(H45,K45,N45) -> 9
B46: Departament de Ciències de l'Antiguitat i de l'Edat Mitjana | C46: =G28-C28 -> 0 | D46: =H28-D28 -> 1 | E46: =I28-E28 -> 1 | F46: =K28-G28 -> 0 | G46: =L28-H28 -> 2 | H46: =M28-I28 -> 2 | I46: =O28-K28 -> 1 | J46: =P28-L28 -> 0 | K46: =Q28-M28 -> 1 | L46: =S28-O28 -> 0 | M46: =T28-P28 -> -1 | N46: =U28-Q28 -> -1 | O46: =SUM(F46,I46,L46) -> 1 | P46: =SUM(G46,J46,M46) -> 1 | Q46: =SUM(H46,K46,N46) -> 2
B47: Departament de Filologia Anglesa i de Germanística | C47: =G29-C29 -> 1 | D47: =H29-D29 -> 0 | E47: =I29-E29 -> 1 | F47: =K29-G29 -> 5 | G47: =L29-H29 -> -1 | H47: =M29-I29 -> 4 | I47: =O29-K29 -> 0 | J47: =P29-L29 -> 0 | K47: =Q29-M29 -> 0 | L47: =S29-O29 -> -1 | M47: =T29-P29 -> 0 | N47: =U29-Q29 -> -1 | O47: =SUM(F47,I47,L47) -> 4 | P47: =SUM(G47,J47,M47) -> -1 | Q47: =SUM(H47,K47,N47) -> 3
B48: Departament de Filologia Catalana | C48: =G30-C30 -> 0 | D48: =H30-D30 -> -1 | E48: =I30-E30 -> -1 | F48: =K30-G30 -> 3 | G48: =L30-H30 -> 0 | H48: =M30-I30 -> 3 | I48: =O30-K30 -> -2 | J48: =P30-L30 -> 0 | K48: =Q30-M30 -> -2 | L48: =S30-O30 -> 0 | M48: =T30-P30 -> 0 | N48: =U30-Q30 -> 0 | O48: =SUM(F48,I48,L48) -> 1 | P48: =SUM(G48,J48,M48) -> 0 | Q48: =SUM(H48,K48,N48) -> 1
B49: Departament de Filologia Espanyola | C49: =G31-C31 -> 1 | D49: =H31-D31 -> -1 | E49: =I31-E31 -> 0 | F49: =K31-G31 -> 4 | G49: =L31-H31 -> 3 | H49: =M31-I31 -> 7 | I49: =O31-K31 -> 2 | J49: =P31-L31 -> -1 | K49: =Q31-M31 -> 1 | L49: =S31-O31 -> 0 | M49: =T31-P31 -> 2 | N49: =U31-Q31 -> 2 | O49: =SUM(F49,I49,L49) -> 6 | P49: =SUM(G49,J49,M49) -> 4 | Q49: =SUM(H49,K49,N49) -> 10
B50: Departament de Filologia Francesa i Romànica | C50: =G32-C32 -> -1 | D50: =H32-D32 -> -1 | E50: =I32-E32 -> -2 | F50: =K32-G32 -> 0 | G50: =L32-H32 -> 0 | H50: =M32-I32 -> 0 | I50: =O32-K32 -> 0 | J50: =P32-L32 -> 0 | K50: =Q32-M32 -> 0 | L50: =S32-O32 -> 0 | M50: =T32-P32 -> 0 | N50: =U32-Q32 -> 0 | O50: =SUM(F50,I50,L50) -> 0 | P50: =SUM(G50,J50,M50) -> 0 | Q50: =SUM(H50,K50,N50) -> 0
B51: Departament de Filosofia | C51: =G33-C33 -> -1 | D51: =H33-D33 -> 2 | E51: =I33-E33 -> 1 | F51: =K33-G33 -> 4 | G51: =L33-H33 -> 0 | H51: =M33-I33 -> 4 | I51: =O33-K33 -> 2 | J51: =P33-L33 -> 1 | K51: =Q33-M33 -> 3 | L51: =S33-O33 -> 0 | M51: =T33-P33 -> 0 | N51: =U33-Q33 -> 0 | O51: =SUM(F51,I51,L51) -> 6 | P51: =SUM(G51,J51,M51) -> 1 | Q51: =SUM(H51,K51,N51) -> 7
B52: Departament de Geografia | C52: =G34-C34 -> 0 | D52: =H34-D34 -> 1 | E52: =I34-E34 -> 1 | F52: =K34-G34 -> 0 | G52: =L34-H34 -> 1 | H52: =M34-I34 -> 1 | I52: =O34-K34 -> 1 | J52: =P34-L34 -> 1 | K52: =Q34-M34 -> 2 | L52: =S34-O34 -> 0 | M52: =T34-P34 -> 2 | N52: =U34-Q34 -> 2 | O52: =SUM(F52,I52,L52) -> 1 | P52: =SUM(G52,J52,M52) -> 4 | Q52: =SUM(H52,K52,N52) -> 5
B53: Departament de Prehistòria | C53: =G35-C35 -> 1 | D53: =H35-D35 -> 0 | E53: =I35-E35 -> 1 | F53: =K35-G35 -> 0 | G53: =L35-H35 -> 1 | H53: =M35-I35 -> 1 | I53: =O35-K35 -> 0 | J53: =P35-L35 -> 0 | K53: =Q35-M35 -> 0 | L53: =S35-O35 -> 0 | M53: =T35-P35 -> 0 | N53: =U35-Q35 -> 0 | O53: =SUM(F53,I53,L53) -> 0 | P53: =SUM(G53,J53,M53) -> 1 | Q53: =SUM(H53,K53,N53) -> 1
B54: Departament d'Història Moderna i Contemporània* | C54: =G36-C36 -> 1 | D54: =H36-D36 -> 0 | E54: =I36-E36 -> 1 | F54: =K36-G36 -> 1 | G54: =L36-H36 -> 2 | H54: =M36-I36 -> 4 | I54: =O36-K36 -> -1 | J54: =P36-L36 -> 1 | K54: =Q36-M36 -> 0 | L54: =S36-O36 -> 0 | M54: =T36-P36 -> 0 | N54: =U36-Q36 -> 0 | O54: =SUM(F54,I54,L54) -> 0 | P54: =SUM(G54,J54,M54) -> 3 | Q54: =SUM(H54,K54,N54) -> 4
B55: Total FFiL | C55: =G37-C37 -> 4 | D55: =H37-D37 -> 1 | E55: =I37-E37 -> 5 | F55: =K37-G37 -> 21 | G55: =L37-H37 -> 12 | H55: =M37-I37 -> 34 | I55: =O37-K37 -> 4 | J55: =P37-L37 -> 1 | K55: =Q37-M37 -> 5 | L55: =S37-O37 -> -1 | M55: =T37-P37 -> 4 | N55: =U37-Q37 -> 3 | O55: =SUM(F55,I55,L55) -> 24 | P55: =SUM(G55,J55,M55) -> 17 | Q55: =SUM(H55,K55,N55) -> 42
O56: =O55/Q55 -> 0.57142857 | P56: =P55/Q55 -> 0.4047619 | Q56: 1
B57: Total UAB | C57: =G38-C38 -> 24 | D57: =H38-D38 -> -3 | E57: =I38-E38 -> 21 | F57: =K38-G38 -> 99 | G57: =L38-H38 -> 71 | H57: =M38-I38 -> 171 | I57: =O38-K38 -> 57 | J57: =P38-L38 -> 24 | K57: =Q38-M38 -> 81 | L57: =S38-O38 -> -3 | M57: =T38-P38 -> 7 | N57: =U38-Q38 -> 4 | O57: =SUM(F57,I57,L57) -> 153 | P57: =SUM(G57,J57,M57) -> 102 | Q57: =SUM(H57,K57,N57) -> 256
O58: =O57/Q57 -> 0.59765625 | P58: =P57/Q57 -> 0.3984375 | Q58: 1
B60: Plantilles professorat no permanent per sexe
B61: Departament | C61: 44562 | G61: 44927 | K61: 45292 | O61: 45658 | S61: 46023
C62: Dona | D62: Home | E62: Total | F62: % dones | G62: Dona | H62: Home | I62: Total | J62: % dones | K62: Dona | L62: Home | M62: Total | N62: % dones | O62: Dona | P62: Home | Q62: Total | R62: % dones | S62: Dona | T62: Home | U62: Total | V62: % dones
B63: Departament d'Antropologia Social i Cultural | C63: 10 | D63: 5 | E63: 15 | F63: =C63/E63 -> 0.66666667 | G63: 8 | H63: 6 | I63: 14 | J63: =G63/I63 -> 0.57142857 | K63: 8 | L63: 7 | M63: 15 | N63: =K63/M63 -> 0.53333333 | O63: 7 | P63: 7 | Q63: 14 | R63: =O63/Q63 -> 0.5 | S63: 5 | T63: 5 | U63: 10 | V63: =S63/U63 -> 0.5
B64: Departament d'Art i de Musicologia | C64: 13 | D64: 17 | E64: 30 | F64: =C64/E64 -> 0.43333333 | G64: 11 | H64: 13 | I64: 24 | J64: =G64/I64 -> 0.45833333 | K64: 11 | L64: 8 | M64: 19 | N64: =K64/M64 -> 0.57894737 | O64: 11 | P64: 10 | Q64: 21 | R64: =O64/Q64 -> 0.52380952 | S64: 4 | T64: 8 | U64: 12 | V64: =S64/U64 -> 0.33333333
B65: Departament de Ciències de l'Antiguitat i de l'Edat Mitjana | C65: 5 | D65: 15 | E65: 20 | F65: =C65/E65 -> 0.25 | G65: 4 | H65: 14 | I65: 18 | J65: =G65/I65 -> 0.22222222 | K65: 5 | L65: 18 | M65: 23 | N65: =K65/M65 -> 0.2173913 | O65: 4 | P65: 23 | Q65: 27 | R65: =O65/Q65 -> 0.14814815 | S65: 2 | T65: 19 | U65: 21 | V65: =S65/U65 -> 0.095238095
B66: Departament de Filologia Anglesa i de Germanística | C66: 18 | D66: 4 | E66: 22 | F66: =C66/E66 -> 0.81818182 | G66: 19 | H66: 5 | I66: 24 | J66: =G66/I66 -> 0.79166667 | K66: 24 | L66: 7 | M66: 31 | N66: =K66/M66 -> 0.77419355 | O66: 22 | P66: 8 | Q66: 30 | R66: =O66/Q66 -> 0.73333333 | S66: 16 | T66: 7 | U66: 23 | V66: =S66/U66 -> 0.69565217
B67: Departament de Filologia Catalana | C67: 12 | D67: 9 | E67: 21 | F67: =C67/E67 -> 0.57142857 | G67: 15 | H67: 10 | I67: 25 | J67: =G67/I67 -> 0.6 | K67: 10 | L67: 13 | M67: 23 | N67: =K67/M67 -> 0.43478261 | O67: 10 | P67: 14 | Q67: 24 | R67: =O67/Q67 -> 0.41666667 | S67: 8 | T67: 11 | U67: 19 | V67: =S67/U67 -> 0.42105263
B68: Departament de Filologia Espanyola | C68: 24 | D68: 11 | E68: 35 | F68: =C68/E68 -> 0.68571429 | G68: 25 | H68: 13 | I68: 38 | J68: =G68/I68 -> 0.65789474 | K68: 19 | L68: 10 | M68: 29 | N68: =K68/M68 -> 0.65517241 | O68: 24 | P68: 8 | Q68: 32 | R68: =O68/Q68 -> 0.75 | S68: 14 | T68: 4 | U68: 18 | V68: =S68/U68 -> 0.77777778
B69: Departament de Filologia Francesa i Romànica | C69: 2 | D69: 3 | E69: 5 | F69: =C69/E69 -> 0.4 | G69: 3 | H69: 5 | I69: 8 | J69: =G69/I69 -> 0.375 | K69: 4 | L69: 6 | M69: 10 | N69: =K69/M69 -> 0.4 | O69: 2 | P69: 7 | Q69: 9 | R69: =O69/Q69 -> 0.22222222 | S69: 2 | T69: 4 | U69: 6 | V69: =S69/U69 -> 0.33333333
B70: Departament de Filosofia | C70: 12 | D70: 11 | E70: 23 | F70: =C70/E70 -> 0.52173913 | G70: 10 | H70: 12 | I70: 22 | J70: =G70/I70 -> 0.45454545 | K70: 7 | L70: 14 | M70: 21 | N70: =K70/M70 -> 0.33333333 | O70: 9 | P70: 15 | Q70: 24 | R70: =O70/Q70 -> 0.375 | S70: 7 | T70: 10 | U70: 17 | V70: =S70/U70 -> 0.41176471
B71: Departament de Geografia | C71: 14 | D71: 18 | E71: 32 | F71: =C71/E71 -> 0.4375 | G71: 13 | H71: 30 | I71: 43 | J71: =G71/I71 -> 0.30232558 | K71: 15 | L71: 31 | M71: 46 | N71: =K71/M71 -> 0.32608696 | O71: 19 | P71: 31 | Q71: 50 | R71: =O71/Q71 -> 0.38 | S71: 13 | T71: 23 | U71: 36 | V71: =S71/U71 -> 0.36111111
B72: Departament de Prehistòria* | C72: 6 | D72: 1 | E72: 8 | F72: =C72/E72 -> 0.75 | G72: 6 | I72: 7 | J72: =G72/I72 -> 0.85714286 | K72: 6 | L72: 2 | M72: 9 | N72: =K72/M72 -> 0.66666667 | O72: 5 | P72: 3 | Q72: 9 | R72: =O72/Q72 -> 0.55555556 | S72: 3 | T72: 1 | U72: 4 | V72: =S72/U72 -> 0.75
B73: Departament d'Història Moderna i Contemporània* | C73: 3 | D73: 8 | E73: 12 | F73: =C73/E73 -> 0.25 | G73: 4 | H73: 9 | I73: 14 | J73: =G73/I73 -> 0.28571429 | K73: 3 | L73: 14 | M73: 17 | N73: =K73/M73 -> 0.17647059 | O73: 4 | P73: 16 | Q73: 20 | R73: =O73/Q73 -> 0.2 | S73: 4 | T73: 11 | U73: 15 | V73: =S73/U73 -> 0.26666667
B74: Total FFiL | C74: =SUM(C63:C73) -> 119 | D74: =SUM(D63:D73) -> 102 | E74: =SUM(E63:E73) -> 223 | F74: =C74/E74 -> 0.53363229 | G74: =SUM(G63:G73) -> 118 | H74: =SUM(H63:H73) -> 117 | I74: =SUM(I63:I73) -> 237 | J74: =G74/I74 -> 0.4978903 | K74: =SUM(K63:K73) -> 112 | L74: =SUM(L63:L73) -> 130 | M74: =SUM(M63:M73) -> 243 | N74: =K74/M74 -> 0.46090535 | O74: =SUM(O63:O73) -> 117 | P74: =SUM(P63:P73) -> 142 | Q74: =SUM(Q63:Q73) -> 260 | R74: =O74/Q74 -> 0.45 | S74: =SUM(S63:S73) -> 78 | T74: =SUM(T63:T73) -> 103 | U74: =SUM(U63:U73) -> 181 | V74: =S74/U74 -> 0.43093923
B75: Total UAB | C75: 1095 | D75: 1197 | E75: 2295 | F75: =C75/E75 -> 0.47712418 | G75: 1124 | H75: 1248 | I75: 2374 | J75: =G75/I75 -> 0.47346251 | K75: 1179 | L75: 1304 | M75: 2484 | N75: =K75/M75 -> 0.47463768 | O75: 1337 | P75: 1393 | Q75: 2732 | R75: =O75/Q75 -> 0.48938507 | S75: 716 | T75: 859 | U75: 1576 | V75: =S75/U75 -> 0.45431472
B76: * Casos de sexe no comunicat de 2022 a 2025
B78: Canvi anual i darrers 3 anys de la plantilla no permanent per sexe
B79: Departament | C79: 2022 a 2023 | F79: 2023 a 2024 | I79: 2024 a 2025 | L79: 2025 a 2026 | O79: Darrers 3 anys (2023 a 2026)
C80: Dona | D80: Home | E80: Total | F80: Dona | G80: Home | H80: Total | I80: Dona | J80: Home | K80: Total | L80: Dona | M80: Home | N80: Total | O80: Dona | P80: Home | Q80: Total
B81: Departament d'Antropologia Social i Cultural | C81: =G63-C63 -> -2 | D81: =H63-D63 -> 1 | E81: =I63-E63 -> -1 | F81: =K63-G63 -> 0 | G81: =L63-H63 -> 1 | H81: =M63-I63 -> 1 | I81: =O63-K63 -> -1 | J81: =P63-L63 -> 0 | K81: =Q63-M63 -> -1 | L81: =S63-O63 -> -2 | M81: =T63-P63 -> -2 | N81: =U63-Q63 -> -4 | O81: =SUM(F81,I81,L81) -> -3 | P81: =SUM(G81,J81,M81) -> -1 | Q81: =SUM(H81,K81,N81) -> -4
B82: Departament d'Art i de Musicologia | C82: =G64-C64 -> -2 | D82: =H64-D64 -> -4 | E82: =I64-E64 -> -6 | F82: =K64-G64 -> 0 | G82: =L64-H64 -> -5 | H82: =M64-I64 -> -5 | I82: =O64-K64 -> 0 | J82: =P64-L64 -> 2 | K82: =Q64-M64 -> 2 | L82: =S64-O64 -> -7 | M82: =T64-P64 -> -2 | N82: =U64-Q64 -> -9 | O82: =SUM(F82,I82,L82) -> -7 | P82: =SUM(G82,J82,M82) -> -5 | Q82: =SUM(H82,K82,N82) -> -12
B83: Departament de Ciències de l'Antiguitat i de l'Edat Mitjana | C83: =G65-C65 -> -1 | D83: =H65-D65 -> -1 | E83: =I65-E65 -> -2 | F83: =K65-G65 -> 1 | G83: =L65-H65 -> 4 | H83: =M65-I65 -> 5 | I83: =O65-K65 -> -1 | J83: =P65-L65 -> 5 | K83: =Q65-M65 -> 4 | L83: =S65-O65 -> -2 | M83: =T65-P65 -> -4 | N83: =U65-Q65 -> -6 | O83: =SUM(F83,I83,L83) -> -2 | P83: =SUM(G83,J83,M83) -> 5 | Q83: =SUM(H83,K83,N83) -> 3
B84: Departament de Filologia Anglesa i de Germanística | C84: =G66-C66 -> 1 | D84: =H66-D66 -> 1 | E84: =I66-E66 -> 2 | F84: =K66-G66 -> 5 | G84: =L66-H66 -> 2 | H84: =M66-I66 -> 7 | I84: =O66-K66 -> -2 | J84: =P66-L66 -> 1 | K84: =Q66-M66 -> -1 | L84: =S66-O66 -> -6 | M84: =T66-P66 -> -1 | N84: =U66-Q66 -> -7 | O84: =SUM(F84,I84,L84) -> -3 | P84: =SUM(G84,J84,M84) -> 2 | Q84: =SUM(H84,K84,N84) -> -1
B85: Departament de Filologia Catalana | C85: =G67-C67 -> 3 | D85: =H67-D67 -> 1 | E85: =I67-E67 -> 4 | F85: =K67-G67 -> -5 | G85: =L67-H67 -> 3 | H85: =M67-I67 -> -2 | I85: =O67-K67 -> 0 | J85: =P67-L67 -> 1 | K85: =Q67-M67 -> 1 | L85: =S67-O67 -> -2 | M85: =T67-P67 -> -3 | N85: =U67-Q67 -> -5 | O85: =SUM(F85,I85,L85) -> -7 | P85: =SUM(G85,J85,M85) -> 1 | Q85: =SUM(H85,K85,N85) -> -6
B86: Departament de Filologia Espanyola | C86: =G68-C68 -> 1 | D86: =H68-D68 -> 2 | E86: =I68-E68 -> 3 | F86: =K68-G68 -> -6 | G86: =L68-H68 -> -3 | H86: =M68-I68 -> -9 | I86: =O68-K68 -> 5 | J86: =P68-L68 -> -2 | K86: =Q68-M68 -> 3 | L86: =S68-O68 -> -10 | M86: =T68-P68 -> -4 | N86: =U68-Q68 -> -14 | O86: =SUM(F86,I86,L86) -> -11 | P86: =SUM(G86,J86,M86) -> -9 | Q86: =SUM(H86,K86,N86) -> -20
B87: Departament de Filologia Francesa i Romànica | C87: =G69-C69 -> 1 | D87: =H69-D69 -> 2 | E87: =I69-E69 -> 3 | F87: =K69-G69 -> 1 | G87: =L69-H69 -> 1 | H87: =M69-I69 -> 2 | I87: =O69-K69 -> -2 | J87: =P69-L69 -> 1 | K87: =Q69-M69 -> -1 | L87: =S69-O69 -> 0 | M87: =T69-P69 -> -3 | N87: =U69-Q69 -> -3 | O87: =SUM(F87,I87,L87) -> -1 | P87: =SUM(G87,J87,M87) -> -1 | Q87: =SUM(H87,K87,N87) -> -2
B88: Departament de Filosofia | C88: =G70-C70 -> -2 | D88: =H70-D70 -> 1 | E88: =I70-E70 -> -1 | F88: =K70-G70 -> -3 | G88: =L70-H70 -> 2 | H88: =M70-I70 -> -1 | I88: =O70-K70 -> 2 | J88: =P70-L70 -> 1 | K88: =Q70-M70 -> 3 | L88: =S70-O70 -> -2 | M88: =T70-P70 -> -5 | N88: =U70-Q70 -> -7 | O88: =SUM(F88,I88,L88) -> -3 | P88: =SUM(G88,J88,M88) -> -2 | Q88: =SUM(H88,K88,N88) -> -5
B89: Departament de Geografia | C89: =G71-C71 -> -1 | D89: =H71-D71 -> 12 | E89: =I71-E71 -> 11 | F89: =K71-G71 -> 2 | G89: =L71-H71 -> 1 | H89: =M71-I71 -> 3 | I89: =O71-K71 -> 4 | J89: =P71-L71 -> 0 | K89: =Q71-M71 -> 4 | L89: =S71-O71 -> -6 | M89: =T71-P71 -> -8 | N89: =U71-Q71 -> -14 | O89: =SUM(F89,I89,L89) -> 0 | P89: =SUM(G89,J89,M89) -> -7 | Q89: =SUM(H89,K89,N89) -> -7
B90: Departament de Prehistòria* | C90: =G72-C72 -> 0 | D90: =H72-D72 -> -1 | E90: =I72-E72 -> -1 | F90: =K72-G72 -> 0 | G90: =L72-H72 -> 2 | H90: =M72-I72 -> 2 | I90: =O72-K72 -> -1 | J90: =P72-L72 -> 1 | K90: =Q72-M72 -> 0 | L90: =S72-O72 -> -2 | M90: =T72-P72 -> -2 | N90: =U72-Q72 -> -5 | O90: =SUM(F90,I90,L90) -> -3 | P90: =SUM(G90,J90,M90) -> 1 | Q90: =SUM(H90,K90,N90) -> -3
B91: Departament d'Història Moderna i Contemporània* | C91: =G73-C73 -> 1 | D91: =H73-D73 -> 1 | E91: =I73-E73 -> 2 | F91: =K73-G73 -> -1 | G91: =L73-H73 -> 5 | H91: =M73-I73 -> 3 | I91: =O73-K73 -> 1 | J91: =P73-L73 -> 2 | K91: =Q73-M73 -> 3 | L91: =S73-O73 -> 0 | M91: =T73-P73 -> -5 | N91: =U73-Q73 -> -5 | O91: =SUM(F91,I91,L91) -> 0 | P91: =SUM(G91,J91,M91) -> 2 | Q91: =SUM(H91,K91,N91) -> 1
B92: Total FFiL | C92: =G74-C74 -> -1 | D92: =H74-D74 -> 15 | E92: =I74-E74 -> 14 | F92: =K74-G74 -> -6 | G92: =L74-H74 -> 13 | H92: =M74-I74 -> 6 | I92: =O74-K74 -> 5 | J92: =P74-L74 -> 12 | K92: =Q74-M74 -> 17 | L92: =S74-O74 -> -39 | M92: =T74-P74 -> -39 | N92: =U74-Q74 -> -79 | O92: =SUM(F92,I92,L92) -> -40 | P92: =SUM(G92,J92,M92) -> -14 | Q92: =SUM(H92,K92,N92) -> -56
O93: =O92/Q92 -> 0.71428571 | P93: =P92/Q92 -> 0.25 | Q93: 1
B94: Total UAB | C94: =G75-C75 -> 29 | D94: =H75-D75 -> 51 | E94: =I75-E75 -> 79 | F94: =K75-G75 -> 55 | G94: =L75-H75 -> 56 | H94: =M75-I75 -> 110 | I94: =O75-K75 -> 158 | J94: =P75-L75 -> 89 | K94: =Q75-M75 -> 248 | L94: =S75-O75 -> -621 | M94: =T75-P75 -> -534 | N94: =U75-Q75 -> -1156 | O94: =SUM(F94,I94,L94) -> -408 | P94: =SUM(G94,J94,M94) -> -389 | Q94: =SUM(H94,K94,N94) -> -798
O95: =O94/Q94 -> 0.5112782 | P95: =P94/Q94 -> 0.48746867 | Q95: 1
B96: Font: DataDash > Recrusos Humans > Dossier Recursos Humans > Personal Acadèmic per Categoria Laboral
B97: Data de les dades: 1/3/26
B98: Darrera revisió, Gestió Qualitat FFiL: 15/3/2026
B100: 12, Observacions
B101: Es modifica el càlcul de l'indicador per no dependre d'OGD i fer servir DataDash, ja que tenim la informació bàsica per a mirar l'evolució per sexe. Aquí proposo un nom d'indicador que podem posar en la fitxa també. Caldrà actualitzar el que diem aquí del canvi de l'indicador. Proposo un text de comentari de l'indicador.

Sheet PE05_Ind02
B2: Facultat de Filosofia i Lletres | E2: Fitxa de seguiment de l'indicador
B4: 1. Codi del l'indicador | D4: PE05_Ind02 | F4: 2. Nom de l'indicador | H4: Percentatge de mesures correctores executades derivades de les avaluacions de riscos laborals
B5: 3. Fita | D5: Mantenir el nivell 80% | F5: 4. Classificació | H5: Indicador estratègic Indicador d'avaluació de procediments
B6: 5. Càlcul de l'indicador | D6: Avaluacions de riscos laborals que resulten en mesures correctores | F6: 6. Freqüència de la medició | H6: Anual
B7: 7. Responsable del procés | D7: Administrador o administradora de Centre | F7: 8. Responsable de la gestió | H7: Administrador o administradora de Centre
B8: 9. Processos als que afecta | D8: PE05. Política i gestió del PTGAS | F8: 10. Font obtenció de dades | H8: Administrador o administradora de Centre
B10: 11. Resultats
B11: SEGUIMENT FITA: Mantenir 80% mínim | E11: Grau de compliment: Fita assolida (81%)
D13: 2017/2018 | E13: 2018/2019 | F13: 2019/2020 | G13: 2020/2021 | H13: 2021/2022 | I13: 2022/2023 | J13: 2023/2024 | K13: 2024/2025
B14: Percentatge de mesures correctores executades derivades de les avaluacions de riscos laborals | D14: 0.8 | E14: 0.84 | F14: 0.82 | G14: 0.83 | H14: 0.85 | I14: 0.8 | J14: 0.82 | K14: 0.81

Sheet PE05_Ind03
B2: Facultat de Filosofia i Lletres | E2: Fitxa de seguiment de l'indicador
B4: 1. Codi del l'indicador | D4: PE05_Ind03 | F4: 2. Nom de l'indicador | H4: Nombre d'hores de formació rebudes pel PTGAS de la Facultat
B5: 3. Fita | D5: Mantenir per sobre de 5000 hores i 500 participacions | F5: 4. Classificació | H5: Indicador d'avaluació de procediments
B6: 5. Càlcul de l'indicador | F6: 6. Freqüència de la medició | H6: Anual
B7: 7. Responsable del procés | D7: Administador o Administradora de Centre | F7: 8. Responsable de la gestió | H7: Administador o Administradora de Centre
B8: 9. Processos als que afecta | D8: PE05. Política i gestió del PTGAS | F8: 10. Font obtenció de dades | H8: Unitat de Formació de Personal UAB
B10: 11. Resultats
B11: SEGUIMENT FITA: Mantenir 5000 hores i 500 participacions | E11: Grau de compliment: Fita assolida
D13: 2018/2019 | E13: 2019/2020 | F13: 2020/2021 | G13: 2021/2022 | H13: 2022/2023 | I13: 2023/2024 | J13: 2024/2025
B14: Nombre d'hores | D14: 7004 | E14: 6179 | F14: 5064 | G14: 4740 | H14: 6079 | I14: 5080 | J14: 5087
B15: Nombre de participacions | D15: 736 | E15: 577 | F15: 620 | G15: 700 | H15: 848 | I15: 669 | J15: 597
B18: 12, Observacions
B19: La fita literal d’aconseguir un increment progressiu en el nombre d’hores no s’ha aconseguit, però es manté un nivell elevat d’hores i participants. Semaforització nombre d'hores: Verd. Més de 5000 hores. Justificació: Es considera assolir l'objectiu mantenir l'elevat nombre actual d'hores. Semaforització nombre de participacions: Verd. Més de 500 participacions. Justificació: Es considera assolir l'objectiu mantenir l'elevat nombre actual de participacions.

Sheet PC01_Ind01
B2: Facultat de Filosofia i Lletres | E2: Fitxa de seguiment de l'indicador
B4: 1. Codi del l'indicador | D4: PC01_Ind01 | F4: 2. Nom de l'indicador | H4: Via d'Accés de l'Alumnat de grau
B5: 3. Fita | D5: Mantenir l'alumnat que prové de les PAU per sobre del 70 % | F5: 4. Classificació | H5: Indicador d'avaluació de procediments
B6: 5. Càlcul de l'indicador | D6: Alumnes PAU / Totes alumnes primer | F6: 6. Freqüència de la medició | H6: Anual
B7: 7. Responsable del procés | D7: Vicedegà/ana de Qualitat i Pla Estratègic i coordinador del SGIQ | F7: 8. Responsable de la gestió | H7: Gestor/a de Qualitat
B8: 9. Processos als que afecta | D8: PC01. Definició de perfils d'ingrés. graduació i accés als estudis | F8: 10. Font obtenció de dades | H8: Datadash UAB
B10: 11. Resultats
B11: SEGUIMENT FITA: Mantenir nivell 70% o més | G11: Grau de compliment: Fita assolida (75%)
C13: 2017-2018 | D13: 2018-2019 | E13: 2019-2020 | F13: 2020-21 | G13: 2021-22 | H13: 2022-23 | I13: 2023-24 | J13: 2024-25 | K13: 2025-26 | M13: Semaforització
B14: Alumnat de grau nou accés | C14: =C27 -> 878 | D14: =D27 -> 1062 | E14: =E27 -> 1065 | F14: =F27 -> 1129 | G14: =G27 -> 1116 | H14: =H27 -> 1108 | I14: =I27 -> 1033 | J14: =J27 -> 974 | K14: =K27 -> 974
B15: % alumnat de PAUU - FFiL | C15: =C32 -> 0.74715262 | D15: =D32 -> 0.83145009 | E15: =E32 -> 0.83849765 | F15: =F32 -> 0.82905226 | G15: =G32 -> 0.87455197 | H15: =H32 -> 0.83212996 | I15: =I32 -> 0.75798645 | J15: =J32 -> 0.74743326 | K15: =K32 -> 0.74845996 | M15: Fita assolida
B16: % alumnat de PAUU - UAB | G16: 0.87455197 | H16: 0.83212996 | I16: 0.75798645 | J16: 0.74743326 | K16: 0.74845996
M17: Evolució positiva
C18: Via d’accés de l’alumnat de grau | M18: Cal seguiment
B19: Columna1 | C19: Curs | D19: Columna2 | E19: Columna3 | F19: Columna4 | G19: Columna5 | H19: Columna6 | I19: Columna7 | J19: Columna8 | K19: Columna9 | M19: Cal seguiment
C20: 2017-2018 | D20: 2018-2019 | E20: 2019-2020 | F20: 2020-21 | G20: 2021-22 | H20: 2022-23 | I20: 2023-24 | J20: 2024-25 | K20: 2025-26
B21: Alumnes de PAU | C21: 656 | D21: 883 | E21: 893 | F21: 936 | G21: 976 | H21: 922 | I21: 783 | J21: 728 | K21: 729 | M21: Incompliment
B22: Alumnes de FP/CFGS | C22: 44 | D22: 55 | E22: 62 | F22: 65 | G22: 69 | H22: 63 | I22: 65 | J22: 51 | K22: 74
B23: Titulats universitaris | C23: 15 | D23: 13 | E23: 8 | F23: 12 | G23: 13 | H23: 19 | I23: 6 | J23: 12 | K23: 17
B24: Canvis de carrera | C24: 121 | D24: 77 | E24: 71 | F24: 92 | G24: 35 | H24: 84 | I24: 160 | J24: 159 | K24: 125
B25: Més grans de 25 anys | C25: 22 | D25: 19 | E25: 12 | F25: 12 | G25: 7 | H25: 8 | I25: 7 | J25: 12 | K25: 8
B26: Altres | C26: 17 | D26: 12 | E26: 14 | F26: 10 | G26: 16 | H26: 12 | I26: 12 | J26: 12 | K26: 21
B27: TOTAL | C27: 878 | D27: 1062 | E27: 1065 | F27: 1129 | G27: 1116 | H27: 1108 | I27: 1033 | J27: 974 | K27: 974
B29: Columna1 | C29: Columna2 | D29: Columna3 | E29: Columna4 | F29: Columna5 | G29: Columna6 | H29: Columna7 | I29: Columna8 | J29: Columna9 | K29: Columna10
C30: Curs
B31: Via d’accés de l’alumnat de grau | C31: 2017-2018 | D31: 2018-2019 | E31: 2019-2020 | F31: 2020-21 | G31: 2021-22 | H31: 2022-23 | I31: 2023-24 | J31: 2024-25 | K31: 2025-26
B32: Alumnes de PAU | C32: =C21/C$27 -> 0.74715262 | D32: =D21/D$27 -> 0.83145009 | E32: =E21/E$27 -> 0.83849765 | F32: =F21/F$27 -> 0.82905226 | G32: =G21/G$27 -> 0.87455197 | H32: =H21/H$27 -> 0.83212996 | I32: =I21/I$27 -> 0.75798645 | J32: =J21/J$27 -> 0.74743326 | K32: =K21/K$27 -> 0.74845996
B33: Alumnes de FP/CFGS | C33: =C22/C$27 -> 0.050113895 | D33: =D22/D$27 -> 0.051789077 | E33: =E22/E$27 -> 0.058215962 | F33: =F22/F$27 -> 0.057573074 | G33: =G22/G$27 -> 0.061827957 | H33: =H22/H$27 -> 0.056859206 | I33: =I22/I$27 -> 0.062923524 | J33: =J22/J$27 -> 0.052361396 | K33: =K22/K$27 -> 0.075975359
B34: Titulats universitaris | C34: =C23/C$27 -> 0.017084282 | D34: =D23/D$27 -> 0.012241055 | E34: =E23/E$27 -> 0.0075117371 | F34: =F23/F$27 -> 0.010628875 | G34: =G23/G$27 -> 0.011648746 | H34: =H23/H$27 -> 0.017148014 | I34: =I23/I$27 -> 0.0058083253 | J34: =J23/J$27 -> 0.012320329 | K34: =K23/K$27 -> 0.017453799
B35: Canvis de carrera | C35: =C24/C$27 -> 0.13781321 | D35: =D24/D$27 -> 0.072504708 | E35: =E24/E$27 -> 0.066666667 | F35: =F24/F$27 -> 0.081488043 | G35: =G24/G$27 -> 0.031362007 | H35: =H24/H$27 -> 0.075812274 | I35: =I24/I$27 -> 0.15488867 | J35: =J24/J$27 -> 0.16324435 | K35: =K24/K$27 -> 0.12833676
B36: Més grans de 25 anys | C36: =C25/C$27 -> 0.025056948 | D36: =D25/D$27 -> 0.017890772 | E36: =E25/E$27 -> 0.011267606 | F36: =F25/F$27 -> 0.010628875 | G36: =G25/G$27 -> 0.0062724014 | H36: =H25/H$27 -> 0.0072202166 | I36: =I25/I$27 -> 0.0067763795 | J36: =J25/J$27 -> 0.012320329 | K36: =K25/K$27 -> 0.0082135524
B37: Altres | C37: =C26/C$27 -> 0.019362187 | D37: =D26/D$27 -> 0.011299435 | E37: =E26/E$27 -> 0.01314554 | F37: =F26/F$27 -> 0.0088573959 | G37: =G26/G$27 -> 0.014336918 | H37: =H26/H$27 -> 0.010830325 | I37: =I26/I$27 -> 0.011616651 | J37: =J26/J$27 -> 0.012320329 | K37: =K26/K$27 -> 0.021560575
B38: TOTAL | C38: =C27/C$27 -> 1 | D38: =D27/D$27 -> 1 | E38: =E27/E$27 -> 1 | F38: =F27/F$27 -> 1 | G38: =G27/G$27 -> 1 | H38: =H27/H$27 -> 1 | I38: =I27/I$27 -> 1 | J38: =J27/J$27 -> 1 | K38: =K27/K$27 -> 1
B40: Diferència total alumnes respecte curs anterior | D40: =(D27-C27) -> 184 | E40: =(E27-D27) -> 3 | F40: =(F27-E27) -> 64 | G40: =(G27-F27) -> -13 | H40: =(H27-G27) -> -8 | I40: =(I27-H27) -> -75 | J40: =(J27-I27) -> -59 | K40: =(K27-J27) -> 0
B41: % increment/decreixement | D41: =(D27/C27)-1 -> 0.2095672 | E41: =(E27/D27)-1 -> 0.0028248588 | F41: =(F27/E27)-1 -> 0.060093897 | G41: =(G27/F27)-1 -> -0.011514615 | H41: =(H27/G27)-1 -> -0.0071684588 | I41: =(I27/H27)-1 -> -0.067689531 | J41: =(J27/I27)-1 -> -0.057115198 | K41: =(K27/J27)-1 -> 0
B44: Nombre de places ofertades estudis de grau | G44: 1195 | H44: 1195 | I44: 1145 | J44: 1135 | K44: 1135
B45: Percentatge ocupació graus de la Facultat | G45: =G27/G44 -> 0.93389121 | H45: =H27/H44 -> 0.92719665 | I45: =I27/I44 -> 0.90218341 | J45: =J27/J44 -> 0.85814978 | K45: =K27/K44 -> 0.85814978
B47: Les dades des del curs 2021-22 han estat actualitzades amb la versió 15/2/26 de la informació Dossier de Seguiment de Graus (DataDash)
B48: Autor darrera actualització: Gestió Qualitat FFiL, data 23-2-2026
B50: 12, Observacions
B51: L’indicador PC01_Ind01 mostra una estabilitat molt alta en la via d’accés principal, amb percentatges d’alumnat PAU sempre superiors al 74% i plenament alineats amb els valors de la UAB i del sistema universitari català. El patró d’accés és coherent també amb les tendències internacionals en Humanitats, on l’entrada per batxillerat és clarament dominant. La fita de mantenir >70% és adequada i s’assoleix de manera sostinguda. Es proposa una semaforització senzilla: Verd ≥70%, Ambre 65–69%, Vermell <65%.

Sheet PC01_Ind02a
B2: Facultat de Filosofia i Lletres | E2: Fitxa de seguiment de l'indicador
B4: 1. Codi del l'indicador | D4: PC01_Ind02a | F4: 2. Nom de l'indicador | H4: Nombre de màsters que superen els 20 estudiants de nou accés
B5: 3. Fita | D5: Incrementar fins al 80 % els màster eficients > 20 alumnes. Superar 20 persones en la mitjana d'entrada per màster | F5: 4. Classificació | H5: Indicador d'avaluació de procediments
B6: 5. Càlcul de l'indicador | D6: Nombre de masters eficients/ nombre total de màsters | F6: 6. Freqüència de la medició | H6: Anual
B7: 7. Responsable del procés | D7: Vicedegà/ana de Qualitat i Pla Estratègic i coordinador del SGIQ | F7: 8. Responsable de la gestió | H7: Gestor/a de Qualitat
B8: 9. Processos als que afecta | D8: PC01. Definició de perfils d'ingrés. graduació i accés als estudis | F8: 10. Font obtenció de dades | H8: Datadash UAB
B10: 11. Resultats
B11: SEGUIMENT FITA: 80% o més de màsters eficients | E11: Grau de compliment: Evolució positiva (79%)
L12: Semaforització
D13: CÀLCUL INDICADOR DE SEGUIMENT AGREGAT DE FACULTAT
D14: 2020/2021 | E14: 2021/2022 | F14: 2022/2023 | G14: 2023/2024 | H14: 2024/2025 | I14: 2025/2026 | L14: Fita assolida
C15: Nombre total de màsters | D15: 15 | E15: 15 | F15: 15 | G15: 15 | H15: 14 | I15: 14
C16: Masters eficients | D16: 6 | E16: 10 | F16: 10 | G16: 9 | H16: 9 | I16: 11 | L16: Evolució positiva
C17: Percentatge màsters eficients | D17: =D16/D15 -> 0.4 | E17: =E16/E15 -> 0.66666667 | F17: =F16/F15 -> 0.66666667 | G17: =G16/G15 -> 0.6 | H17: =H16/H15 -> 0.64285714 | I17: =I16/I15 -> 0.78571429
C18: Mitjana entrada per màster | D18: =D47 -> 17.375 | E18: =F47 -> 23.25 | F18: =H47 -> 19.125 | G18: =J47 -> 22.6875 | H18: =L47 -> 21.8 | I18: =N47 -> 24.266667 | L18: Cal seguiment
D20: DADES DETALLADES PER TITULACIÓ DE MÀSTER | L20: Incompliment
D21: En color verd, titulacions de màster eficients,
D22: 2020-21 | F22: 2021-22 | H22: 2022-23 | J22: 2023-24 | L22: 24-25 | N22: 25-26
C23: MÀSTERS | D23: Nou ingrés | E23: Places | F23: Nou ingrés | G23: Places | H23: Nou ingrés | I23: Places | J23: Nou ingrés | K23: Places | L23: Nou ingrés | M23: Places | N23: Nou ingrés | O23: Places
C24: Anàlisi i Gestió del Patrimoni Artístic | D24: 19 | E24: 25 | F24: 23 | G24: 25 | H24: 23 | I24: 25 | J24: 26 | K24: 25 | L24: 30 | M24: 25 | N24: 32 | O24: 25
C25: Antropologia: Recerca Avançada i Intervenció Social | D25: 21 | E25: 35 | F25: 19 | G25: 30 | H25: 16 | I25: 30 | J25: 15 | K25: 30 | L25: 16 | M25: 30 | N25: 22 | O25: 30
C26: Antropologia Social i Cultural (CREOLE) | D26: 3 | E26: 5 | F26: 3 | G26: 6 | H26: 3 | I26: 6 | J26: 3 | K26: 6 | L26: 3 | M26: 6 | N26: 2 | O26: 6
C27: Arqueologia Prehistòrica | D27: — | E27: — | F27: 14 | G27: 20 | H27: 17 | I27: 20 | J27: 11 | K27: 20 | L27: 10 | M27: 20
C28: Egiptologia | D28: — | E28: — | F28: 29 | G28: 30 | H28: — | I28: — | J28: 40 | K28: 30 | L28: — | M28: — | N28: 36 | O28: 30
B29: 14, Gràfic | C29: Estudis Anglesos Avançats | D29: 17 | E29: 25 | F29: 16 | G29: 25 | H29: 20 | I29: 25 | J29: 29 | K29: 25
C30: English Studies | L30: 26 | M30: 25 | N30: 32 | O30: 25
C31: Estudis Avançats de Llengua i Literatura Catalanes | D31: 11 | E31: 25 | F31: 10 | G31: 25 | H31: 11 | I31: 25 | J31: 15 | K31: 25 | L31: 15 | M31: 25 | N31: 17 | O31: 20
C32: Estudis Teatrals | D32: 19 | E32: 40 | F32: 11 | G32: 40 | H32: 21 | I32: 40 | J32: 24 | K32: 30 | L32: 24 | M32: 30 | N32: 25 | O32: 30
C33: Estudis Territorials i del Planejament | D33: 23 | E33: 25 | F33: 38 | G33: 25 | H33: 25 | I33: 25 | J33: 32 | K33: 25 | L33: 28 | M33: 25 | N33: 32 | O33: 25
C34: Filosofia Aplicada | D34: 9 | E34: 20 | F34: 29 | G34: 20 | H34: 11 | I34: 20 | J34: 10 | K34: 20
C35: Filosofies de la Cura | L35: 24 | M35: 20 | N35: 29 | O35: 20
C36: Francès Llengua Estrangera i Diversitat Lingüística | D36: 8 | E36: 25 | F36: — | G36: — | H36: 6 | I36: 25 | J36: — | K36: —
C37: Geoinformació | D37: 18 | E37: 20 | F37: 26 | G37: 20 | H37: 23 | I37: 20 | J37: 26 | K37: 20 | L37: 22 | M37: 20 | N37: 25 | O37: 20
C38: Història Contemporània | D38: 20 | E38: 30 | F38: 30 | G38: 30 | H38: 22 | I38: 30 | J38: 25 | K38: 30 | L38: 22 | M38: 30 | N38: 16 | O38: 30
C39: Humanitats i Patrimoni Digital | D39: 13 | E39: 30 | F39: 19 | G39: 30 | H39: 22 | I39: 30 | J39: 19 | K39: 30 | L39: 17 | M39: 30 | N39: 21 | O39: 25
C40: Literatura Comparada: Estudis Literaris i Culturals | D40: 21 | E40: 50 | F40: 22 | G40: 40 | H40: 22 | I40: 40 | J40: 16 | K40: 40 | L40: 15 | M40: 40 | N40: 18 | O40: 40
C41: Llengua Espanyola, Literatura Hispànica i Espanyol com a Llengua Estrangera | D41: 38 | E41: 50 | F41: 49 | G41: 55 | H41: 36 | I41: 55 | J41: 34 | K41: 55 | L41: 39 | M41: 55 | N41: 23 | O41: 55
C42: Musicologia, Educació Musical i Interpretació de la Música Antiga | D42: 21 | E42: 55 | F42: 34 | G42: 50 | H42: 28 | I42: 50 | J42: 38 | K42: 50 | L42: 36 | M42: 50 | N42: 34 | O42: 50
C43: Prehistòria, Antiguitat i Edat Mitjana | D43: 17 | E43: 25 | F43: — | G43: — | H43: — | I43: — | J43: — | K43: —
C44: Total MU FFiL | D44: =SUM(D24:D43) -> 278 | E44: =SUM(E24:E43) -> 485 | F44: =SUM(F24:F43) -> 372 | G44: =SUM(G24:G43) -> 471 | H44: =SUM(H24:H43) -> 306 | I44: =SUM(I24:I43) -> 466 | J44: =SUM(J24:J43) -> 363 | K44: =SUM(K24:K43) -> 461 | ... O44: =SUM(O24:O43) -> 431
C46: % MU FFiL eficients >20 nou ingrés | D46: 6/15 (40%) | F46: 10/15 (67%) | H46: 10/15 (67%) | J46: 9/15 (60%) | L46: 9/14 (64,3%) | N46: 11/15(73,3%)
C47: Nou ingrés / Màster FFiL | D47: =D44/COUNTIF(D24:D43,">0") -> 17.375 | F47: =F44/COUNTIF(F24:F43,">0") -> 23.25 | H47: =H44/COUNTIF(H24:H43,">0") -> 19.125 | J47: =J44/COUNTIF(J24:J43,">0") -> 22.6875 | L47: =L44/COUNTIF(L24:L43,">0") -> 21.8 | N47: =N44/COUNTIF(N24:N43,">0") -> 24.266667
C48: Nombre de màsters UAB amb més de 20 estudiants (no es compten els màsters EM) | D48: 60/80 | F48: 63/83 | H48: 66/81 | J48: 65/87 | L48: 65/88 | N48: 65/83
D49: =60/80 -> 0.75 | F49: =63/83 -> 0.75903614 | H49: =66/81 -> 0.81481481 | J49: =65/87 -> 0.74712644 | L49: =65/88 -> 0.73863636 | N49: =65/83 -> 0.78313253
C51: Les dades des del curs 2021-22 han estat actualitzades amb la versió 15/2/26 de la informació Dossier de Seguiment de Màsters(DataDash)
C52: Autor darrera actualització: Gestió Qualitat FFiL, data 23-2-2026
B55: 12, Observacions
B56: L’indicador PC01_Ind02a mostra una evolució molt positiva en la capacitat de la Facultat per oferir màsters amb cohorts robustes, passant d’un 40% de programes eficients el 2020/21 a un 73,3% el 2025/26. Aquest comportament s’alinea amb la mitjana UAB i amb els patrons del sistema universitari català, i és coherent amb estàndards internacionals en Humanitats, on cohortes de 20–25 estudiants representen un valor de viabilitat i atractiu. La fita del 80% és ambiciosa però assolible. Es proposa una semaforització per al nombre de màsters >20 estudiants entrada: Verd ≥80%, Ambre 50–69%, Vermell <50%. S'estableix una semaforització secundària per a seguir la mitjana de nova matriculació per màsater: Verd: >20. Groc: 18-20. Vermell: <18

Sheet PC01_Ind02e
B2: Facultat de Filosofia i Lletres | E2: Fitxa de seguiment de l'indicador
B4: 1. Codi del l'indicador | D4: PC01_Ind02e | F4: 2. Nom de l'indicador | H4: Percentatge d’admesos als màsters sobre sol·licituds rebudes
B5: 3. Fita | D5: Mantenir valor mínim 65% | F5: 4. Classificació | H5: Indicador d'avaluació de procediments
B6: 5. Càlcul de l'indicador | D6: Admissions / Total sol·licituds | F6: 6. Freqüència de la medició | H6: Anual
B7: 7. Responsable del procés | D7: Vicedegà/ana de Qualitat i Pla Estratègic i coordinador del SGIQ | F7: 8. Responsable de la gestió | H7: Gestor/a de Qualitat
B8: 9. Processos als que afecta | D8: PC01. Definició de perfils d'ingrés. graduació i accés als estudis | F8: 10. Font obtenció de dades | H8: Datadash
B10: 11. Resultats
B11: SEGUIMENT FITA: Mantenir valor mínim 65% | G11: Grau de compliment: Fita assolida (75%)
C14: TAULA RESUM i CÀLCUL DE L'INDICADOR | H14: Semaforització
C15: 2022/2023 | D15: 2023/2024 | E15: 2024/2025 | F15: 2025/2026
B16: Sol·licituds rebudes | C16: 583 | D16: 759 | E16: 614 | F16: 671 | H16: Fita assolida
B17: Admesos | C17: 435 | D17: 500 | E17: 452 | F17: 500 | H17: Evolució positiva
B18: Percentatge admesos | C18: =C17/C16 -> 0.74614065 | D18: =D17/D16 -> 0.65876153 | E18: =E17/E16 -> 0.73615635 | F18: =F17/F16 -> 0.74515648 | H18: Cal seguiment
H19: Incompliment
C22: Dades detallades per titulació de màster
C24: Percentatge d'admesos sobre sol.licituds | J24: Sol·licituds | Q24: Admesos
A25: MU | B25: RUCT | C25: 2019/20 | D25: 2020/21 | E25: 2021/22 | F25: 2022/23 | G25: 2023/24 | H25: 2024/25 | I25: 2025/26 | J25: 2019/20 | K25: 2020/21 | L25: 2021/22 | M25: 2022/23 | N25: 2023/24 | O25: 2024/25 | P25: 2025/26 | Q25: 2019/20 | R25: 2020/21 | S25: 2021/22 | T25: 2022/23 | U25: 2023/24 | V25: 2024/25 | W25: 2025/26
A26: Anàlisi i Gestió del Patrimoni Artístic | B26: 4313768 | C26: =IF(J26<>"",Q26/J26,"") -> 0.775 | D26: =IF(K26<>"",R26/K26,"") -> 0.75675676 | E26: =IF(L26<>"",S26/L26,"") -> 0.76190476 | F26: =IF(M26<>"",T26/M26,"") -> 0.72916667 | G26: =IF(N26<>"",U26/N26,"") -> 0.80392157 | H26: =IF(O26<>"",V26/O26,"") -> 0.75862069 | I26: =IF(P26<>"",W26/P26,"") -> 0.62686567 | J26: 40 | K26: 37 | L26: 42 | M26: 48 | N26: 51 | O26: 58 | P26: 67 | Q26: 31 | R26: 28 | S26: 32 | T26: 35 | U26: 41 | V26: 44 | W26: 42
A27: Antropologia Social i Cultural CREOLE (no coordinat) | B27: 4317133 | C27: =IF(J27<>"",Q27/J27,"") -> 0.5 | D27: =IF(K27<>"",R27/K27,"") -> 0.72727273 | E27: =IF(L27<>"",S27/L27,"") -> 0.46153846 | F27: =IF(M27<>"",T27/M27,"") -> 0.66666667 | G27: =IF(N27<>"",U27/N27,"") -> 0.3 | H27: =IF(O27<>"",V27/O27,"") -> 0.42857143 | I27: =IF(P27<>"",W27/P27,"") -> 1 | J27: 16 | K27: 11 | L27: 13 | M27: 9 | N27: 10 | O27: 7 | P27: 9 | Q27: 8 | R27: 8 | S27: 6 | T27: 6 | U27: 3 | V27: 3 | W27: 9
A28: Antropologia: Recerca Avançada i Intervenció Social | B28: 4313769 | C28: =IF(J28<>"",Q28/J28,"") -> 0.75925926 | D28: =IF(K28<>"",R28/K28,"") -> 0.77358491 | E28: =IF(L28<>"",S28/L28,"") -> 0.91666667 | F28: =IF(M28<>"",T28/M28,"") -> 0.8372093 | G28: =IF(N28<>"",U28/N28,"") -> 0.56521739 | H28: =IF(O28<>"",V28/O28,"") -> 0.89473684 | I28: =IF(P28<>"",W28/P28,"") -> 0.93877551 | J28: 54 | K28: 53 | L28: 36 | M28: 43 | N28: 46 | O28: 38 | P28: 49 | Q28: 41 | R28: 41 | S28: 33 | T28: 36 | U28: 26 | V28: 34 | W28: 46
A29: Arqueologia Prehistòrica (primera edició 2021-22) | B29: 4317545 | C29: =IF(J29<>"",Q29/J29,"") | D29: =IF(K29<>"",R29/K29,"") | E29: =IF(L29<>"",S29/L29,"") -> 0.94444444 | F29: =IF(M29<>"",T29/M29,"") -> 1 | G29: =IF(N29<>"",U29/N29,"") -> 0.8 | H29: =IF(O29<>"",V29/O29,"") -> 1 | I29: =IF(P29<>"",W29/P29,"") | L29: 18 | M29: 21 | N29: 20 | O29: 14 | S29: 17 | T29: 21 | U29: 16 | V29: 14
A30: Egiptologia (biannual) | B30: 4315555 | C30: =IF(J30<>"",Q30/J30,"") -> 0.9375 | D30: =IF(K30<>"",R30/K30,"") | E30: =IF(L30<>"",S30/L30,"") -> 0.47368421 | F30: =IF(M30<>"",T30/M30,"") | G30: =IF(N30<>"",U30/N30,"") -> 0.48958333 | H30: =IF(O30<>"",V30/O30,"") | I30: =IF(P30<>"",W30/P30,"") -> 0.57692308 | J30: 32 | L30: 95 | N30: 96 | P30: 78 | Q30: 30 | S30: 45 | U30: 47 | W30: 45
A31: Estudis Anglesos Avançats / Advanced English Studies | B31: 4313157 | C31: =IF(J31<>"",Q31/J31,"") -> 0.4375 | D31: =IF(K31<>"",R31/K31,"") -> 0.42647059 | E31: =IF(L31<>"",S31/L31,"") -> 0.40740741 | F31: =IF(M31<>"",T31/M31,"") -> 0.425 | G31: =IF(N31<>"",U31/N31,"") -> 0.46846847 | H31: =IF(O31<>"",V31/O31,"") -> 0.48192771 | I31: =IF(P31<>"",W31/P31,"") -> 0.55434783 | J31: 80 | K31: 68 | L31: 81 | M31: 80 | N31: 111 | O31: 83 | P31: 92 | Q31: 35 | R31: 29 | S31: 33 | T31: 34 | U31: 52 | V31: 40 | W31: 51
A32: Estudis Avançats de Llengua i Literatura Catalanes | B32: 4313382 | C32: =IF(J32<>"",Q32/J32,"") -> 1 | D32: =IF(K32<>"",R32/K32,"") -> 0.86666667 | E32: =IF(L32<>"",S32/L32,"") -> 0.91666667 | F32: =IF(M32<>"",T32/M32,"") -> 0.88235294 | G32: =IF(N32<>"",U32/N32,"") -> 0.94736842 | H32: =IF(O32<>"",V32/O32,"") -> 1 | I32: =IF(P32<>"",W32/P32,"") -> 0.94444444 | J32: 12 | K32: 15 | L32: 12 | M32: 17 | N32: 19 | O32: 17 | P32: 18 | Q32: 12 | R32: 13 | S32: 11 | T32: 15 | U32: 18 | V32: 17 | W32: 17
A33: Estudis Teatrals (última edició 2022-23) | B33: 4313879 | C33: =IF(J33<>"",Q33/J33,"") -> 0.88 | D33: =IF(K33<>"",R33/K33,"") -> 0.94117647 | E33: =IF(L33<>"",S33/L33,"") -> 1 | F33: =IF(M33<>"",T33/M33,"") -> 0.97058824 | G33: =IF(N33<>"",U33/N33,"") | H33: =IF(O33<>"",V33/O33,"") | I33: =IF(P33<>"",W33/P33,"") | J33: 50 | K33: 34 | L33: 22 | M33: 34 | Q33: 44 | R33: 32 | S33: 22 | T33: 33
A34: Estudis Teatrals (reverificat 2023-24) | B34: 4318300 | C34: =IF(J34<>"",Q34/J34,"") | D34: =IF(K34<>"",R34/K34,"") | E34: =IF(L34<>"",S34/L34,"") | F34: =IF(M34<>"",T34/M34,"") | G34: =IF(N34<>"",U34/N34,"") -> 0.95 | H34: =IF(O34<>"",V34/O34,"") -> 1 | I34: =IF(P34<>"",W34/P34,"") -> 0.975 | N34: 40 | O34: 40 | P34: 40 | U34: 38 | V34: 40 | W34: 39
A35: Estudis Territorials i de la Població (última edició 2020-21) | B35: 4313300 | C35: =IF(J35<>"",Q35/J35,"") -> 0.94285714 | D35: =IF(K35<>"",R35/K35,"") -> 0.97777778 | E35: =IF(L35<>"",S35/L35,"") | F35: =IF(M35<>"",T35/M35,"") | G35: =IF(N35<>"",U35/N35,"") | H35: =IF(O35<>"",V35/O35,"") | I35: =IF(P35<>"",W35/P35,"") | J35: 35 | K35: 45 | Q35: 33 | R35: 44
A36: Estudis Territorials i Planejament (primera edició 2021-22) | B36: 4317520 | C36: =IF(J36<>"",Q36/J36,"") | D36: =IF(K36<>"",R36/K36,"") | E36: =IF(L36<>"",S36/L36,"") -> 0.95652174 | F36: =IF(M36<>"",T36/M36,"") -> 0.875 | G36: =IF(N36<>"",U36/N36,"") -> 0.77358491 | H36: =IF(O36<>"",V36/O36,"") -> 0.92592593 | I36: =IF(P36<>"",W36/P36,"") -> 0.85185185 | L36: 46 | M36: 40 | N36: 53 | O36: 54 | P36: 54 | S36: 44 | T36: 35 | U36: 41 | V36: 50 | W36: 46
A37: Filosofia Aplicada (última edició 2023-24) | B37: 4316227 | C37: =IF(J37<>"",Q37/J37,"") -> 0.65217391 | D37: =IF(K37<>"",R37/K37,"") -> 0.80952381 | E37: =IF(L37<>"",S37/L37,"") -> 0.88888889 | F37: =IF(M37<>"",T37/M37,"") -> 0.83333333 | G37: =IF(N37<>"",U37/N37,"") -> 0.88888889 | H37: =IF(O37<>"",V37/O37,"") | I37: =IF(P37<>"",W37/P37,"") | J37: 23 | K37: 21 | L37: 45 | M37: 18 | N37: 18 | Q37: 15 | R37: 17 | S37: 40 | T37: 15 | U37: 16
A38: Filosofies de la Cura (primera edició 2425) | C38: =IF(J38<>"",Q38/J38,"") | D38: =IF(K38<>"",R38/K38,"") | E38: =IF(L38<>"",S38/L38,"") | F38: =IF(M38<>"",T38/M38,"") | G38: =IF(N38<>"",U38/N38,"") | H38: =IF(O38<>"",V38/O38,"") -> 1 | I38: =IF(P38<>"",W38/P38,"") -> 0.79487179 | O38: 29 | P38: 39 | V38: 29 | W38: 31
A39: Francès Llengua Estrangera i Diversitat Lingüística (última edició 2022-23 biannual) | B39: 4316204 | C39: =IF(J39<>"",Q39/J39,"") | D39: =IF(K39<>"",R39/K39,"") -> 0.84210526 | E39: =IF(L39<>"",S39/L39,"") | F39: =IF(M39<>"",T39/M39,"") -> 0.76190476 | G39: =IF(N39<>"",U39/N39,"") | H39: =IF(O39<>"",V39/O39,"") | I39: =IF(P39<>"",W39/P39,"") | K39: 19 | M39: 21 | R39: 16 | T39: 16
A40: Geoinformació | B40: 4315985 | C40: =IF(J40<>"",Q40/J40,"") -> 0.76315789 | D40: =IF(K40<>"",R40/K40,"") -> 0.86666667 | E40: =IF(L40<>"",S40/L40,"") -> 0.94285714 | F40: =IF(M40<>"",T40/M40,"") -> 0.73170732 | G40: =IF(N40<>"",U40/N40,"") -> 0.66666667 | H40: =IF(O40<>"",V40/O40,"") -> 0.65909091 | I40: =IF(P40<>"",W40/P40,"") -> 0.57894737 | J40: 38 | K40: 30 | L40: 35 | M40: 41 | N40: 45 | O40: 44 | P40: 57 | Q40: 29 | R40: 26 | S40: 33 | T40: 30 | U40: 30 | V40: 29 | W40: 33
A41: Història Contemporània (no coordinat - última edició 22-23) | B41: 4318228 | C41: =IF(J41<>"",Q41/J41,"") -> 0.88 | D41: =IF(K41<>"",R41/K41,"") -> 0.81818182 | E41: =IF(L41<>"",S41/L41,"") -> 0.86792453 | F41: =IF(M41<>"",T41/M41,"") -> 0.90909091 | G41: =IF(N41<>"",U41/N41,"") | H41: =IF(O41<>"",V41/O41,"") | I41: =IF(P41<>"",W41/P41,"") | J41: 50 | K41: 33 | L41: 53 | M41: 44 | Q41: 44 | R41: 27 | S41: 46 | T41: 40
A42: Història Contemporània (no coordinat - reverificat 2023-24) | B42: 4311727 | C42: =IF(J42<>"",Q42/J42,"") | D42: =IF(K42<>"",R42/K42,"") | E42: =IF(L42<>"",S42/L42,"") | F42: =IF(M42<>"",T42/M42,"") | G42: =IF(N42<>"",U42/N42,"") -> 0.85416667 | H42: =IF(O42<>"",V42/O42,"") -> 0.70731707 | I42: =IF(P42<>"",W42/P42,"") -> 1 | N42: 48 | O42: 41 | P42: 23 | U42: 41 | V42: 29 | W42: 23
A43: Humanitats i Patrimoni Digitals | B43: 4317127 | C43: =IF(J43<>"",Q43/J43,"") | D43: =IF(K43<>"",R43/K43,"") -> 1 | E43: =IF(L43<>"",S43/L43,"") -> 0.76595745 | F43: =IF(M43<>"",T43/M43,"") -> 0.66666667 | G43: =IF(N43<>"",U43/N43,"") -> 0.50632911 | H43: =IF(O43<>"",V43/O43,"") -> 0.46666667 | I43: =IF(P43<>"",W43/P43,"") -> 0.6779661 | K43: 21 | L43: 47 | M43: 51 | N43: 79 | O43: 75 | P43: 59 | R43: 21 | S43: 36 | T43: 34 | U43: 40 | V43: 35 | W43: 40
A44: Literatura Comparada: Estudis Literaris i Culturals | B44: 4313178 | C44: =IF(J44<>"",Q44/J44,"") -> 0.47777778 | D44: =IF(K44<>"",R44/K44,"") -> 0.67857143 | E44: =IF(L44<>"",S44/L44,"") -> 0.64179104 | F44: =IF(M44<>"",T44/M44,"") -> 0.70967742 | G44: =IF(N44<>"",U44/N44,"") -> 0.82692308 | H44: =IF(O44<>"",V44/O44,"") -> 0.85416667 | I44: =IF(P44<>"",W44/P44,"") -> 1 | J44: 90 | K44: 56 | L44: 67 | M44: 62 | N44: 52 | O44: 48 | P44: 31 | Q44: 43 | R44: 38 | S44: 43 | T44: 44 | U44: 43 | V44: 41 | W44: 31
A45: Llengua Espanyola, Literatura Hispànica i Espanyol com a Llengua Estrangera | B45: 4313767 | C45: =IF(J45<>"",Q45/J45,"") -> 0.38297872 | D45: =IF(K45<>"",R45/K45,"") -> 0.42477876 | E45: =IF(L45<>"",S45/L45,"") -> 0.47115385 | F45: =IF(M45<>"",T45/M45,"") -> 0.42723005 | G45: =IF(N45<>"",U45/N45,"") -> 0.5 | H45: =IF(O45<>"",V45/O45,"") -> 0.58041958 | I45: =IF(P45<>"",W45/P45,"") -> 0.71111111 | J45: 235 | K45: 226 | L45: 208 | M45: 213 | N45: 194 | O45: 143 | P45: 90 | Q45: 90 | R45: 96 | S45: 98 | T45: 91 | U45: 97 | V45: 83 | W45: 64
A46: Musicologia, Educació Musical i Interpretació de la Música Antiga | B46: 4312637 | C46: =IF(J46<>"",Q46/J46,"") -> 0.74468085 | D46: =IF(K46<>"",R46/K46,"") -> 0.76190476 | E46: =IF(L46<>"",S46/L46,"") -> 0.81132075 | F46: =IF(M46<>"",T46/M46,"") -> 0.75925926 | G46: =IF(N46<>"",U46/N46,"") -> 0.67605634 | H46: =IF(O46<>"",V46/O46,"") -> 0.71212121 | I46: =IF(P46<>"",W46/P46,"") -> 0.85454545 | J46: 47 | K46: 42 | L46: 53 | M46: 54 | N46: 71 | O46: 66 | P46: 55 | Q46: 35 | R46: 32 | S46: 43 | T46: 41 | U46: 48 | V46: 47 | W46: 47
A47: Prehistòria, Antiguitat i Edat Mitjana (última edició 2020-21) | C47: =IF(J47<>"",Q47/J47,"") -> 0.85 | D47: =IF(K47<>"",R47/K47,"") -> 0.95454545 | E47: =IF(L47<>"",S47/L47,"") | F47: =IF(M47<>"",T47/M47,"") | G47: =IF(N47<>"",U47/N47,"") | H47: =IF(O47<>"",V47/O47,"") | I47: =IF(P47<>"",W47/P47,"") | J47: 20 | K47: 22 | Q47: 17 | R47: 21
A48: Total MU (tots els màsters) | C48: =IF(J48<>"",Q48/J48,"") -> 0.61678832 | D48: =IF(K48<>"",R48/K48,"") -> 0.66712142 | E48: =IF(L48<>"",S48/L48,"") -> 0.66666667 | F48: =IF(M48<>"",T48/M48,"") -> 0.66080402 | G48: =IF(N48<>"",U48/N48,"") -> 0.62644281 | H48: =IF(O48<>"",V48/O48,"") -> 0.70673712 | I48: =IF(P48<>"",W48/P48,"") -> 0.74113009 | J48: 822 | K48: 733 | L48: 873 | M48: 796 | N48: 953 | O48: 757 | P48: 761 | Q48: 507 | R48: 489 | S48: 582 | T48: 526 | U48: 597 | V48: 535 | W48: 564
A49: Global sense tenir en compte MU Llengua Espanyola (on hi ha moltes sol·licituds per poques places) | F49: =IF(M49<>"",T49/M49,"") -> 0.74614065 | G49: =IF(N49<>"",U49/N49,"") -> 0.65876153 | H49: =IF(O49<>"",V49/O49,"") -> 0.73615635 | I49: =IF(P49<>"",W49/P49,"") -> 0.74515648 | M49: 583 | N49: 759 | O49: 614 | P49: 671 | Q49: 417 | R49: 393 | S49: 484 | T49: 435 | U49: 500 | V49: 452 | W49: 500
A51: Les dades des del curs 2021-22 han estat actualitzades amb la versió 15/2/26 de la informació Dossier de Seguiment de Màsters (DataDash)
A52: Autor darrera actualització: Gestió Qualitat FFiL, data 23-2-2026
A54: 12, Observacions
A55: No es te en compte el màster de llengua espanyola L’indicador PC01_Ind02e mostra una demanda de màsters consolidada i sostinguda, amb percentatges d’admesos sobre sol·licituds sempre superiors al 65% i sovint propers o superiors al 74%. La Facultat es manté plenament alineada amb els patrons de la UAB i del sistema universitari català, i en rangs equivalents als estàndards europeus en Humanitats. La fita fixada (≥65%) és adequada i realista, i la semaforització recomanada és: Verd ≥65%, Ambre 50–64%, Vermell <50%. Els quatre cursos analitzats se situen en Verd, evidenciant alta estabilitat i bona capacitat d’atracció.

Sheet PC01_Ind03b
B2: Facultat de Filosofia i Lletres | E2: Fitxa de seguiment de l'indicador
B4: 1. Codi del l'indicador | D4: PC01_Ind03b | F4: 2. Nom de l'indicador | H4: Percentatge d’estudiants matriculats en primera preferència
B5: 3. Fita | D5: Mantenir per sobre del 85 % la matrícula en primera opció de les titulacions de grau | F5: 4. Classificació | H5: Indicador d'avaluació de procediments
B6: 5. Càlcul de l'indicador | D6: Entrades 1a opció / Total entrades | F6: 6. Freqüència de la medició | H6: Anual
B7: 7. Responsable del procés | D7: Vicedegà/ana de Qualitat i Pla Estratègic i coordinador del SGIQ | F7: 8. Responsable de la gestió | H7: Gestor/a de Qualitat
B8: 9. Processos als que afecta | D8: PC01. Definició de perfils d'ingrés. graduació i accés als estudis | F8: 10. Font obtenció de dades | H8: Datadash
B10: 11. Resultats
B11: SEGUIMENT FITA: Mantenir valor mínim 85% | F11: Grau de compliment: Fita assolida (86%)
C13: TAULA RESUM i CÀLCUL DE L'INDICADOR | H13: Semaforització
C14: 2022/2023 | D14: 2023/2024 | E14: 2024/2025 | F14: 2025/2026 | H14: Fita assolida
B15: Mitjana graus matriculats en primera preferència | C15: 0.913 | D15: 0.893 | E15: 0.8855 | F15: 0.86 | H15: Evolució positiva
B16: Nombre de graus per sota del llindar 85% | C16: 3 | D16: 4 | E16: 5 | F16: 8 | H16: Cal seguiment
H17: Incompliment
C18: Dades detallades per titulació de grau
B19: 2023-24 | H19: 2024-25 | N19: 2025/26
B20: TITULACIÓ | C20: Places ofertades | D20: Nota de tall 2023-24 | E20: Nota mitjana 2023-24 | F20: Primera preferència | H20: TITULACIÓ | I20: Places ofertades | J20: Nota de tall 2023-24 | K20: Nota mitjana 2023-24 | L20: Primera preferència | N20: TITULACIÓ | O20: Places ofertades | P20: Nota de tall 2023-24 | Q20: Nota mitjana 2023-24 | R20: Primera preferència
B21: Grau en Antropologia social i cultural | C21: 80 | D21: 5 | E21: 7.58 | F21: 0.701 | H21: Grau en Antropologia social i cultural | I21: 70 | J21: 5 | K21: 7.13 | L21: 0.67 | N21: Grau en Antropologia social i cultural | O21: 70 | P21: 5 | Q21: 7.26 | R21: 0.66
B22: Grau en Arqueologia | C22: 60 | D22: 5 | E22: 7.36 | F22: 0.917 | H22: Grau en Arqueologia | I22: 60 | J22: 5 | K22: 7.98 | L22: 0.98 | N22: Grau en Arqueologia | O22: 60 | P22: 5 | Q22: 8.02 | R22: 0.89
B23: Grau en Ciència, Tecnologia i Humanitats | C23: 15 | D23: 6.15 | E23: 9.36 | F23: 0.935 | H23: Grau en Ciència, Tecnologia i Humanitats | I23: 15 | J23: 7.12 | K23: 8.62 | L23: 0.84 | N23: Grau en Ciència, Tecnologia i Humanitats | O23: 15 | P23: 7.26 | Q23: 8.63 | R23: 0.78
B24: Grau en Ciències de l'Antiguitat | C24: 60 | D24: 5 | E24: 9.5 | F24: 0.935 | H24: Grau en Ciències de l'Antiguitat | I24: 60 | J24: 5 | K24: 9.06 | L24: 0.97 | N24: Grau en Ciències de l'Antiguitat | O24: 60 | P24: 5 | Q24: 9.39 | R24: 0.98
B25: Grau en Estudis Anglesos | C25: 80 | D25: 7 | E25: 9.14 | F25: 0.962 | H25: Grau en Estudis Anglesos | I25: 80 | J25: 6.09 | K25: 8.28 | L25: 0.93 | N25: Grau en Estudis Anglesos | O25: 80 | P25: 5.59 | Q25: 7.40 | R25: 0.86
B26: Grau en Estudis d'Anglès i Català | C26: 30 | D26: 5 | E26: 7.51 | F26: 0.862 | H26: Grau en Estudis d'Anglès i Català | I26: 30 | J26: 5 | K26: 8.59 | L26: 0.93 | N26: Grau en Estudis d'Anglès i Català | O26: 30 | P26: 5 | Q26: 8.16 | R26: 0.76
B27: Grau en Estudis d'Anglès i de Clàssiques | C27: 30 | D27: 5 | E27: 9.49 | F27: 0.762 | H27: Grau en Estudis d'Anglès i de Clàssiques | I27: 30 | J27: 5 | K27: 10.68 | L27: 0.92 | N27: Grau en Estudis d'Anglès i de Clàssiques | O27: 30 | P27: 5 | Q27: 8.60 | R27: 0.9
B28: Grau en Estudis d'Anglès i Espanyol | C28: 30 | D28: 5.6 | E28: 9.57 | F28: 0.897 | H28: Grau en Estudis d'Anglès i Espanyol | I28: 30 | J28: 5.88 | K28: 9.41 | L28: 0.91 | N28: Grau en Estudis d'Anglès i Espanyol | O28: 30 | P28: 5 | Q28: 8.30 | R28: 0.91
B29: Grau en Estudis d'Anglès i Francès | C29: 30 | D29: 5 | E29: 8.07 | F29: 0.828 | H29: Grau en Estudis d'Anglès i Francès | I29: 30 | J29: 5 | K29: 7.36 | L29: 0.79 | N29: Grau en Estudis d'Anglès i Francès | O29: 30 | P29: 5 | Q29: 7.75 | R29: 1
B30: Grau en Estudis de Català i Espanyol | C30: 30 | D30: 5 | E30: 8.84 | F30: 1 | H30: Grau en Estudis de Català i Espanyol | I30: 30 | J30: 5 | K30: 9.91 | L30: 0.85 | N30: Grau en Estudis de Català i Espanyol | O30: 30 | P30: 5 | Q30: 8.84 | R30: 0.84
B31: Grau en Estudis Socioculturals de Gènere | C31: 60 | D31: 7.13 | E31: 9.23 | F31: 0.945 | H31: Grau en Estudis Socioculturals de Gènere | I31: 60 | J31: 5 | K31: 7.86 | L31: 0.85 | N31: Grau en Estudis Socioculturals de Gènere | O31: 60 | P31: 5 | Q31: 7.76 | R31: 0.8
B32: Grau en Filologia Catalana: Estudis de Literatura i Lingüística | C32: 40 | D32: 5 | E32: 10.02 | F32: 0.923 | H32: Grau en Filologia Catalana: Estudis de Literatura i Lingüística | I32: 40 | J32: 5 | K32: 9.27 | L32: 0.96 | N32: Grau en Filologia Catalana: Estudis de Literatura i Lingüística | O32: 40 | P32: 5 | Q32: 8.62 | R32: 0.92
... B40: Grau en Musicologia | C40: 60 | D40: 5.35 | E40: 8.08 | F40: 0.964 | H40: Grau en Musicologia | I40: 60 | J40: 7.66 | K40: 8.82 | L40: 0.95 | N40: Grau en Musicologia | O40: 60 | P40: 5 | Q40: 8.2 | R40: 0.93
E41: Total estudiants FFiL | F41: 0.89186508 | K41: Total estudiants FFiL | L41: 0.88486141 | Q41: Total estudiants FFiL | R41: 0.85668103
E42: Mitjana valor titulacions | F42: =AVERAGE(F21:F40) -> 0.89275 | K42: Mitjana valor titulacions | L42: =AVERAGE(L21:L40) -> 0.8855 | Q42: Mitjana valor titulacions | R42: =AVERAGE(R21:R40) -> 0.86
E43: Titulacions <85% | F43: =COUNTIF(F21:F40,"<0,85") -> 4 | K43: Titulacions <85% | L43: =COUNTIF(L21:L40,"<0,85") -> 5 | Q43: Titulacions <85% | R43: =COUNTIF(R21:R40,"<0,85") -> 8
E44: Total estudiants UAB | F44: 0.85555221 | L44: 0.83059211 | Q44: Total estudiants UAB | R44: 0.82078745
K45: Total estudiants UAB
A46: Les dades des del curs 2021-22 han estat actualitzades amb la versió 15/2/26 de la informació Dossier de Seguiment de Graus (DataDash)
A47: Autor darrera actualització: Gestió Qualitat FFiL, data 23-2-2026
B49: 12, Observacions
B50: L’indicador PC01_Ind03b mostra una capacitat qualitativa de captació positiva: la Facultat manté un percentatge d’estudiants matriculats en primera preferència entre el 86% i el 91%, per sobre de la fita del 85% i sistemàticament per sobre de la mitjana UAB. Aquest comportament és superior al patró del sistema universitari català i als estàndards internacionals en Humanitats. Tot i una lleu tendència descendent i un increment del nombre de graus amb menys del 85%, la mitjana global continua en verd. Es recomana mantenir la fita actual i aplicar la semaforització: Verd ≥85%, Ambre 80–85%, Vermell <80%.

Sheet PC01_Ind05
B2: Facultat de Filosofia i Lletres | E2: Fitxa de seguiment de l'indicador
B4: 1. Codi del l'indicador | D4: PC01_Ind05 | F4: 2. Nom de l'indicador | H4: Satisfacció sobre si la formació rebuda m’ha permès millorar les competències personals (Enquesta de satisfacció dels graduats i graduades)
B5: 3. Fita | D5: Valor referència: >3.75. Evolució positiva >3.55. Seguiment: >3.4. Negatiu: <3.4 | F5: 4. Classificació | H5: Indicador d'avaluació de procediments
B6: 5. Càlcul de l'indicador | D6: Valors mitjans de la Facultat | F6: 6. Freqüència de la medició | H6: Anual
B7: 7. Responsable del procés | D7: Vicedegà/ana de Qualitat i Pla Estratègic i coordinador del SGIQ | F7: 8. Responsable de la gestió | H7: Gestor/a de Qualitat
B8: 9. Processos als que afecta | D8: PC01. Definició de perfils d'ingrés. graduació i accés als estudis | F8: 10. Font obtenció de dades | H8: Persones graduades - Universitat Autònoma de Barcelona - UAB Barcelona
B10: 11. Resultats
B11: SEGUIMENT FITA: Valor referència >3,75 | G11: Grau de compliment: Fita assolida (3,8-3,9)
B13: TAULA RESUM
B14: Grau de satisfacció | C14: 2015-2016 | D14: 2016-2017 | E14: 2017-2018 | F14: 2018-19 | G14: 2019-20 | H14: 2020-21 | I14: 2021-22 | J14: 2022-23 | K14: 2023-24 | L14: 2024-2025
B15: Graus FFiL | C15: 3.77 | D15: 3.77 | E15: 3.88 | F15: 3.84 | G15: 3.7 | H15: 3.2 | I15: 3.91 | J15: 3.74 | K15: 3.93 | L15: *no hi ha dades
B16: Màsters FFiL | E16: 3.69 | F16: 3.7 | G16: 3.43 | H16: 4 | I16: 3.68 | J16: 3.53 | K16: 3.83 | L16: *no hi ha dades
B17: Graus UAB | C17: 3.79 | D17: 3.78 | E17: 3.79 | F17: 3.8 | G17: 3.66 | H17: 3.64 | I17: 3.84 | J17: 3.82 | K17: 3.89 | L17: *no hi ha dades
B18: Màsters UAB | C18: 3.57 | D18: 3.35 | E18: 3.7 | F18: 3.57 | G18: 3.72 | H18: 3.59 | I18: 3.8 | J18: 3.7 | K18: 3.89 | L18: *no hi ha dades
B20: Autor darrera actualització: Gestió Qualitat FFiL, data 23-2-2026
B23: 12, Observacions | H23: Semaforització
B24: L’indicador PC01_Ind05 mostra una evolució molt positiva en el període 2021–2024, situant la FFiL en valors elevats de satisfacció (3,91–3,93) i fins i tot superant la mitjana UAB. La sèrie és estable excepte l’impacte COVID (3,20), perfectament explicable. A escala SUC i internacional (Eurograduate, AQU, NSSE, HERI), els valors de 3,75–4,00 són el rang de Qualitat esperat per als estudis d’Humanitats i Ciències Socials. La FFiL es troba plenament alineada amb aquest estàndard i presenta tendència de millora. Es confirma que els programes formatius de la Facultat milloren de manera robusta les competències personals dels titulats, i que aquest és un punt fort del centre en el marc del SGIQ. La semaforització estableix: Verd ≥3,75; Ambre 3,40–3,74; Vermell <3,40.”
H25: Fita assolida
H26: Evolució positiva
H27: Cal seguiment
H28: Incompliment

Sheet PC01_Ind06
B2: Facultat de Filosofia i Lletres | E2: Fitxa de seguiment de l'indicador
B4: 1. Codi del l'indicador | D4: PC01_Ind06 | F4: 2. Nom de l'indicador | H4: Satisfacció sobre si la formació rebuda m’ha permès millorar les capacitats per a l’activitat professional (Enquesta de satisfacció dels graduats i graduades)
B5: 3. Fita | D5: Valor referència: >3.75. Seguiment: 3.4-3.75. Valor negatiu: <3.4 | F5: 4. Classificació | H5: Indicador d'avaluació de procediments
B6: 5. Càlcul de l'indicador | D6: Valors mitjans de la Facultat | F6: 6. Freqüència de la medició | H6: Anual
B7: 7. Responsable del procés | D7: Vicedegà/ana de Qualitat i Pla Estratègic i coordinador del SGIQ | F7: 8. Responsable de la gestió | H7: Gestor/a de Qualitat
B8: 9. Processos als que afecta | D8: PC01. Definició de perfils d'ingrés. graduació i accés als estudis | F8: 10. Font obtenció de dades | H8: Persones graduades - Universitat Autònoma de Barcelona - UAB Barcelona
B10: 11. Resultats
B11: SEGUIMENT FITA: Valor referència >3,75 | F11: Grau de compliment: Evolució positiva (màsters compleixen, graus a prop fita)
B13: Grau de satisfacció | C13: 2015-2016 | D13: 2016-2017 | E13: 2017-2018 | F13: 2018-19 | G13: 2019-20 | H13: 2020-21 | I13: 2021-22 | J13: 2022-23 | K13: 2023-24 | L13: 2024-2025
B14: Graus FFiL | C14: 3.67 | D14: 3.63 | E14: 3.77 | F14: 3.66 | G14: 3.5 | H14: 3.22 | I14: 3.71 | J14: 3.55 | K14: 3.67 | L14: *no hi ha dades
B15: Màsters FFiL | E15: 3.5 | F15: 3.74 | G15: 3.2 | H15: 3.9 | I15: 3.53 | J15: 3.53 | K15: 4.05 | L15: *no hi ha dades
B16: Graus UAB | C16: 3.78 | D16: 3.77 | E16: 3.77 | F16: 3.77 | G16: 3.61 | H16: 3.67 | I16: 3.81 | J16: 3.81 | K16: 3.81 | L16: *no hi ha dades
B17: Màsters UAB | C17: 3.61 | D17: 3.49 | E17: 3.68 | F17: 3.77 | G17: 3.61 | H17: 3.71 | I17: 3.8 | J17: 3.75 | K17: 3.96 | L17: *no hi ha dades
B19: Autor darrera actualització: Gestió Qualitat FFiL, data 23-2-2026
B21: 12, Observacions | H21: Semaforització
B22: L’indicador PC01_Ind06 mostra valors estables i positius pel que fa a la percepció de millora de les capacitats professionals. Els graus es mantenen en rangs adequats (3,5–3,7), mentre que els màsters presenten nivells elevats, amb un 4,05 el 2023–24. Els resultats són coherents amb els informes de satisfacció UAB i AQU Catalunya, que situen les Humanitats en valors habituals de 3,4–3,8 . Així mateix, els resultats s’alineen amb les tendències internacionals en competències professionals segons marcs OCDE i EHEA, on les valoracions acostumen a oscil·lar entre 3,3 i 4,0. La fita actual (>3,75) és adequada i la semaforització situa l’indicador en groc/verd de manera global, amb un únic descens atribuïble a l’impacte de la pandèmia.
H23: Fita assolida
H24: Evolució positiva
H25: Cal seguiment
H26: Incompliment

Sheet PC01_Ind07
B2: Facultat de Filosofia i Lletres | E2: Fitxa de seguiment de l'indicador
B4: 1. Codi del l'indicador | C4: PC01_Ind07 | E4: 2. Nom de l'indicador | G4: Distribució per gènere dels estudiants totals i de nou ingrés de graus i màsters (pes dones)
B5: 3. Fita | C5: Reduir les titulacions amb desequilibri de gènere (>75%) per sota del 30% del total | E5: 4. Classificació | G5: Indicador d'avaluació de procediments
B6: 5. Càlcul de l'indicador | C6: Nombre de graus amb >75% matriculats del mateix gènere | E6: 6. Freqüència de la medició | G6: Anual
B7: 7. Responsable del procés | C7: Vicedegà/ana de Qualitat i Pla Estratègic i coordinador del SGIQ | E7: 8. Responsable de la gestió | G7: Gestor/a de Qualitat
B8: 9. Processos als que afecta | C8: PC01. Definició de perfils d'ingrés. graduació i accés als estudis | E8: 10. Font obtenció de dades | G8: Datadash
B10: 11. Resultats
B11: SEGUIMENT FITA: Reduir les titulacions amb desequilibri de gènere (>75%) per sota del 30% | F11: Grau de compliment: Evolució positiva (31%)
B13: PES DONES: Taula resum i càlcul indicador
C14: 2020/2021 | D14: 2021/2022 | E14: 2022/2023 | F14: 2023/2024 | G14: 2024/2025 | H14: 2025/2026 | J14: Semaforització
B15: Matrícula total Graus >75% mateix gènere | C15: =C49 -> 9 de 19 | D15: =D49 -> 10 de 21 | E15: =E49 -> 10 de 21 | F15: =F49 -> 10 de 21 | G15: =G49 -> 10 de 21 | H15: =H49 -> 9 de 21
B16: % titulacions de grau amb desequilibri | C16: =((COUNTIF(C25:C45,">=,75")+COUNTIF(C25:C45,"<=,25"))/COUNT(C25:C45)) -> 0.47368421 | D16: =((COUNTIF(D25:D45,">=,75")+COUNTIF(D25:D45,"<=,25"))/COUNT(D25:D45)) -> 0.47619048 | E16: =((COUNTIF(E25:E45,">=,75")+COUNTIF(E25:E45,"<=,25"))/COUNT(E25:E45)) -> 0.47619048 | F16: =((COUNTIF(F25:F45,">=,75")+COUNTIF(F25:F45,"<=,25"))/COUNT(F25:F45)) -> 0.47619048 | G16: =((COUNTIF(G25:G45,">=,75")+COUNTIF(G25:G45,"<=,25"))/COUNT(G25:G45)) -> 0.47619048 | H16: =((COUNTIF(H25:H45,">=,75")+COUNTIF(H25:H45,"<=,25"))/COUNT(H25:H45)) -> 0.42857143 | J16: Incompliment
B17: Màsters >75% mateix gènere | C17: =K48 -> 10 de 16 | D17: =L48 -> 4 de 16 | E17: =M48 -> 7 de 16 | F17: =N48 -> 4 de 16 | G17: =O48 -> 6 de 15 | H17: =P48 -> 2 de 15 | J17: Cal seguiment
B18: % titulacions de màster amb desequilibri | C18: =((COUNTIF(K25:K44,">=,75")+COUNTIF(K25:K44,"<=,25"))/COUNT(K25:K44)) -> 0.625 | D18: =((COUNTIF(L25:L44,">=,75")+COUNTIF(L25:L44,"<=,25"))/COUNT(L25:L44)) -> 0.25 | E18: =((COUNTIF(M25:M44,">=,75")+COUNTIF(M25:M44,"<=,25"))/COUNT(M25:M44)) -> 0.4375 | F18: =((COUNTIF(N25:N44,">=,75")+COUNTIF(N25:N44,"<=,25"))/COUNT(N25:N44)) -> 0.25 | G18: =((COUNTIF(O25:O44,">=,75")+COUNTIF(O25:O44,"<=,25"))/COUNT(O25:O44)) -> 0.4 | H18: =((COUNTIF(P25:P44,">=,75")+COUNTIF(P25:P44,"<=,25"))/COUNT(P25:P44)) -> 0.13333333 | J18: Evolució positiva
B19: % GRAUS/MASTERS AMB DESEQUILIBRI | C19: =(((COUNTIF(C25:C45,">=,75")+COUNTIF(C25:C45,"<=,25"))+(COUNTIF(K25:K44,">=,75")+COUNTIF(K25:K44,"<=,25")))/(COUNT(C25:C45)+COUNT(K25:K44))) -> 0.54285714 | D19: =(((COUNTIF(D25:D45,">=,75")+COUNTIF(D25:D45,"<=,25"))+(COUNTIF(L25:L44,">=,75")+COUNTIF(L25:L44,"<=,25")))/(COUNT(D25:D45)+COUNT(L25:L44))) -> 0.37837838 | E19: =(((COUNTIF(E25:E45,">=,75")+COUNTIF(E25:E45,"<=,25"))+(COUNTIF(M25:M44,">=,75")+COUNTIF(M25:M44,"<=,25")))/(COUNT(E25:E45)+COUNT(M25:M44))) -> 0.45945946 | F19: =(((COUNTIF(F25:F45,">=,75")+COUNTIF(F25:F45,"<=,25"))+(COUNTIF(N25:N44,">=,75")+COUNTIF(N25:N44,"<=,25")))/(COUNT(F25:F45)+COUNT(N25:N44))) -> 0.37837838 | G19: =(((COUNTIF(G25:G45,">=,75")+COUNTIF(G25:G45,"<=,25"))+(COUNTIF(O25:O44,">=,75")+COUNTIF(O25:O44,"<=,25")))/(COUNT(G25:G45)+COUNT(O25:O44))) -> 0.44444444 | H19: =(((COUNTIF(H25:H45,">=,75")+COUNTIF(H25:H45,"<=,25"))+(COUNTIF(P25:P44,">=,75")+COUNTIF(P25:P44,"<=,25")))/(COUNT(H25:H45)+COUNT(P25:P44))) -> 0.30555556 | J19: Fita assolida
B20: Mitjana pes relatiu dones (nou ingrés graus) | C20: =C79 -> 0.68384211 | D20: =D79 -> 0.65533333 | E20: =E79 -> 0.65305 | F20: =F79 -> 0.65678 | G20: =G79 -> 0.65569798 | H20: =H79 -> 0.66015
B21: Mitjana pes relatiu dones (màsters) | C21: =K46 -> 0.609 | D21: =L46 -> 0.546 | E21: =M46 -> 0.652 | F21: =N46 -> 0.577 | G21: =O46 -> 0.6702 | H21: =P46 -> 0.61169989
B23: Dades detallades per titulació i comparació UAB | D23: PROPORCIÓ DE DONES EN LA MATRÍCULA TOTAL
B24: GRAU | C24: 2020/21 | D24: 2021/22 | E24: 2022/23 | F24: 2023/24 | G24: 2024/25 | H24: 2025/26 | J24: MÀSTER | K24: 2020/21 | L24: 2021/22 | M24: 2022/23 | N24: 2023/24 | O24: 2024/25 | P24: 2025/26
B25: Antropologia Social i Cultural | C25: 0.73400673 | D25: 0.74253731 | E25: 0.71485944 | F25: 0.67826087 | G25: 0.68472906 | H25: 0.65829146 | J25: Anàlisi i Gestió del Patrimoni | K25: 0.778 | L25: 0.826 | M25: 0.826 | N25: 0.8462 | O25: 0.867 | P25: 0.71875
B26: Arqueologia | C26: 0.50220264 | D26: 0.53097345 | E26: 0.51243781 | F26: 0.55121951 | G26: 0.56060606 | H26: 0.60843373 | J26: Antropologia Social i Cultural / Social and Cultural Anthropology | K26: 0.75 | L26: 0.667 | M26: 1 | N26: 0.6667 | O26: 1 | P26: 1
B27: Ciència, Tecnologia i Humanitats | D27: 0.57692308 | E27: 0.51724138 | F27: 0.5375 | G27: 0.53125 | H27: 0.53061224 | J27: Antropologia: Recerca Avançada i Intervenció Social | K27: 0.857 | L27: 0.579 | M27: 0.688 | N27: 0.7333 | O27: 0.875 | P27: 0.72727273
B28: Ciències de la Antiguitat | C28: 0.71974522 | D28: 0.6875 | E28: 0.69642857 | F28: 0.65680473 | G28: 0.68211921 | H28: 0.68553459 | J28: Arqueologia Prehistòrica | L28: 0.429 | M28: 0.824 | N28: 0.1818 | O28: 0.3
B29: Estudis Anglesos | C29: 0.83280757 | D29: 0.82491582 | E29: 0.83006536 | F29: 0.81939799 | G29: 0.83333333 | H29: 0.82312925 | J29: Egiptologia | L29: 0.517 | N29: 0.7 | P29: 0.58333333
B30: Estudis d'Anglès i Català | C30: 0.67567568 | D30: 0.79761905 | E30: 0.7721519 | F30: 0.82051282 | G30: 0.8 | H30: 0.71428571 | J30: Estudis Anglesos Avançats / Advanced English Studies | K30: 0.813 | L30: 0.75 | M30: 0.8 | N30: 0.8276 | O30: 0.88 | P30: 0.8125
B31: Estudis d'Anglès i de Clàssiques | C31: 0.83333333 | D31: 0.81818182 | E31: 0.81818182 | F31: 0.83050847 | G31: 0.85245902 | H31: 0.85964912 | J31: Estudis Avançats de Llengua i Literatura Catalanes | K31: 0.833 | L31: 0.5 | M31: 0.818 | N31: 0.7333 | O31: 0.867 | P31: 0.58823529
B32: Estudis d'Anglès i Espanyol | C32: 0.83458647 | D32: 0.85365854 | E32: 0.84745763 | F32: 0.84615385 | G32: 0.87394958 | H32: 0.88596491 | J32: Estudis Teatrals | K32: 0.684 | L32: 0.545 | M32: 0.571 | N32: 0.4167 | O32: 0.68 | P32: 0.44
B33: Estudis d'Anglès i Francès | C33: 0.85393258 | D33: 0.80487805 | E33: 0.83516484 | F33: 0.83333333 | G33: 0.81609195 | H33: 0.87012987 | J33: Estudis Territorials i de la Població | K33: 0.429
B34: Estudis de Català i Espanyol | C34: 0.74137931 | D34: 0.72058824 | E34: 0.68421053 | F34: 0.70833333 | G34: 0.66666667 | H34: 0.68115942 | J34: Estudis Territorials i Planejament | L34: 0.395 | M34: 0.28 | N34: 0.3438 | O34: 0.346 | P34: 0.3030303
B35: Estudis Francesos | C35: 0.875 | D35: 0.83870968 | E35: 0.84 | F35: 0.91666667 | G35: 0.90909091 | H35: 1 | J35: Filosofia Aplicada | K35: 0.444 | L35: 0.379 | M35: 0.545 | N35: 0.4
B36: Estudis Socioculturals de Gènere | C36: 0.9704142 | D36: 0.95939086 | E36: 0.96568627 | F36: 0.95108696 | G36: 0.92899408 | H36: 0.93125 | J36: Filosofiaes de la Cura | O36: 0.591 | P36: 0.51724138
B37: Filologia Catalana: Estudis de Literatura i Lingüística | C37: 0.7628866 | D37: 0.70247934 | E37: 0.73684211 | F37: 0.72 | G37: 0.71296296 | H37: 0.72 | J37: Francès Llengua Estrangera i Diversitat Lingüística | K37: 0.75 | M37: 0.833
B38: Filosofia | C38: 0.45454545 | D38: 0.43560606 | E38: 0.42125984 | F38: 0.41796875 | G38: 0.41803279 | H38: 0.43534483 | J38: Geoinformació | K38: 0.059 | L38: 0.115 | M38: 0.391 | N38: 0.2692 | O38: 0.4762 | P38: 0.4
B39: Geografia, Medi Ambient i Planificació Territorial | C39: 0.21428571 | D39: 0.24651163 | E39: 0.22065728 | F39: 0.20183486 | G39: 0.17924528 | H39: 0.16336634 | J39: Història Contemporània | K39: 0.25 | L39: 0.333 | M39: 0.318 | N39: 0.44 | O39: 0.2727 | P39: 0.5
B40: Història de l'Art | C40: 0.84444444 | D40: 0.82078853 | E40: 0.82986111 | F40: 0.80784314 | G40: 0.78636364 | H40: 0.81538462 | J40: Humanitats i Patrimoni Digitals | K40: 0.462 | L40: 0.684 | M40: 0.364 | N40: 0.7895 | O40: 0.625 | P40: 0.66666667
B41: Història, Política i Economia Contemporànies | D41: 0.54098361 | E41: 0.49541284 | F41: 0.46060606 | G41: 0.48623853 | H41: 0.47659574 | J41: Literatura Comparada: Estudis Literaris i Culturals | K41: 0.833 | L41: 0.727 | M41: 0.727 | N41: 0.625 | O41: 0.7333 | P41: 0.64705882
B42: Història | C42: 0.32228361 | D42: 0.29553903 | E42: 0.28680688 | F42: 0.28483607 | G42: 0.29677419 | H42: 0.32278481 | J42: Llengua Espanyola, Literatura Hispànica i Espanyol com a Llengua Estrangera | K42: 0.944 | L42: 0.796 | M42: 0.833 | N42: 0.7059 | O42: 0.821 | P42: 0.69565217
B43: Humanitats | C43: 0.69124424 | D43: 0.6937799 | E43: 0.71584699 | F43: 0.73988439 | G43: 0.70857143 | H43: 0.7251462 | J43: Musicologia, Educació Musical i Interpretació de la Música Antiga | K43: 0.476 | L43: 0.5 | M43: 0.607 | N43: 0.5526 | O43: 0.7188 | P43: 0.57575758
B44: Llengua i Literatura Espanyoles | C44: 0.74857143 | D44: 0.7761194 | E44: 0.76555024 | F44: 0.7815534 | G44: 0.78947368 | H44: 0.77142857 | J44: Prehistòria, Antiguitat i Edat Mitjana | K44: 0.375
B45: Musicologia | C45: 0.60619469 | D45: 0.60352423 | E45: 0.60180995 | F45: 0.60093897 | G45: 0.62200957 | H45: 0.63636364
J46: Mitjana aritmètica % màsters FFiL | K46: 0.609 | L46: 0.546 | M46: 0.652 | N46: 0.577 | O46: =SUM(O25:O44)/15 -> 0.6702 | P46: =AVERAGE(P25:P44) -> 0.61169989
B47: Mitjana aritmètica % graus FFiL | C47: =AVERAGE(C25:C45) -> 0.69566 | D47: =AVERAGE(D25:D45) -> 0.67958132 | E47: =AVERAGE(E25:E45) -> 0.67180632 | F47: =AVERAGE(F25:F45) -> 0.67453544 | G47: =AVERAGE(G25:G45) -> 0.6732839 | H47: =AVERAGE(H25:H45) -> 0.68165976 | J47: Agregat nou ingrés màsters FFiL | K47: 0.621 | L47: 0.538 | M47: 0.618 | N47: 0.5868 | O47: 0.669 | P47: 0.584
B48: Agregat nou ingrés graus FFiL | C48: 0.63396331 | D48: 0.62915327 | E48: 0.62529896 | F48: 0.61442516 | G48: 0.6131184 | H48: 0.61520737 | J48: MU >75% mateix sexe | K48: =CONCATENATE((COUNTIF(K25:K44,">=,75")+COUNTIF(K25:K44,"<=,25"))," de ",COUNT(K25:K44)) -> 10 de 16 | L48: =CONCATENATE((COUNTIF(L25:L44,">=,75")+COUNTIF(L25:L44,"<=,25"))," de ",COUNT(L25:L44)) -> 4 de 16 | M48: =CONCATENATE((COUNTIF(M25:M44,">=,75")+COUNTIF(M25:M44,"<=,25"))," de ",COUNT(M25:M44)) -> 7 de 16 | N48: =CONCATENATE((COUNTIF(N25:N44,">=,75")+COUNTIF(N25:N44,"<=,25"))," de ",COUNT(N25:N44)) -> 4 de 16 | O48: =CONCATENATE((COUNTIF(O25:O44,">=,75")+COUNTIF(O25:O44,"<=,25"))," de ",COUNT(O25:O44)) -> 6 de 15 | P48: =CONCATENATE((COUNTIF(P25:P44,">=,75")+COUNTIF(P25:P44,"<=,25"))," de ",COUNT(P25:P44)) -> 2 de 15
B49: Graus >75% mateix sexe | C49: =CONCATENATE((COUNTIF(C25:C45,">=,75")+COUNTIF(C25:C45,"<=,25"))," de ",COUNT(C25:C45)) -> 9 de 19 | D49: =CONCATENATE((COUNTIF(D25:D45,">=,75")+COUNTIF(D25:D45,"<=,25"))," de ",COUNT(D25:D45)) -> 10 de 21 | E49: =CONCATENATE((COUNTIF(E25:E45,">=,75")+COUNTIF(E25:E45,"<=,25"))," de ",COUNT(E25:E45)) -> 10 de 21 | F49: =CONCATENATE((COUNTIF(F25:F45,">=,75")+COUNTIF(F25:F45,"<=,25"))," de ",COUNT(F25:F45)) -> 10 de 21 | G49: =CONCATENATE((COUNTIF(G25:G45,">=,75")+COUNTIF(G25:G45,"<=,25"))," de ",COUNT(G25:G45)) -> 10 de 21 | H49: =CONCATENATE((COUNTIF(H25:H45,">=,75")+COUNTIF(H25:H45,"<=,25"))," de ",COUNT(H25:H45)) -> 9 de 21 | J49: Agregat nou ingrés màsters UAB | K49: 0.62 | L49: 0.605 | M49: 0.618 | N49: 0.6267 | O49: 0.639 | P49: 0.613
B50: Agregat nou ingrés graus UAB | C50: 0.60741669 | D50: 0.61229367 | E50: 0.61182764 | F50: 0.61215328 | G50: 0.61249365 | H50: 0.61313869
B52: Dades Dosser Seguiment Graus (DataDash)
B53: Darrera actualització Gestió Qualitat FFiL, 16/3/2026
B55: Dades detallades per titulació i comparació UAB | D55: PROPORCIÓ DE DONES EN EL NOU INGRÉS
B56: GRAU | C56: 2020/21 | D56: 2021/22 | E56: 2022/23 | F56: 2023/24 | G56: 2024/25 | H56: 2025/26
B57: Antropologia Social i Cultural | C57: 0.667 | D57: 0.763 | E57: 0.653 | F57: 0.6176 | G57: 0.6875 | H57: 0.657
B58: Arqueologia | C58: 0.525 | D58: 0.532 | E58: 0.48 | F58: 0.549 | G58: 0.59090909 | H58: 0.667
B59: Ciència, Tecnologia i Humanitats | D59: 0.577 | E59: 0.457 | F59: 0.5161 | G59: 0.40740741 | H59: 0.538
B60: Ciències de la Antiguitat | C60: 0.712 | D60: 0.575 | E60: 0.719 | F60: 0.5918 | G60: 0.75609756 | H60: 0.66
B61: Estudis Anglesos | C61: 0.849 | D61: 0.738 | E61: 0.85 | F61: 0.8148 | G61: 0.80821918 | H61: 0.747
B62: Estudis d'Anglès i Català | C62: 0.677 | D62: 0.967 | E62: 0.69 | F62: 0.8276 | G62: 0.74193548 | H62: 0.65
B63: Estudis d'Anglès i de Clàssiques | C63: 0.833 | D63: 0.783 | E63: 0.897 | F63: 0.8095 | G63: 0.80769231 | H63: 0.833
B64: Estudis d'Anglès i Espanyol | C64: 0.857 | D64: 0.879 | E64: 0.865 | F64: 0.7667 | G64: 0.88888889 | H64: 0.941
B65: Estudis d'Anglès i Francès | C65: 0.769 | D65: 0.8 | E65: 0.897 | F65: 0.8667 | G65: 0.8 | H65: 0.789
B66: Estudis de Català i Espanyol | C66: 0.696 | D66: 0.636 | E66: 0.556 | F66: 0.7647 | G66: 0.75 | H66: 0.72
B67: Estudis Francesos | C67: 0.875 | D67: 0.769
B68: Estudis Socioculturals de Gènere | C68: 0.97 | D68: 0.906 | E68: 0.949 | F68: 0.9298 | G68: 0.87755102 | H68: 0.936
B69: Filologia Catalana: Estudis de Literatura i Lingüística | C69: 0.643 | D69: 0.59 | E69: 0.833 | F69: 0.7308 | G69: 0.62962963 | H69: 0.667
B70: Filosofia | C70: 0.413 | D70: 0.382 | E70: 0.457 | F70: 0.5211 | G70: 0.39393939 | H70: 0.444
B71: Geografia, Medi Ambient i Planificació Territorial | C71: 0.164 | D71: 0.288 | E71: 0.19 | F71: 0.1613 | G71: 0.12068966 | H71: 0.161
B72: Història de l'Art | C72: 0.798 | D72: 0.744 | E72: 0.829 | F72: 0.7736 | G72: 0.762 | H72: 0.769
B73: Història, Política i Economia Contemporànies | D73: 0.541 | E73: 0.467 | F73: 0.3788 | G73: 0.541 | H73: 0.5
B74: Història | C74: 0.359 | D74: 0.271 | E74: 0.331 | F74: 0.2835 | G74: 0.314 | H74: 0.354
B75: Humanitats | C75: 0.657 | D75: 0.673 | E75: 0.695 | F75: 0.7736 | G75: 0.7119 | H75: 0.736
B76: Llengua i Literatura Espanyoles | C76: 0.867 | D76: 0.772 | E76: 0.721 | F76: 0.8095 | G76: 0.8421 | H76: 0.729
B77: Musicologia | C77: 0.662 | D77: 0.576 | E77: 0.525 | F77: 0.6491 | G77: 0.6825 | H77: 0.705
B79: Mitjana aritmètica % graus FFiL | C79: =AVERAGE(C57:C77) -> 0.68384211 | D79: =AVERAGE(D57:D77) -> 0.65533333 | E79: =AVERAGE(E57:E77) -> 0.65305 | F79: =AVERAGE(F57:F77) -> 0.65678 | G79: =AVERAGE(G57:G77) -> 0.65569798 | H79: =AVERAGE(H57:H77) -> 0.66015
B80: Agregat nou ingrés graus FFiL | C80: 0.64 | D80: 0.61 | E80: 0.624 | F80: 0.6084 | G80: 0.61601643 | H80: 0.61704312
B81: Graus >75% mateix sexe | C81: 9 / 19 | D81: 8 / 21 | E81: 8 / 20 | F81: 11 / 20 | G81: 10 de 20 | H81: 6 de 20
B82: Agregat nou ingrés graus UAB | C82: 0.61 | D82: 0.6158589 | E82: 0.60888951 | F82: 0.61129992 | G82: 0.61364276 | H82: 0.61075725
B84: Les dades des del curs 2020-21 han estat actualitzades amb la versió 15/2/26 de la informació Dossier de Seguiment de Graus i Dossier de Seguiment de Màsters (DataDash)
B85: Autor darrera actualització: Gestió Qualitat FFiL, data 23-2-2026
B87: 12, Observacions
B88: L’indicador PC01_Ind07 mostra un patró de feminització molt alt en els graus de la Facultat (67–69% de dones i 43–48% de titulacions >75% d’un sexe), plenament coherent amb el comportament del SUC i d’Europa en els estudis d’Humanitats. Els màsters presenten una millora notable i arriben al 13% de titulacions desequilibrades el 2025/26. La fita (<30%) només és assolible en màsters. Es proposa una semaforització basada en % de titulacions >75%: Verd <30%, Ambre 30–50%, Vermell >50%.

Sheet PC01_Ind08
B2: Facultat de Filosofia i Lletres | E2: Fitxa de seguiment de l'indicador
B4: 1. Codi del l'indicador | D4: PC01_Ind08 | F4: 2. Nom de l'indicador | H4: Taxa de graduació per gènere dels graus
B5: 3. Fita | D5: Reduir la diferència de la taxa de graduació entre dones i homes per sota de 5 punts percentuals | F5: 4. Classificació | H5: Indicador de seguiment de resultats
B6: 5. Càlcul de l'indicador | D6: S'indica el nombre d'estudiants de la cohort corresponent que es graduen en N o N+1 anys després de la finalització dels estudis. Calculada com Taxa Verifica per a estudiants temps complert. | F6: 6. Freqüència de la medició | H6: Anual
B7: 7. Responsable del procés | D7: Vicedegà/ana de Qualitat i Pla Estratègic i coordinador del SGIQ | F7: 8. Responsable de la gestió | H7: Gestor/a de Qualitat
B8: 9. Processos als que afecta | D8: PC01. Definició de perfils d'ingrés. graduació i accés als estudis | F8: 10. Font obtenció de dades | H8: Datadash
B10: 11. Resultats
B11: SEGUIMENT FITA: Reduir diferències >5 punts | E11: Grau de compliment: Cal seguiment (diversos graus amb molta disparitat; evolució temporal no clara)
C13: Taula resum - Càlcul de l'indicador
B14: Cohor entrada | C14: 2016/2017 | D14: 2017/2018 | E14: 2018/2019 | F14: 2019/2020 | G14: 2020/2021 | I14: Semaforització
B15: Curs finalització N+1 | C15: 2020/2021 | D15: 2021/2022 | E15: 2022/2023 | F15: 2023/2024 | G15: 2024/2025 | I15: Incompliment
B16: % Graduació Dones (mitjana graus) | C16: =C49 -> 0.48245614 | D16: =E49 -> 0.54176072 | E16: =G49 -> 0.47731397 | F16: =I49 -> 0.55908289 | G16: =K49 -> 0.53797468 | I16: Cal seguiment
B17: % Graduació Homes (mitjana graus) | C17: =D49 -> 0.47407407 | D17: =F49 -> 0.49090909 | E17: =H49 -> 0.44036697 | F17: =J49 -> 0.48795181 | G17: =L49 -> 0.48414986 | I17: Evolució positiva
B18: Diferència % graduació dones-homes | C18: =C16-C17 -> 0.0083820663 | D18: =D16-D17 -> 0.050851631 | E18: =E16-E17 -> 0.036947002 | F18: =F16-F17 -> 0.071131085 | G18: =G16-G17 -> 0.053824828 | I18: Fita assolida
B19: *Valors agregats de la suma d'estudiants de grau de la Facultat. Veure notes metodològiques al final
C21: Dades detallades per titulació i comparació UAB
B22: Graus | C22: 2020-2021 | E22: 2021-2022 | G22: 2022-2023 | I22: 2023-24 | K22: 2024-25
C24: Cohort 2016/17 | E24: Cohort 2017/18 | G24: Cohort 2018/19 | I24: Cohorts 2019/20 | K24: Cohort 20/21
C25: Dona | D25: Home | E25: Dona | F25: Home | G25: Dona | H25: Home | I25: Dona | J25: Home | K25: Dona | L25: Home
B26: Antropologia Social i Cultural | C26: 0.605 | D26: 0.647 | E26: 0.611 | F26: 0.333 | G26: 0.755 | H26: 0.667 | I26: 0.55 | J26: 0.54 | K26: 0.35 | L26: 0.33
B27: Arqueologia | C27: 0.696 | D27: 0.607 | E27: 0.667 | F27: 0.552 | G27: 0.545 | H27: 0.522 | I27: 0.52 | J27: 0.43 | K27: 0.56 | L27: 0.31
B28: Ciències de l'Antiguitat | G28: 0.355 | H28: 0.333 | I28: 0.6 | J28: 0.69 | K28: 0.64 | L28: 0.25
B29: Estudis Anglesos | C29: 0.528 | D29: 0.529 | E29: 0.561 | F29: 0.467 | G29: 0.667 | H29: 0.429 | I29: 0.58 | J29: 0.42 | K29: 0.49 | L29: 0.3
B30: Estudis Clàssics | C30: 0.4 | D30: 0.5 | E30: 0.533 | F30: 0.667
B31: Estudis d'Anglès i Català | C31: 0.304 | D31: 0 | E31: 0.286 | F31: 0.4 | G31: 0.353 | H31: 0.143 | I31: 0.47 | J31: 0.25 | K31: 0.26 | L31: 0.13
B32: Estudis d'Anglès i de Clàssiques | C32: 0.2 | D32: 0.25 | E32: 0.222 | F32: 0.333 | G32: 0.563 | I32: 0.16 | J32: 0.25 | K32: 0.11 | L32: 0.5
B33: Estudis d'Anglès i Espanyol | C33: 0.655 | D33: 0.333 | E33: 0.724 | F33: 0.667 | G33: 0.667 | H33: 0.429 | I33: 0.63 | J33: 0.43 | K33: 0.67 | L33: 0.8
B34: Estudis d'Anglès i Francès | C34: 0.478 | D34: 0.333 | E34: 0.304 | F34: ----- | G34: 0.333 | H34: ----- | I34: 0.44 | J34: 0.38 | K34: 0.4 | L34: 0.5
B35: Estudis de Català i Espanyol | C35: 0.143 | D35: ----- | E35: 0.222 | F35: 1 | G35: 0.5 | H35: ----- | I35: 0.73 | J35: 0.6 | K35: 0.57 | L35: 0.5
B36: Estudis Francesos | C36: 0.462 | D36: ----- | E36: 0.5 | F36: ----- | G36: 0.3 | H36: ----- | I36: 0 | J36: 0.5 | K36: 0.33 | L36: 0
